Workbook
Name _Toc163583872: '1'!$A$30

Sheet 1
B1: ANÁLISIS JURÍDICO | E1: Código: F-GCC-030 Versión: 0 Fecha: 24/Oct/2014
A7: MC-CM | D7: 001-2024
A8: INFORME DE VERIFICACIÓN DE REQUISITOS HABILITANTES JURÍDICOS | E8: PRELIMINAR
A9: OBJETO | B9: REALIZAR LA FASE DE DIAGNÓSTICO DEL PLAN ESPECIAL DE MANEJO Y PROTECCIÓN DEL PRIMER CONJUNTO PRIORIZADO DE LOCOMOTORAS A VAPOR DECLARADAS BIEN DE INTERÉS CULTURAL DE ÁMBITO NACIONAL, UBICADAS EN OCHO MUNICIPIOS DE COLOMBIA
A10: MODALIDAD DE SELECCIÓN | B10: CONCURSO DE MERITOS ABIERTO
A11: PRESUPUESTO OFICIAL: | E11: 304678080 | G11: =ROUNDDOWN(E11*10%,0) -> 30467808
A12: FECHA DE CIERRE | E12: 8 DE JULIO DE 2024 09:00 a.m.,
A13: NOMBRE DEL PROPONENTE | B13: LPC LOGISTICA PARA COLOMBIA SAS
A14: NIT | B14: 900.205.880-0 | I14: 1
A15: USUARIO SECOP II | B15: LPC LOGISTICA
A16: FECHA Y HORA DE ENTREGA | B16: 45419.412
A17: REQUISITOS JURÍDICOS - CONTENIDO SOBRE 1 | B17: CUMPLE/NO CUMPLE | C17: ARCHIVO/FOLIOS | D17: OBSERVACIÓN | I17: 0
A18: 3.1.1 Carta de Presentación de la propuesta (FORMATO N°. 1) | B18: CUMPLE | D18: Presenta el Anexo 1 debiadmente firmado por la señora LADY ANDREA PARRA CLAVIJO con CC No. 52.729.785, en calidad representante legal del proponente | F18: =IF(#REF!=#REF!,I14,I17) -> #REF!
A19: 3.1.2 Cédula de ciudadanía del Proponente o Representante legal | B19: CUMPLE | D19: Presenta documento de la señora LADY ANDREA PARRA CLAVIJO con CC No. 52.729.785, en calidad representante legal del proponente | F19: =IF($B$19=G23,I14,I17) -> 0 | G19: PRESENTA | I19: =DAYS360(#REF!,E12)-2 -> #REF!
A20: 3.1.3 Documento de Constitución del Consorcio o Unión Temporal | B20: NO APLICA | F20: =IF(#REF!=#REF!,I14,I17) -> #REF! | G20: NO PRESENTA
A21: 3.1.4 Certificados de Existencia y Representación Legal o inscripción en el registro mercantil (Expedido con un máximo de 30 días calendario anteriores al cierre del proceso) | B21: CUMPLE | D21: Fecha Expedición: 2 de mayo de 2024 Hora: 19:18:43 Fecha de renovación: 20 de marzo de 2024 Vigencia: La persona jurídica no se encuentra disuelta y su duración es indefinida. | F21: =IF($B$21=#REF!,I14,I17) -> #REF! | G21: NO | M21: CONSULTA WEB
A22: 3.1.5 Objeto Social | B22: CUMPLE | D22: OBJETO SOCIAL: "(…) Brindar un sistema integral de logística basado en un conjunto de métodos relativos a la organización de eventos...en general, realizar todo tipo de actos o negocios jurídicos (…)" | F22: =IF($B$22=#REF!,I14,I17) -> #REF! | G22: NO APLICA | M22: PRESENTA
A23: 3.1.6 Autorización de la Junta Directiva u Órgano Social Competente | B23: CUMPLE | D23: "El representante legal puede celebrar o ejecutar todos los actos o contratos comprendidos en el objeto social o que se relacionen directamente con la existencia y funcionamiento de la sociedad." | F23: =IF($B$23=G20,I14,I17) -> 0 | G23: NO REQUIERE
A24: 3.1.7 Registro Único de Proponentes (Expedido con un máximo de 30 días calendario anteriores al cierre del proceso) | B24: CUMPLE | D24: Fecha de expedición: 2 DE MAYO DE 2024 HORA 19:18:43 Fecha de renovación: 2024/04/02 | F24: =IF(#REF!=#REF!,I14,I17) -> #REF! | G24: HABILITADO
A25: 3.1.8 Garantía de Seriedad de la Propuesta | B25: CUMPLE | C25: "11-44-101218396.pdf" Folio 1 | D25: Aseguradora: SEGUROS DEL ESTADO S.A. # de Póliza: 11-44-101218396 de fecha: 5/02/2024 Certificado / Anexo: 0 Valor Asegurado: $319.555.032 Vigencia: Hasta el 6/5/2024 Se anexa consulta de verificación https://consultapoliza.segurosdelestado.com/ConsultaPoliza/ | F25: =IF(#REF!=#REF!,I14,I17) -> #REF! | G25: NO HABILITADO
A26: 3.1.8 Certificación de pagos de seguridad social y aportes parafiscales persona jurídica o persona natural (FORMATO N° 3). | B26: CUMPLE | D26: Presenta Formato debiadmente firmado por la señora LADY ANDREA PARRA CLAVIJO con CC No. 52.729.785, en calidad representante legal del proponente | F26: =IF($B$26=#REF!,I14,I17) -> #REF!
A27: 3.1.9 Declaración juramentada de pagos correspondientes a los sistemas de seguridad social y aportes parafiscales persona natural (FORMATO No. 3B, 3C y 3D). | B27: NO APLICA
A28: 3.1.10 Compromiso Anticorrupción y origen licito de los recursos (FORMATO No. 4) | B28: CUMPLE | D28: Presenta Formato debiadmente firmado por la señora LADY ANDREA PARRA CLAVIJO con CC No. 52.729.785, en calidad representante legal del proponente | F28: =IF($B$28=#REF!,I14,I17) -> #REF! | G28: FALSE
A29: 3.1.11 Certificaciones expedidas por los Entes de Control y medidas Correctivas. | B29: CUMPLE | D29: Se realizaron las consultas correspondientes para la persona jurídica y representante legal. (se anexan al informe)
A30: 3.1.12. Consulta registro de deudores alimentarios morosos – REDAM | B30: CUMPLE | D30: Adjunta REDAM, el(la) ciudadano(a) con número de identificación CC 52729785 NO SE ENCUENTRA INSCRITO EN EL REGISTRO DE DEUDORES ALIMENTARIOS MOROSOS
A31: 3.1.12 Registro De Deudores Alimentarios Morosos, Identificado Con La Sigla REDAM
A32: 3.1.13 FORMATO No. 5. CERTIFICADO NO INHABILIDADES E INCOPATIBILIDADES y FORMATO No. 6 CERTIFICADO DE NO ESTAR INCURSO EN LISTAS NACIONALES O INTERNACIONALES DE LAVADO DE ACTIVOS | B32: CUMPLE | D32: Presenta Formato debiadmente firmado por la señora LADY ANDREA PARRA CLAVIJO con CC No. 52.729.785, en calidad representante legal del proponente
A33: 3.1.8 Garantía de Seriedad de la Propuesta | B33: CUMPLE | D33: Aseguradora: SEGUROS DEL ESTADO S.A. # de Póliza: 21-44-101440517 de fecha: 06/05/2024 Certificado / Anexo: 0 Valor Asegurado: $44.000.000 Vigencia: Hasta del 07/05/2024 al 23/09/2024 Se anexa consulta de verificación https://consultapoliza.segurosdelestado.com/ConsultaPoliza/ | F33: =IF(B33=#REF!,I14,I17) -> #REF!
A34: INHABILIDADES | F34: =IF(#REF!=G26,#REF!,#REF!) -> #REF!
A35: No estar incursos en ninguna de las circunstancias de inhabilidad, incompatibilidad, conflicto de interés o prohibición para contratar previstas en la Constitución y en la ley (Artículo 4 del Acto Legislativo 01 de 2009, que modificó el artículo 122 de la Constitución Política de Colombia: Condena patromonio del estado) Artículos 8º y 9º de la Ley 80 de 1993 (incluye modificaciones Art. 18 de la Ley 1150 de 2007 y Artículos 1, 2, 4 , 5, 27, Parágrafo 2 articulo 84 , artículo 90 de la ley 1474 del 2011) | B35: CUMPLE | D35: El proponente y sus integrantes declaran en el Formato 1 no hallarse incursos en causal de inhabilidad, incompatibilidad o conflicto de interés y la entidad no tiene conocimiento de la existencia de situaciones que hagan incurrir al proponente o sus integrantes en alguna de ellas. No registra multas, sanciones, inhabilidades en el RUP. | F35: =IF(#REF!=G28,#REF!,#REF!) -> #REF!
A36: VERIFICACION CAUSALES DE RECHAZO JURIDICAS | F36: =IF(#REF!=G33,#REF!,#REF!) -> #REF!
A37: LA OFERTA NO ESTÁ INCURSA EN LAS CAUSALES DE RECHAZO (NUMERAL 6.4) | B37: CUMPLE | C37: CAUSAL DE RECHAZO | F37: =IF(#REF!=#REF!,#REF!,I19) -> #REF!
F39: =IF(#REF!=#REF!,I19,I20) -> #REF!
F40: =IF(#REF!=#REF!,I20,#REF!) -> #REF!
F41: =SUM(F18:F33) -> #REF!
A42: RESULTADO DE LA EVALUACIÓN | E42: =IFERROR(IF(MATCH("NO CUMPLE",B18:B41,0)>0,"NO HABILITADA"),"HABILITADA") -> HABILITADA | N42: =+B42 -> 0
A43: Elaboró:EXCINJAHUER LAVERDE TIJARO Abogado Grupo de Contratos y Convenios | B43: Reviso: Carmenza Duran Alfonso Abogada Grupo de Contratos y Convenios | E43: Aprobó: JENNY CAROLINA VELANDIA MARTÍNEZ Coordinadora del Grupo de Contratos y Convenios

Sheet Hoja de Registro
A2: REGISTRO DE INFORMACIÓN DE OFERTAS RECIBIDAS
A3: PROCESO No: | C3: MC-SA-MC-0001-2026 | D3: MODALIDAD | E3: SELECCIÓN ABREVIADA DE MENOR CUANTÍA
A4: OBJETO: | C4: Realizar las obras de reparaciones locativas del inmueble Casa Museo Guillermo León Valencia de Popayán - Cauca, ubicado en el centro histórico declarado bien de interés cultural del ámbito nacional
A5: PRESUPUESTO OFICIAL DEL PROCESO | C5: 724761029 | D5: DEPENDENCIA SOLICITANTE | E5: DIRECCIÓN DE PATRIMONIO Y MEMORIA
A6: FECHA DE CIERRE | C6: 46132 | D6: HORA | E6: 0.375 | F6: AM
A7: NOMBRE DE PROPONENTE | C7: NATURALEZA JURIDICA | D7: INTEGRANTES | E7: REPRESENTANTES LEGALES | F7: SOCIOS | G7: LOTES OFERTADOS
A8: 1 | B8: CONSORCIO MANTENIMIENTOS | C8: CONSORCIO | D8: JUAN PABLO DORADO MARTINEZ (20%) DORADO ASOCIADOS (80.00%) | E8: R.L. Juan Pablo Dorado M C.C. 10.135.629 R.LAndrés Dorado Martínez C.C. 10.016.767 | F8: 2.- DORADO ASOCIADOS Juan Pablo Dorado M Andrés Dorado Martínez
A9: 2 | B9: GRUPO INARCO SAS | C9: JURIDICO | D9: MARIO DE JESUS SALAZAR | E9: MARIO DE JESUS SALAZAR C.C 19499723 | F9: MARIO DE JESUS SALAZAR JOSE IGNACIO VASQUEZ PLAZAS
A10: 3 | B10: CONSORCIO VENTURA & CO. | C10: JURIDICO | D10: MARIA JOSE HERRERA GUZMAN (50%) VENTURA & CO. SAS (50%) | E10: 1.-R.L. MARIA JOSE HERRERA GUZMAN - 52.452.955 2.- R.L. MARIA JOSE HERRERA GUZMAN | F10: 2-MARIA JOSE HERRERA GUZMAN C.C. 52.452.955 MANUEL ORJUELA CARRERO C.C. 1026251053 ALTAVISTA CONSTRUCTION GROUP SAS C.C. 901.340.813-8
A11: 4 | B11: ID SAS | C11: JURIDICO | D11: LUIS FERNANDO SALGADO ARENAS | E11: R.L. LUIS FERNANDO SALGADO ARENAS C.C. Nro. 79274870
A12: 5 | B12: CONSTRUSERVICIOS SAS | C12: JURIDICO | D12: CESAR AUGUSTO CRUZ CHACON | E12: R.L. CESAR AUGUSTO CRUZ CHACON C.C. 7160783
A13: 6 | B13: CONSORCIO NVP | C13: CONSORCIO | D13: NÉSTOR VARGAS PEDROZA (50%) NESTOR VARGAS PEDROZA ARQUITECTOS SAS (50%) | E13: R.L.NÉSTOR VARGAS PEDROZA | F13: 2,- NÉSTOR VARGAS PEDROZA
A14: 7 | B14: CONSORCIO PATRIMONIAL LEON VALENCIA | C14: CONSORCIO | D14: INGESPACIOS HYL SAS (90%) SEGUNDISALVO PARDO BARRETO (10%) | E14: R.L. HECTOR YEZID FORERO SUAREZ | F14: 1.- INGESPACIOS HYL SAS HECTOR YEZID FORERO SUAREZ .C.C. 79.729.319 2.-SEGUNDISALVO PARDO BARRETO
A15: 8 | B15: UNION TEMPORAL SCG OBRAS | C15: UNION TEMPORAL | D15: CONSTRUCTORA GILLI S.A.S (90%) INGENIERIA & CONSTRUCCION GUTIERREZ (10%) S.A.S | E15: R.L. MARIA CRISTINA LOBO VARGAS C.C. 37.243.455 R.L. STEFANIA CERON GUTIERREZ C.C. 1.032.491.306 | F15: 1.- MARIA CRISTINA LOBO VARGAS C.C. 37.243.455 CESAR IVAN GIL SILVA C.C. 37.243.455 2.- STEFANIA CERON GUTIERREZ C.C. 1.032.491.306 RODRIGO HERNANDEZ MEJIA C.C. 79.287.821
A16: 9 | B16: CONSTRUCCIONES E INVERSIONES ESTELAR SAS | C16: JURIDICO | E16: NORMA PATRICIA LUNA HERNANDEZ | F16: Norma Patricia Luna Hernández 58% Constructora Ingarcon Ltda 2% Cristhian David Caballero Luna 1% Laura Alejandra Yáñez López 39%
A17: 10 | B17: CONSORCIO OBRAS Y SOLUCIONES DM | C17: CONSORCIO | D17: DIEGO REINEL FERNANDEZ ORDOÑEZ (90.00%) MAYORCA CONSTRUCCIONES SAS (10.00%) | E17: DIEGO REINEL FERNANDEZ ORDOÑEZ | F17: LAURA VALERIA RAMÍREZ FERNÁNDEZ 51% WEIMAR MAYORCA TORRES 44% LUIS EDUARDO SEPÚLVEDA ESCOBAR 5%
A18: 11 | B18: CONSORCIO C&C | C18: CONSORCIO | D18: CAMILO ERNESTO ROJAS TOVAR (90.00%) C&C INGENIERIA E INVERSIONES SAS (10.00%) | E18: CAMILO ERNESTO ROJAS TOVAR | F18: MARIA CAMILA RAMOS LOZANO 60% CAMILO ERNESTO ROJAS TOVAR 40%
A19: 12 | B19: ERJ INGENIERIA E INVERSIONES SAS | C19: JURIDICO | E19: ANA MARIA CARRILLO ALARCON | F19: ANA MARIA CARRILLO ALARCON 100%
A20: 13 | B20: Fundacion Espeletia | C20: JURIDICO | E20: JOSE AGUSTIN CORTES HERRERA | F20: N/A
A21: 14 | B21: JOSE RAUL GONZALEZ RIVERA | C21: PERSONA NATURAL | E21: JOSE RAUL GONZALEZ RIVERA
A22: 15 | B22: UT CAMPEN MINCULTURA 2026 | C22: UNION TEMPORAL | D22: CAMPING INGENIERIA SAS (49.50%) JAVIER JOSE PEREIRA AREIZA (1.00%) ENERGY CG COLOMBIA S.A.S (49.50%) | E22: BLANCA JANNETH CAMACHO AMAYA | F22: 1. BLANCA JANNETH CAMACHO AMAYA 98% GUILLERMINA CAMACHO AMAYA 2 % 3. DIEGO FERNANDO RIVERA HERNANDEZ – ENERGY CG COLOMBIA SAS 45% ALEXANDER ORTEGON NARANJO – ENERGY CG COLOMBIA SAS 5% LIZETH JOHANNA MELENDEZ RAMOS – ENERGY CG COLOMBIA SAS 5% A&T PROYECTOS E INGENIERIA SAS – ENERGY CG COLOMBIA SAS 35% EDUARDO ARIZA PEREZ – ENERGY CG COLOMBIA SAS 5% JORGE ENRIQUE RIVERA HERNANDEZ – ENERGY CG COLOMBIA SAS 5%
A23: 16 | B23: ZILL | C23: JURIDICO | E23: DANIEL ANDRES TORO GONZALEZ
A24: 17
A25: 18
A26: 19
A27: 20
A28: 21
A29: 22
A30: 23
A31: 24
A32: 25
A33: 26
A34: 27
A35: 28
... A93: 83

Sheet Hoja1
B1: Documentos tipo de licitación de obra pública para proyectos de infraestructura social | F1: A. Que el Proponente o alguno de los integrantes del Proponente Plural esté incurso en causal de inhabilidad, incompatibilidad o prohibición previstas en la legislación para contratar. | H1: AIG SEGUROS COLOMBIA S.A. | J1: ALEXANDER OSPINA GARCÍA | L1: =J1 -> ALEXANDER OSPINA GARCÍA | M1: Abogado Grupo de Convenios y Contratos | O1: C.C.
B2: Documento Tipo de concurso de méritos para contratar la interventoría de obras públicas de infraestructura social; que agrupa los sectores de educación, salud, cultura, recreación y deporte. | C2: PERSONA NATURAL | F2: B. Cuando una misma persona natural o jurídica, o integrante de un Proponente Plural presente o haga parte en más de una propuesta para el Proceso de Contratación. | H2: ALLIANZ SEGUROS S.A | J2: Excinjahuer Laverde Tijaro | L2: =UPPER(J2) -> EXCINJAHUER LAVERDE TIJARO | M2: Abogado Grupo de Convenios y Contratos | O2: NIT.
C3: PERSONA JURIDICA | F3: C. Que la persona jurídica Proponente individual o integrante del Proponente Plural esté incursa en la situación descrita en el numeral 1 del artículo 38 de la Ley 1116 de 2006. | H3: ASEGURADORA SOLIDARIA DE COLOMBIA LTDA. | L3: GUILLERMO LONDOÑO RUIZ | M3: Abogado Grupo de Convenios y Contratos | O3: C.E.
C4: PERSONA JURÍDICA ENT ESTATAL | F4: D. Que el proponente no aclare, subsane o aporte documentos necesarios para cumplir un requisito habilitante o aportándolos no lo haga de forma correcta, en los términos establecidos en la sección 1.6. | H4: BBVA SEGUROS COLOMBIA S.A. | L4: EDWIN JESÚS GARCÍA MORA | M4: Abogado Grupo de Convenios y Contratos | O4: PASAPORTE
C5: CONSORCIO | F5: E. Que la inscripción en el Registro Único de Proponentes (RUP) que realice el Proponente, por primera vez o cuando han cesado los efectos y debe volver a inscribirse, no esté en firme en la fecha prevista para el cierre del procedimiento de selección. | H5: BERKLEY INTERNACIONAL SEGUROS COLOMBIA S.A. | L5: JENNY CAROLINA VELANDÍA MARTINEZ | M5: Coordinadora Grupo de Convenios y Contratos
C6: UNIÓN TEMPORAL | F6: F. Que el Proponente no acredite la presentación de la información para renovar el Registro Único de Proponentes (RUP), a más tardar el quinto día hábil del mes de abril de cada año, o en la fecha que establezca la ley o el reglamento, si fuera una distinta. | H6: CARDIF COLOMBIA SEGUROS GENERALES S.A. | L6: EDGAR HERNANDEZ ROMERO | M6: Coordinador Grupo de Convenios y Contratos(E)
F7: G. Que el Proponente aporte información inexacta sobre la cual pueda existir una posible falsedad en los términos de la sección 1.11. | H7: CHUBB SEGUROS COLOMBIA S.A. | L7: KATHERINE PEÑA | M7: Abogado Grupo de Convenios y Contratos
F8: H. Que el Proponente se encuentre inmerso en un conflicto de interés previsto en una norma de rango constitucional o legal o en la causal contemplada en el numeral 1.14 del Pliego de Condiciones. | H8: COMPAÑÍA ASEGURADORA DE FIANZAS S.A. CONFIANZA | L8: CARMENZA DURAN | M8: Abogado Grupo de Convenios y Contratos
F9: I. No entregar la Garantía de seriedad de la oferta junto con la propuesta. | H9: COMPAÑÍA MUNDIAL DE SEGUROS S.A.
F10: J. Que el objeto social del Proponente, en caso de ser persona jurídica o el de sus integrantes, tratándose de Proponentes Plurales, no le permita ejecutar el objeto del Contrato. | H10: GENERALI COLOMBIA SEGUROS GENERALES S.A.
F11: K. Que el valor total de la oferta o aquel revisado en la audiencia efectiva de adjudicación exceda el Presupuesto Oficial estimado para el Proceso de Contratación. | H11: GLOBAL SEGUROS DE VIDA S.A.
F12: L. Presentar la oferta con tachaduras o enmendaduras en alguno de los documentos que acreditan los requisitos habilitantes o factores de evaluación de la oferta y no estén convalidadas en la forma indicada en la sección 2.3 del Pliego de Condiciones, sin perjuicio de la posibilidad de subsanar los primeros en los términos del numeral 1.6. | H12: GRUPO EMPRESARIAL BOLÍVAR SOCIEDADES BOLÍVAR S.A. (HOLDING)
F13: M. Que el Proponente adicione, suprima, cambie, o modifique los ítems, la descripción, las especificaciones, el detalle, las unidades o cantidades señaladas en el Formulario 1 – Formulario de Presupuesto Oficial, de acuerdo con lo exigido por la Entidad. | H13: JMALUCELLI TRAVELERS SEGUROS S.A.
F14: N. No ofrecer el valor de un precio unitario u ofrecerlo en cero (0) pesos. | H14: LA PREVISORA S.A. COMPAÑÍA DE SEGUROS
F15: O. Superar el valor unitario de alguno o algunos de los siguientes ítems ofrecidos con respecto al valor establecido para cada ítem del Presupuesto Oficial: | H15: LIBERTY SEGUROS S.A.
F16: P. No discriminar en la oferta económica el porcentaje de AIU en la forma como lo establece el Pliego de Condiciones y el Formulario 1 – Formulario de Presupuesto Oficial. P. No discriminar en la oferta económica el porcentaje de AIU en la forma como lo establece el Pliego de Condiciones y el Formulario 1 – Formulario de Presupuesto Oficial. | H16: MAPFRE SEGUROS GENERALES DE COLOMBIA S.A.
F17: Q. Ofrecer como AIU un porcentaje cuya sumatoria sea superior al establecido por la Entidad en el Formulario 1 – Formulario de Presupuesto Oficial. | H17: METLIFE COLOMBIA SEGUROS DE VIDA S.A.
F18: R. Cuando se presente la propuesta condicionada para la adjudicación del Contrato | H18: NACIONAL DE SEGUROS S.A.
F19: S. Presentar la oferta extemporáneamente. | H19: PAN AMERICAN LIFE DE COLOMBIA COMPAÑÍA DE SEGUROS S.A.
F20: T. No presentar oferta económica o entregar la información de la propuesta económica en el sobre que no corresponda.T. No presentar oferta económica o entregar la información de la propuesta económica en el sobre que no corresponda. | H20: POSITIVA COMPAÑÍA DE SEGUROS S.A.
... F27: A. Las demás previstas en la ley. | H27: ZURICH COLOMBIA SEGUROS S.A.

Sheet hoja de datos
B2: Documentos tipo de licitación de obra pública para proyectos de infraestructura social | F2: A. Que el Proponente o alguno de los integrantes del Proponente Plural esté incurso en causal de inhabilidad, incompatibilidad o prohibición previstas en la legislación para contratar. [Cuando en un mismo Proceso de Contratación se postulen oferentes en la situación descrita por los literales g) y h) del numeral 1 del artículo 8 de la Ley 80 de 1993, la Entidad solo admitirá la primera oferta presentada en el tiempo] | H2: AIG SEGUROS COLOMBIA S.A. | J2: ALEXANDER OSPINA GARCÍA | L2: GUILLERMO LONDOÑO RUIZ | M2: Abogado Grupo de Convenios y Contratos | O2: C.C. | Q2: Documentos tipo de licitación de obra pública para proyectos de infraestructura social | S2: LICITACIÓN PÚBLICA | U2: MiPyme
B3: Documento Tipo de concurso de méritos para contratar la interventoría de obras públicas de infraestructura social; que agrupa los sectores de educación, salud, cultura, recreación y deporte. | C3: PERSONA NATURAL | F3: B. Cuando una misma persona natural o jurídica, o integrante de un Proponente Plural, presente o haga parte en más de una propuesta para el Proceso de Contratación. /Cuando una misma persona natural o jurídica, o integrante de un Proponente Plural presente o haga parte en más de una propuesta para el mismo lote o grupo de este Proceso de Contratación. | H3: ALLIANZ SEGUROS S.A | J3: Excinjahuer Laverde Tijaro | L3: CARMENZA DURAN | M3: Abogado Grupo de Convenios y Contratos | O3: NIT. | Q3: Documentos tipo de concurso de méritos para interventoría de obra pública de infraestructura social | S3: LICITACIÓN PÚBLICA DE OBRA | T3: Documentos tipo de licitación de obra pública de infraestructura social – versión 2 | U3: empresas y emprendimientos de mujeres.
C4: PERSONA JURIDICA | F4: C. Que la persona jurídica Proponente individual o integrante del Proponente Plural esté incursa en la situación descrita en el numeral 1 del artículo 38 de la Ley 1116 de 2006. | H4: ASEGURADORA SOLIDARIA DE COLOMBIA LTDA. | L4: EDGAR HERNANDEZ ROMERO | M4: Abogado Grupo de Convenios y Contratos | O4: C.E. | S4: SELECCIÓN ABREVIADA DE MENOR CUANTÍA | T4: Documentos tipo de menor cuantía de obra pública de infraestructura social | U4: Emprendimiento y empresa de persona con discapacidad
C5: PERSONA JURÍDICA ENT ESTATAL | F5: D. Que el proponente no aclare, subsane o aporte documentos necesarios para cumplir un requisito habilitante o aportándolos no lo haga de forma correcta, en los términos establecidos en la sección 1.6. | H5: BBVA SEGUROS COLOMBIA S.A. | L5: EDWIN JESÚS GARCÍA MORA | M5: Abogado Grupo de Convenios y Contratos | O5: PASAPORTE | S5: MÍNIMA CUANTÍA | T5: Documentos tipo para procesos de mínima cuantía de obra pública de infraestructura social
C6: CONSORCIO | F6: E. Que la inscripción en el Registro Único de Proponentes (RUP) que realice el Proponente por primera vez o cuando han cesado los efectos y debe volver a inscribirse, no esté en firme en la fecha prevista para el cierre del Proceso de Contratación. | H6: BERKLEY INTERNACIONAL SEGUROS COLOMBIA S.A. | L6: GUILLERMO LONDOÑO RUIZ | M6: Abogado Grupo de Convenios y Contratos
C7: UNIÓN TEMPORAL | F7: F. Que el Proponente no acredite la presentación de la información para renovar el Registro Único de Proponentes (RUP) dentro del término previsto en la normativa vigente. | H7: CARDIF COLOMBIA SEGUROS GENERALES S.A. | L7: JENNY ANDREA ROCHA | M7: Abogado Grupo de Convenios y Contratos
F8: G. Que el Proponente aporte información inexacta sobre la cual pueda existir una posible falsedad en los términos de la sección 1.11 del Pliego de Condiciones. | H8: CHUBB SEGUROS COLOMBIA S.A. | L8: JENNY CAROLINA VELANDÍA MARTINEZ | M8: Coordinador Grupo de Convenios y Contratos
F9: H.Que el Proponente se encuentre inmerso en un Conflicto de Interés previsto en una norma de rango constitucional o legal o en la causal contenida en el numeral 1.14 del Pliego de Condiciones. | H9: COMPAÑÍA ASEGURADORA DE FIANZAS S.A. CONFIANZA | L9: KATHERINE PEÑA | M9: Abogado Grupo de Convenios y Contratos
F10: J. No entregar la Garantía de seriedad de la oferta junto con la propuesta. | H10: COMPAÑÍA MUNDIAL DE SEGUROS S.A. | L10: LEONARDO CARRILLO TORRES | M10: Abogado Grupo de Convenios y Contratos
F11: K. Que el objeto social del Proponente, en caso de que se trate de una persona jurídica, o el de sus integrantes, tratándose de Proponentes Plurales, no le permita ejecutar el objeto del contrato. | H11: GENERALI COLOMBIA SEGUROS GENERALES S.A. | L11: OTTO GABRIEL FORERO | M11: Abogado Grupo de Convenios y Contratos
F12: L. Que el valor total de la oferta o aquel revisado en la auddiencia efectiva de adjudicación exceda el Presupuesto Oficial estimado para el Proceso de Contratación. [o para el lote, la etapa o el grupo frente al que presentó oferta] y no se subsane ese defecto. | H12: GLOBAL SEGUROS DE VIDA S.A. | L12: RICARDO MOLINA | M12: Abogado Grupo de Convenios y Contratos
F13: M. Presentar la oferta con tachaduras o enmendaduras en alguno de los documentos que acreditan los requisitos habilitantes o factores de evaluación de la oferta y no estén convalidadas en la forma indicada en la sección 2.3 del Pliego de Condiciones, sin perjuicio de la posibilidad de subsanar los primeros en los términos del numeral 1.6. | H13: GRUPO EMPRESARIAL BOLÍVAR SOCIEDADES BOLÍVAR S.A. (HOLDING) | L13: YULY ANDREA LEON | M13: Abogado Grupo de Convenios y Contratos
F14: N. Que el Proponente adicione, suprima, cambie, o modifique los ítems, la descripción, las especificaciones, el detalle, las unidades o cantidades señaladas en el Formulario 1 – Formulario de Presupuesto Oficial, de acuerdo con lo exigido por la Entidad. | H14: JMALUCELLI TRAVELERS SEGUROS S.A.
F15: O. No ofrecer el valor de un precio unitario u ofrecerlo en cero (0) pesos. | H15: LA PREVISORA S.A. COMPAÑÍA DE SEGUROS
F16: P. Superar el valor unitario de alguno o algunos de los siguientes ítems ofrecidos con respecto al valor establecido para cada ítem del Presupuesto Oficial | H16: LIBERTY SEGUROS S.A.
F17: Q. No discriminar en la oferta económica el porcentaje de AIU en la forma como lo establece el Pliego de Condiciones y el Formulario 1 – Formulario de Presupuesto Oficial. | H17: MAPFRE SEGUROS GENERALES DE COLOMBIA S.A.
F18: R.Ofrecer como AIU un porcentaje cuya sumatoria sea superior al establecido por la Entidad en el Formulario 1 – Formulario de Presupuesto Oficial. | H18: METLIFE COLOMBIA SEGUROS DE VIDA S.A.
F19: S. Cuando se presente la propuesta condicionada para la adjudicación del Contrato. | H19: NACIONAL DE SEGUROS S.A.
F20: T. Presentar la oferta extemporáneamente. | H20: PAN AMERICAN LIFE DE COLOMBIA COMPAÑÍA DE SEGUROS S.A.
F21: U. No presentar oferta económica o entregar la información de la propuesta económica en el sobre que no corresponda. | H21: POSITIVA COMPAÑÍA DE SEGUROS S.A.
F22: V. Presentar más de una oferta económica con valores distintos en el Sobre 2 / Presentar más de una oferta económica con valores distintos para el mismo lote o grupo] | H22: QBE SEGUROS S.A.
F23: W. Cuando se determine que el valor total de la oferta es artificialmente bajo, de acuerdo con lo establecido en la sección 4.1.3 | H23: SEGUREXPO DE COLOMBIA S.A.
F24: X.Cuando se presenten propuestas parciales y esta posibilidad no haya sido establecida en el Pliego de Condiciones. | H24: SEGUROS ALFA S.A - SEGUROS DE VIDA ALFA S.A.
F25: Y. No informar todos los contratos que el Proponente tenga en ejecución antes del cierre, necesarios para acreditar su capacidad residual conforme con la sección 3.10. | H25: SEGUROS COLPATRIA S.A.
... F28: BB.Cuando el que presenta oferta o alguno de los miembros del Proponente Plural no acredita la condición de Mipyme y, en consecuencia, no entrega el RUP vigente y en firme al momento de su presentación, y no subsana su entrega, en los términos del numeral 1.6. | H28: ZURICH COLOMBIA SEGUROS S.A.
F29: CC. Las demás previstas en la ley.

Sheet Designación
A4: DESIGNACIÓN DEL COMITÉ EVALUADOR
A5: PROCESO | B5: ='Hoja de Registro'!C3 -> MC-SA-MC-0001-2026 | C5: ='Hoja de Registro'!E3 -> SELECCIÓN ABREVIADA DE MENOR CUANTÍA | R5: =+B5 -> MC-SA-MC-0001-2026 | S5: =+D5 -> 0
A7: OBJETO: | B7: ='Hoja de Registro'!C4 -> Realizar las obras de reparaciones locativas del inmueble Casa Museo Guillermo León Valencia de Popayán - Cauca, ubicado en el centro histórico declarado bien de interés cultural del ámbito nacional
A8: PRESUPUESTO OFICIAL: | E8: ='Hoja de Registro'!C5 -> 724761029
A10: FECHA DE CIERRE | C10: ='Hoja de Registro'!C6 -> 46132 | D10: HORA | E10: ='Hoja de Registro'!E6 -> 0.375
A12: LUISA FERNANDA TRUJILLO BERNAL, mayor de edad y vecina de Bogotá, identificada con cédula de ciudadanía N°. 43.996.509, en su condición de Secretaria General, nombrada mediante Decreto N°. 1963 del 15 de noviembre de 2023 y posesionada mediante acta N°. 224 del 20 de noviembre de 2023, obrando en nombre y representación del MINISTERIO DE LAS CULTURA, LAS ARTES Y LOS SABERES con NIT. 830.034.348-5, facultada para contratar de conformidad con las Leyes 80 de 1993 y 1150 de 2007 y sus normas reglamentarias y complementarias, y especialmente las delegadas mediante Resolución número 1851 del 21 de junio de 2019, designa el comité evaluador así:
A20: 1. Conformación del Comité
B21: NOMBRE | C21: CARGO
A22: Para la verificación de requisitos habilitantes de orden jurídico
C29: =VLOOKUP(A29,'hoja de datos'!$L$2:$M$13,2,0) -> #N/A
C30: =VLOOKUP(A30,'hoja de datos'!$L$2:$M$13,2,0) -> #N/A
A31: Para la verificación de requisitos habilitantes de orden financiero
A35: Para la verificación de requisitos habilitantes y de calificación técnicos y económicos
A44: 2. PROPUESTAS PRESENTADAS
A45: # | B45: PROPONENTE
A46: 1 | B46: =VLOOKUP(A46,'Hoja de Registro'!$A$8:$B$103,2,0) -> CONSORCIO MANTENIMIENTOS
A47: 2 | B47: =VLOOKUP(A47,'Hoja de Registro'!$A$8:$B$103,2,0) -> GRUPO INARCO SAS
A48: 3 | B48: =VLOOKUP(A48,'Hoja de Registro'!$A$8:$B$103,2,0) -> CONSORCIO VENTURA & CO.
A49: 4 | B49: =VLOOKUP(A49,'Hoja de Registro'!$A$8:$B$103,2,0) -> ID SAS
A50: 5 | B50: =VLOOKUP(A50,'Hoja de Registro'!$A$8:$B$103,2,0) -> CONSTRUSERVICIOS SAS
A51: 6 | B51: =VLOOKUP(A51,'Hoja de Registro'!$A$8:$B$103,2,0) -> CONSORCIO NVP
A52: 7 | B52: =VLOOKUP(A52,'Hoja de Registro'!$A$8:$B$103,2,0) -> CONSORCIO PATRIMONIAL LEON VALENCIA
A53: 8 | B53: =VLOOKUP(A53,'Hoja de Registro'!$A$8:$B$103,2,0) -> UNION TEMPORAL SCG OBRAS
A54: 9 | B54: =VLOOKUP(A54,'Hoja de Registro'!$A$8:$B$103,2,0) -> CONSTRUCCIONES E INVERSIONES ESTELAR SAS
A55: 10 | B55: =VLOOKUP(A55,'Hoja de Registro'!$A$8:$B$103,2,0) -> CONSORCIO OBRAS Y SOLUCIONES DM
A56: 11 | B56: =VLOOKUP(A56,'Hoja de Registro'!$A$8:$B$103,2,0) -> CONSORCIO C&C
A57: 12 | B57: =VLOOKUP(A57,'Hoja de Registro'!$A$8:$B$103,2,0) -> ERJ INGENIERIA E INVERSIONES SAS
... A121: 76 | B121: =VLOOKUP(A121,'Hoja de Registro'!$A$8:$B$103,2,0) -> #N/A
A122: 77 | B122: =VLOOKUP(A122,'Hoja de Registro'!$A$8:$B$103,2,0) -> #N/A | AB122: CHUBB DE COLOMBIA COMPAÑÍA DE SEGUROS S.A.
A123: 78 | B123: =VLOOKUP(A123,'Hoja de Registro'!$A$8:$B$103,2,0) -> #N/A
A124: 79 | B124: =VLOOKUP(A124,'Hoja de Registro'!$A$8:$B$103,2,0) -> #N/A | AB124: COMPAÑÍA ASEGURADORA DE FIANZAS S.A., CONFIANZA / CONFIANZA S.A.
A125: 1. El comité evaluador debe realizar su labor de manera objetiva, ciñéndose exclusivamente a las reglas contenidas en el pliego de condiciones. 2. Los miembros del comité evaluador están sujetos al régimen de inhabilidades e incompatibilidades y conflicto de interés. 3. Los análisis de verificación de requisitos habilitantes y de calificación deben ser entregados en el grupo de contratos y convenios, a mas tardar el XXXXXXXXXXX a las XXX con el fin de dar cumplimiento al cronograma del proceso fijado en el pliego de condiciones electrónico. 4. Las ofertas se pueden descargar en el SECOP II. | AB125: COMPAÑÍA DE SEGUROS BOLÍVAR S.A.
AB126: COMPAÑÍA MUNDIAL DE SEGUROS S.A.
AB128: CÓNDOR S.A. COMPAÑÍA DE SEGUROS GENERALES
A129: LUISA FERNANDA TRUJILLO BERNAL
A130: Secretaria General
AB131: ECO SEGUROS S.A.
A132: Aprobó: | B132: JENNY CAROLINA VELANDÍA MARTINEZ | AB132: GENERALI COLOMBIA-SEGUROS GENERALES S.A
B133: =VLOOKUP(B132,'hoja de datos'!L2:M130,2,0) -> Coordinador Grupo de Convenios y Contratos | AB133: LA EQUIDAD SEGUROS GENERALES ORGANISMO COOPERATIVO / LA EQUIDAD
A134: Revisó: | AB134: LA PREVISORA S.A. COMPAÑÍA DE SEGUROS
AB135: LIBERTY SEGUROS S.A., / LIBERTY SEGUROS / LIBERTY
A136: Proyectó: | AB136: MAPFRE SEGUROS GENERALES DE COLOMBIA S.A.
AB137: METLIFE COLOMBIA S.A
AB138: PAN AMERICAN LIFE DE COLOMBIA COMPAÑÍA DE SEGUROS S.A.
AB139: POSITIVA COMPAÑÍA DE SEGUROS S.A.
AB140: QBE SEGUROS S.A. / QBE COLOMBIA / QBE SEGUROS
AB141: ROYAL & SUN ALLIANCE SEGUROS (COLOMBIA) S.A. / RSA
AB142: SEGUREXPO DE COLOMBIA S.A. ASEGURADORA DE CRÉDITO Y DEL COMERCIO EXTERIOR
AB143: SEGUROS ALFA S.A.
AB144: SEGUROS COLPATRIA S.A.
AB145: SEGUROS COMERCIALES BOLÍVAR S.A.
AB146: SEGUROS DEL ESTADO S.A.
AB147: SEGUROS GENERALES SURAMERICANA S.A.
AB148: SKANDIA COMPAÑÍA DE SEGUROS DE VIDA S.A.
AB149: NO APLICA

Sheet presupuestos lotes
A1: LOTE | B1: PTO
A2: LOTE 1 | B2: 1031140200
A3: LOTE 2 | B3: 530761731
B5: =SUM(B2:B4) -> 1561901931
A7: SELECCIONE
A8: NO APLICA
A9: LOTE 1 | B9: =B2 -> 1031140200 | C9: 1
A10: LOTE 2 | B10: =B3 -> 530761731 | C10: 1
A11: LOTES 1 Y 2 | B11: =B5 -> 1561901931 | C11: 2

Sheet consolidado juridico
B1: ANÁLISIS JURÍDICO | F1: Código: F-GCC-030 Versión: 0 Fecha: 24/Oct/2014
A7: FECHA DE EVALUACIÓN | F7: =TODAY() -> 46135
A9: INFORME DE VERIFICACIÓN DE REQUISITOS HABILITANTES JURÍDICOS | F9: PRELIMINAR
A10: OBJETO | B10: ='Hoja de Registro'!C4 -> Realizar las obras de reparaciones locativas del inmueble Casa Museo Guillermo León Valencia de Popayán - Cauca, ubicado en el centro histórico declarado bien de interés cultural del ámbito nacional
A11: MODALIDAD DE SELECCIÓN | B11: ='Hoja de Registro'!E3 -> SELECCIÓN ABREVIADA DE MENOR CUANTÍA
A12: PRESUPUESTO OFICIAL: | F12: ='Hoja de Registro'!C5 -> 724761029 | H12: =ROUNDDOWN(F12*10%,0) -> 72476102
A13: FECHA DE CIERRE | F13: ='Hoja de Registro'!C6 -> 46132
A14: CONSOLIDADO INFORME DE VERIFICACIÓN REQUISITOS HABILITANTES JURÍDICOS
F15: ='Prop (individual)'!E10 -> PRELIMINAR
A16: N° DE PROPUESTA | B16: PROPONENTE | E16: LOTES A LOS QUE OFERTA | F16: RESULTADO
A17: 1 | B17: =VLOOKUP(A17,'Hoja de Registro'!$A$8:$B$103,2,0) -> CONSORCIO MANTENIMIENTOS | E17: =VLOOKUP(A17,'Hoja de Registro'!$A$8:$G$860,7,0) -> 0
A18: 2 | B18: =VLOOKUP(A18,'Hoja de Registro'!$A$8:$B$103,2,0) -> GRUPO INARCO SAS | E18: =VLOOKUP(A18,'Hoja de Registro'!$A$8:$G$860,7,0) -> 0
A19: 3 | B19: =VLOOKUP(A19,'Hoja de Registro'!$A$8:$B$103,2,0) -> CONSORCIO VENTURA & CO. | E19: =VLOOKUP(A19,'Hoja de Registro'!$A$8:$G$860,7,0) -> 0
A20: 4 | B20: =VLOOKUP(A20,'Hoja de Registro'!$A$8:$B$103,2,0) -> ID SAS | E20: =VLOOKUP(A20,'Hoja de Registro'!$A$8:$G$860,7,0) -> 0
A21: 5 | B21: =VLOOKUP(A21,'Hoja de Registro'!$A$8:$B$103,2,0) -> CONSTRUSERVICIOS SAS | E21: =VLOOKUP(A21,'Hoja de Registro'!$A$8:$G$860,7,0) -> 0
A22: 6 | B22: =VLOOKUP(A22,'Hoja de Registro'!$A$8:$B$103,2,0) -> CONSORCIO NVP | E22: =VLOOKUP(A22,'Hoja de Registro'!$A$8:$G$860,7,0) -> 0
A23: 7 | B23: =VLOOKUP(A23,'Hoja de Registro'!$A$8:$B$103,2,0) -> CONSORCIO PATRIMONIAL LEON VALENCIA | E23: =VLOOKUP(A23,'Hoja de Registro'!$A$8:$G$860,7,0) -> 0
A24: 8 | B24: =VLOOKUP(A24,'Hoja de Registro'!$A$8:$B$103,2,0) -> UNION TEMPORAL SCG OBRAS | E24: =VLOOKUP(A24,'Hoja de Registro'!$A$8:$G$860,7,0) -> 0
A25: 9 | B25: =VLOOKUP(A25,'Hoja de Registro'!$A$8:$B$103,2,0) -> CONSTRUCCIONES E INVERSIONES ESTELAR SAS | E25: =VLOOKUP(A25,'Hoja de Registro'!$A$8:$G$860,7,0) -> 0 | F25: =+'P9'!E73 -> HABILITADA
A26: 10 | B26: =VLOOKUP(A26,'Hoja de Registro'!$A$8:$B$103,2,0) -> CONSORCIO OBRAS Y SOLUCIONES DM | E26: =VLOOKUP(A26,'Hoja de Registro'!$A$8:$G$860,7,0) -> 0 | F26: =+'P10'!F106 -> NO HABILITADA
A27: 11 | B27: =VLOOKUP(A27,'Hoja de Registro'!$A$8:$B$103,2,0) -> CONSORCIO C&C | E27: =VLOOKUP(A27,'Hoja de Registro'!$A$8:$G$860,7,0) -> 0 | F27: =+'P11'!F106 -> NO HABILITADA
A28: 12 | B28: =VLOOKUP(A28,'Hoja de Registro'!$A$8:$B$103,2,0) -> ERJ INGENIERIA E INVERSIONES SAS | E28: =VLOOKUP(A28,'Hoja de Registro'!$A$8:$G$860,7,0) -> 0 | F28: =+'P12'!E73 -> NO HABILITADA
A29: 13 | B29: =VLOOKUP(A29,'Hoja de Registro'!$A$8:$B$103,2,0) -> Fundacion Espeletia | E29: =VLOOKUP(A29,'Hoja de Registro'!$A$8:$G$860,7,0) -> 0 | F29: =+'P13'!E73 -> HABILITADA
A30: 14 | B30: =VLOOKUP(A30,'Hoja de Registro'!$A$8:$B$103,2,0) -> JOSE RAUL GONZALEZ RIVERA | E30: =VLOOKUP(A30,'Hoja de Registro'!$A$8:$G$860,7,0) -> 0 | F30: =+'P14'!E73 -> NO HABILITADA
A31: 15 | B31: =VLOOKUP(A31,'Hoja de Registro'!$A$8:$B$103,2,0) -> UT CAMPEN MINCULTURA 2026 | E31: =VLOOKUP(A31,'Hoja de Registro'!$A$8:$G$860,7,0) -> 0 | F31: =+'P15'!F106 -> NO HABILITADA
A32: 16 | B32: =VLOOKUP(A32,'Hoja de Registro'!$A$8:$B$103,2,0) -> ZILL | E32: =VLOOKUP(A32,'Hoja de Registro'!$A$8:$G$860,7,0) -> 0 | F32: =+'P16'!E73 -> NO HABILITADA
A33: 17 | B33: =VLOOKUP(A33,'Hoja de Registro'!$A$8:$B$103,2,0) -> 0 | E33: =VLOOKUP(A33,'Hoja de Registro'!$A$8:$G$860,7,0) -> 0
A34: 18 | B34: =VLOOKUP(A34,'Hoja de Registro'!$A$8:$B$103,2,0) -> 0 | E34: =VLOOKUP(A34,'Hoja de Registro'!$A$8:$G$860,7,0) -> 0
A35: 19 | B35: =VLOOKUP(A35,'Hoja de Registro'!$A$8:$B$103,2,0) -> 0 | E35: =VLOOKUP(A35,'Hoja de Registro'!$A$8:$G$860,7,0) -> 0
A36: 20 | B36: =VLOOKUP(A36,'Hoja de Registro'!$A$8:$B$103,2,0) -> 0 | E36: =VLOOKUP(A36,'Hoja de Registro'!$A$8:$G$860,7,0) -> 0
A37: 21 | B37: =VLOOKUP(A37,'Hoja de Registro'!$A$8:$B$103,2,0) -> 0 | E37: =VLOOKUP(A37,'Hoja de Registro'!$A$8:$G$860,7,0) -> 0
A38: 22 | B38: =VLOOKUP(A38,'Hoja de Registro'!$A$8:$B$103,2,0) -> 0 | E38: =VLOOKUP(A38,'Hoja de Registro'!$A$8:$G$860,7,0) -> 0
A39: 23 | B39: =VLOOKUP(A39,'Hoja de Registro'!$A$8:$B$103,2,0) -> 0 | E39: =VLOOKUP(A39,'Hoja de Registro'!$A$8:$G$860,7,0) -> 0
A40: 24 | B40: =VLOOKUP(A40,'Hoja de Registro'!$A$8:$B$103,2,0) -> 0 | E40: =VLOOKUP(A40,'Hoja de Registro'!$A$8:$G$860,7,0) -> 0
A41: 25 | B41: =VLOOKUP(A41,'Hoja de Registro'!$A$8:$B$103,2,0) -> 0 | E41: =VLOOKUP(A41,'Hoja de Registro'!$A$8:$G$860,7,0) -> 0
A42: 26 | B42: =VLOOKUP(A42,'Hoja de Registro'!$A$8:$B$103,2,0) -> 0 | E42: =VLOOKUP(A42,'Hoja de Registro'!$A$8:$G$860,7,0) -> 0
A43: 27 | B43: =VLOOKUP(A43,'Hoja de Registro'!$A$8:$B$103,2,0) -> 0 | E43: =VLOOKUP(A43,'Hoja de Registro'!$A$8:$G$860,7,0) -> 0
A44: 28 | B44: =VLOOKUP(A44,'Hoja de Registro'!$A$8:$B$103,2,0) -> 0 | E44: =VLOOKUP(A44,'Hoja de Registro'!$A$8:$G$860,7,0) -> 0
... A79: 63 | B79: =VLOOKUP(A79,'Hoja de Registro'!$A$8:$B$103,2,0) -> 0 | E79: =VLOOKUP(A79,'Hoja de Registro'!$A$8:$G$860,7,0) -> 0
A96: Proyectó: XXXX Abogado Grupo de Contratos y Convenios | B96: Reviso: Ricardo Molina Abogado Grupo de Contratos y Convenios | F96: Aprobó: JENNY CAROLINA VELANDIA MARTÍNEZ Coordinadora del Grupo de Contratos y Convenios

Sheet Prop (individual)
B1: ANÁLISIS DE REQUISITOS JURÍDICOS | E1: Código: F-GCC-030 Versión: 0 Fecha: 24/Oct/2014
B7: FECHA DE CIERRE | D7: ='Hoja de Registro'!C6 -> 46132
B8: FECHA DEL INFORME | D8: =TODAY() -> 46135
A9: NÚMERO DEL PROCESO DE SELECCIÓN (REFERENCIA SECOP) | D9: ='Hoja de Registro'!C3 -> MC-SA-MC-0001-2026
A10: INFORME DE VERIFICACIÓN DE REQUISITOS HABILITANTES JURÍDICOS | E10: PRELIMINAR
A11: OBJETO | B11: ='Hoja de Registro'!C4 -> Realizar las obras de reparaciones locativas del inmueble Casa Museo Guillermo León Valencia de Popayán - Cauca, ubicado en el centro histórico declarado bien de interés cultural del ámbito nacional
A12: MODALIDAD DE SELECCIÓN | B12: SELECCIÓN ABREVIADA DE MENOR CUANTÍA | D12: VALOR TOTAL PRESUPUESTO OFICIAL | E12: ='Hoja de Registro'!C5 -> 724761029
A13: DOCUMENTOS TIPO APLICABLES | B13: SI | C13: Documentos tipo de menor cuantía de obra pública de infraestructura social
A14: ADJUDICACIÓN POR LOTES | B14: NO | D14: LOTES A LOS QUE SE PRESENTA | E14: =VLOOKUP('Prop (individual)'!C15,'Hoja de Registro'!A8:G86,7,0) -> 0
A15: NUMERO Y NOMBRE DEL PROPONENTE | B15: # | C15: 1 | D15: =VLOOKUP($C$15,'Hoja de Registro'!$A$8:$B$90,2) -> CONSORCIO MANTENIMIENTOS
A16: NATURALEZA JURÍDICA | B16: =VLOOKUP(C15,'Hoja de Registro'!$A$8:$C$90,3) -> CONSORCIO | D16: ORIGEN
A17: IDENTIFICACIÓN | B17: Clase | D17: No.
A18: REPRESENTANTE LEGAL DEL PROPONENTE P JURÍDICA
A19: IDENTIFICACIÓN | B19: Clase | D19: No.
A20: EL PROPONENTE ACREDITA ALGUNA CONDICIÓN PARA CRITERIOS DIFERENCIALES | B20: MiPyme | C20: EMPRESAS Y EMPRENDIMIENTOS DE MUJERES | E20: EMPRENDIMIENTOS Y EMPRESAS DE PERSONAS CON DISCAPACIDAD
A22: USUARIO SECOP II | D22: FECHA Y HORA DE ENTREGA DE LA OFERTA
A23: CANTIDAD DE LOTES A LOS QUE PRESENTA OFERTA | B23: =VLOOKUP(E14,'presupuestos lotes'!$A$7:$C$11,3,0) -> #N/A | D23: VALOR DEL PTO DE LOS LOTES OFERTADOS PARA VERIFICACIÓN DE LA PÓLIZA DE SERIEDAD DE LA OFERTA | E23: =VLOOKUP(E14,'presupuestos lotes'!A7:B11,2,0) -> #N/A
A24: VERIFICACIÓN CUMPLIMIENTO REQUISITOS JURÍDICOS - CONTENIDO SOBRE 1
A25: REQUISITO- NUMERAL DOCUMENTO BASE | B25: CUMPLE/NO CUMPLE | C25: ARCHIVO/FOLIOS | D25: OBSERVACIÓN
A26: CAPÍTULO II- ELABORACIÓN Y PRESENTACIÓN DE LA OFERTA
A27: 2.1 El Proponente presenta el Formato 1 – Carta de Presentación de la Oferta, firmado por la persona natural o por el representante legal del Proponente individual o Plural, o por el apoderado.
A28: 2.1 Quien suscribe la oferta y La persona natural (Proponente individual o integrante de un Proponente Plural) que pretenda participar en el presente proceso, debe acreditar que posee título como arquitecto o ingeniero en la respectiva rama de la ingeniería, para lo cual adjuntará copia de la tarjeta profesional y certificado de vigencia de la matrícula profesional expedida por la autoridad competente, vigente a la fecha de cierre de este procedimiento de selección. El requisito de la tarjeta profesional se puede suplir con el registro de que trata el artículo 18 del Decreto-Ley 2106 de 2019. | K28: CONSULTA WEB
A29: 2.2 En caso de apoderado se anexa el poder otorgado en legal forma (artículo 5 del Decreto – Ley 019 de 2012), en el que se confiere al apoderado de manera clara y expresa facultades amplias y suficientes para actuar, obligar y responsabilizar a quien(es) representa en el trámite del proceso y en la suscripción del Contrato. | K29: PRESENTA
A30: 2.3 La oferta es presentada en el Secop II antes de la fecha y hora de cierre y allega el sobre. El proponente es plural lo hace como usuario plural en el Secop.
A31: 1.9 Los documentos públicos otorgados en el exterior están apostillados o legalizados según corresponda
A32: CAPÍTULO III- REQUISITOS HABILITANTES Y VERIFICACIÓN
A33: 3.1 D. Los Proponentes obligados a estar inscritos en el Registro Único de Proponentes (RUP), deben aportar certificado con fecha de expedición no mayor a treinta (30) días calendario anteriores a la fecha de cierre del Proceso de Contratación. En caso de modificarse la fecha de cierre del Proceso, se tendrá como referencia para establecer el plazo de vigencia del certificado la fecha originalmente establecida en el Pliego de condiciones definitivo.
A34: INHABILIDADES
A35: 3.2 C.- No estar incursos en ninguna de las circunstancias de inhabilidad, incompatibilidad, conflicto de interés o prohibición para contratar previstas en la Constitución y en la ley (Artículo 4 del Acto Legislativo 01 de 2009, que modificó el artículo 122 de la Constitución Política de Colombia: Condena patromonio del estado) Artículos 8º y 9º de la Ley 80 de 1993 (incluye modificaciones Art. 18 de la Ley 1150 de 2007 y Artículos 1, 2, 4 , 5, 27, Parágrafo 2 articulo 84 , artículo 90 de la ley 1474 del 2011 (revisión en el RUP). Incluye consulta en REDAM (Ley 2097 de 2021)
A36: 3.2..- No estar incurso en conflicto de interés numeral 1.14 (Quienes hayan realizados los estudios y diseños de la obra cuyo proceso de selección se va a realizar).
A37: 3.2 D. No estar reportados en el último boletín de responsables fiscales vigentes publicado por la Contraloría General de la República. Esta disposición aplica para el Proponente e integrantes de un Proponente Plural con domicilio en Colombia. Tratándose de Proponentes Extranjeros sin domicilio o sin sucursal en Colombia, deben declarar que no son responsables fiscales por actividades ejercidas en Colombia en el pasado y que no tienen sanciones vigentes en Colombia que impliquen inhabilidad para contratar con el Estado.
A38: 3.2 F.La Entidad ha consultado los antecedentes judiciales en línea en los registros de las bases de datos, al igual que los antecedentes fiscales acorde con el artículo 60 de la Ley 610 de 2000, los antecedentes disciplinarios conforme con el artículo 1 de la Ley 1238 de 2008, el Registro Nacional de Medidas Correctivas del Ministerio de Defensa Nacional – Policía Nacional, de acuerdo con lo dispuesto en el artículo 184 de la Ley 1801 de 2016 – Código Nacional de Seguridad y Convivencia Ciudadana y el proponente no registra antecedentes.
A39: EXISTENCIA Y REPRESENTACION LEGAL
A40: Personas naturales
A41: 3.3.1.Persona natural de nacionalidad colombiana: cédula de ciudadanía.
... A57: VERIFICACIÓN REQUISITOS PÓLIZA DE SERIEDAD DE LA OFERTA
A58: CUANTIA REQUERIDA | B58: 10% PO | C58: =IF(B14="NO",E12*10%,E23*10%) -> 72476103 | D58: VIGENCIA MÍNIMA | E58: =EDATE(D7,3) -> 46223
A59: ASEGURADORA | B59: # POLIZA Y ANEXO O CERTIFICADO Y FECHA DE EXPEDICION | C59: CUANTIA ASEGURADA | D59: VIGENCIA DESDE | E59: VIGENCIA HASTA
C63: =SUM(C60:C62) -> 0
A64: REQUISITO- NUMERAL DOCUMENTO BASE | B64: CUMPLE/NO CUMPLE | C64: ARCHIVO/FOLIOS | D64: OBSERVACIÓN
A65: 7.1 Presenta póliza de seriedad de la oferta a nombre del proponente y de la entidad estatal y esta cumple con la vigencia y cuantía mínima requeridas.
A66: Póliza validada en el siguiente enlace:
A67: VERIFICACION CAUSALES DE RECHAZO
A68: LA OFERTA NO ESTÁ INCURSA EN LAS CAUSALES DE RECHAZO (NUMERAL 1.15) | C68: CAUSAL DE RECHAZO
L71: =+B73 -> 0
A73: RESULTADO DE LA EVALUACIÓN | E73: =IFERROR(IF(MATCH("NO CUMPLE",B27:B72,0)>0,"NO HABILITADA"),"HABILITADA") -> HABILITADA
A74: Proyectó: | B74: Revisó: | D74: Aprobó:
A76: OTTO GABRIEL FORERO | B76: RICARDO MOLINA | D76: JENNY CAROLINA VELANDÍA MARTINEZ
A77: Abogado Grupo de Convenios y Contratos | B77: Abogado Grupo de Convenios y Contratos | D77: =VLOOKUP(D76,[1]Hoja1!L1:M8,2,0) -> Coordinadora Grupo de Convenios y Contratos

Sheet Prop plural
C1: ANÁLISIS DE REQUISITOS JURÍDICOS | F1: Código: F-GCC-030 Versión: 0 Fecha: 24/Oct/2014
C7: FECHA DE CIERRE | E7: ='Hoja de Registro'!C6 -> 46132
C8: FECHA DEL INFORME | E8: =TODAY() -> 46135
A9: NÚMERO DEL PROCESO DE SELECCIÓN (REFERENCIA SECOP) | E9: ='Hoja de Registro'!C3 -> MC-SA-MC-0001-2026
A10: INFORME DE VERIFICACIÓN DE REQUISITOS HABILITANTES JURÍDICOS | F10: PRELIMINAR
A11: OBJETO | C11: ='Hoja de Registro'!C4 -> Realizar las obras de reparaciones locativas del inmueble Casa Museo Guillermo León Valencia de Popayán - Cauca, ubicado en el centro histórico declarado bien de interés cultural del ámbito nacional
A12: MODALIDAD DE SELECCIÓN | C12: SELECCIÓN ABREVIADA DE MENOR CUANTÍA | E12: VALOR TOTAL PRESUPUESTO OFICIAL | F12: ='Hoja de Registro'!C5 -> 724761029
A13: DOCUMENTOS TIPO APLICABLES | C13: SI | D13: =IF(C13="SI","Documentos tipo de licitación de obra pública para proyectos de infraestructura sociall","") -> Documentos tipo de licitación de obra pública para proyectos de infraestructura sociall
A14: ADJUDICACIÓN POR LOTES | C14: NO | E14: LOTES A LOS QUE PRESENTA OFERTA
A15: NUMERO Y NOMBRE DEL PROPONENTE | C15: # | D15: 1 | E15: =VLOOKUP(D15,'Hoja de Registro'!A8:B90,2) -> CONSORCIO MANTENIMIENTOS
A16: NATURALEZA JURÍDICA | C16: =VLOOKUP($D$15,'Hoja de Registro'!$A$8:$C$90,3) -> CONSORCIO | E16: ORIGEN | F16: NACIONAL
A17: IDENTIFICACIÓN | C17: Clase | E17: No.
A18: REPRESENTANTE LEGAL DEL PROPONENTE
A19: IDENTIFICACIÓN | C19: Clase | E19: No.
A20: EL PROPONENTE ACREDITA ALGUNA CONDICIÓN PARA CRITERIOS DIFERENCIALES | C20: MiPyme | D20: EMPRESAS Y EMPRENDIMIENTOS DE MUJERES | F20: EMPRENDIMIENTOS Y EMPRESAS DE PERSONAS CON DISCAPACIDAD
A22: USUARIO SECOP II | E22: FECHA Y HORA DE ENTREGA DE LA OFERTA
A23: CANTIDAD DE LOTES A LOS QUE PRESENTA OFERTA | C23: =VLOOKUP(F14,'presupuestos lotes'!$A$7:$C$11,3,0) -> #N/A | E23: VALOR DEL PTO DE LOS LOTES OFERTADOS PARA VERIFICACIÓN DE LA PÓLIZA DE SERIEDAD DE LA OFERTA | F23: =VLOOKUP($F$14,'presupuestos lotes'!$A$7:$B$11,2,0) -> #N/A
A24: IDENTIFICACION DE INTEGRANTES PARA PROPONENTES PLURALES
A25: # | B25: NOMBRE | C25: NATURALEZA JURIDICA | D25: I.D | E25: REPRESENTANTE LEGAL Y DNI | F25: %PARTICIPACION | G25: =IF(F30<>100%,"REVISE SUMATORIA",0) -> REVISE SUMATORIA
A26: 1 | B26: XXX
A27: 2
A28: 3
A29: 4
F30: =SUM(F26:F29) -> 0
A31: VERIFICACIÓN CUMPLIMIENTO REQUISITOS JURÍDICOS - CONTENIDO SOBRE 1
A32: CAPÍTULO II- ELABORACIÓN Y PRESENTACIÓN DE LA OFERTA
A33: REQUISITO- NUMERAL DOCUMENTO BASE | C33: CUMPLE/NO CUMPLE | D33: ARCHIVO/FOLIOS | E33: OBSERVACIÓN
A34: 2.1 El Proponente presenta el Formato 1 – Carta de Presentación de la Oferta, firmado por la persona natural o por el representante legal del Proponente individual o Plural, o por el apoderado.
A35: 2.1 Quien suscribe la oferta y la persona natural proponente o integrante del proponente que posee título como arquitecto o ingeniero en la respectiva rama de la ingeniería, para lo cual adjunta copia de la tarjeta profesional y certificado de vigencia de la matrícula profesional expedida por la autoridad competente, vigente a la fecha de cierre de este procedimiento de selección y en caso de que quien suscribe no sea ingeniero presenta avalada la oferta por ingeniero civil y allega copia de la tarjeta profesional y certificado de vigencia de la matrícula profesional vigente a la fecha de cierre.
A36: 2.2 En caso de apoderado se anexa el poder otorgado en legal forma (artículo 5 del Decreto – Ley 019 de 2012), en el que se confiere al apoderado de manera clara y expresa facultades amplias y suficientes para actuar, obligar y responsabilizar a quien(es) representa en el trámite del proceso y en la suscripción del Contrato.
A37: 2.3 La oferta es presentada en el Secop II antes de la fecha y hora de cierre y allega el sobre 1 y el sobre 2 de manera separada. La información de la oferta ecónómica no se incluye en el sobre 1 y si el proponente es plural lo hace como usuario plural en el Secop.
A38: 1.9 Los documentos públicos otorgados en el exterior están apostillados o legalizados según corresponda
E39: =IFERROR(IF(MATCH("NO CUMPLE",C34:C38,0)>0,"NO CUMPLE"),"CUMPLE") -> CUMPLE
A40: CAPÍTULO III- REQUISITOS HABILITANTES Y VERIFICACIÓN
A41: DOCUMENTO DE CONSTITUCION
A42: REQUISITO- NUMERAL DOCUMENTO BASE | C42: CUMPLE/NO CUMPLE | D42: ARCHIVO/FOLIOS | E42: OBSERVACIÓN
A43: 3.3.3 A Presenta Fomato 2 o documento de conformación especificando si es Unión Temporal o en Consorcio. En este documento los integrantes deben expresar su intención de conformar el Proponente Plural. En caso de que no exista precisión sobre el tipo de asociación se solicitará aclaración. Los Proponentes deben incluir como mínimo la información requerida en el Formato 2 – Conformación de Proponente Plural (Formato 2A – Consorcios) (Formato 2B – Uniones Temporales).
A44: B.Acredita el nombramiento de un representante y un suplente, este último en caso de considerarlo conveniente, cuya designación deberá quedar definida en el Formato 2 – Conformación de Proponente Plural (Formato 2A – Consorcios) (Formato 2B – Uniones Temporales), de las personas naturales y/o jurídicas asociadas
A45: C.Aporta copia del documento de identificación del representante principal y suplente del Proponente Plural, en caso de que se haya nombrado este último.
A46: D. Acredita que la vigencia del Proponente Plural no sea inferior a la del plazo del Contrato y un año adicional. Para efectos de la evaluación, este plazo será contado a partir de la fecha del cierre del Proceso de Contratación.
A47: E.El Proponente Plural debe señalar expresamente cuál es el porcentaje de participación de cada uno de sus integrantes. La sumatoria de este porcentaje no podrá ser diferente al 100 %.
A48: Documento está firmado por todos los integrantes del Proponente Plural y en el caso del integrante persona jurídica, por el representante legal de dicha persona, o por el apoderado de cualquiera de los anteriores.
E49: =IFERROR(IF(MATCH("NO CUMPLE",C43:C48,0)>0,"NO CUMPLE"),"CUMPLE") -> CUMPLE
A50: VERIFICACIÓN DE REQUISITOS HABILITANTES DE CADA INTEGRANTE
A51: REQUISITO | C51: INTEGRANTE 1 | D51: INTEGRANTE 2 | E51: INTEGRANTE 3 | F51: INTEGRANTE 4
A52: 3.1 D. El integrante está obligado a estar inscrito en el Registro Único de Proponentes (RUP), y aportar el certificado con fecha de expedición no mayor a treinta (30) días calendario anteriores a la fecha de cierre del Proceso de Contratación. Vigente y en firme (En caso de modificarse la fecha de cierre del proceso, se tendrá como referencia para establecer el plazo de vigencia del certificado la originalmente indicada en el Pliego de Condiciones).El RUP debe haberse renovado en el plazo legal.
A53: OBSERVACIONES
E54: =IFERROR(IF(MATCH("NO CUMPLE",C52:F52,0)>0,"NO CUMPLE"),"CUMPLE") -> CUMPLE
A55: INHABILIDADES
A56: REQUISITO | C56: INTEGRANTE 1 | D56: INTEGRANTE 2 | E56: INTEGRANTE 3 | F56: INTEGRANTE 4
A57: 3.2 No estar incursos en ninguna de las circunstancias de inhabilidad, incompatibilidad, conflicto de interés o prohibición para contratar previstas en la Constitución y en la ley (Artículo 4 del Acto Legislativo 01 de 2009, que modificó el artículo 122 de la Constitución Política de Colombia: Condena patromonio del estado) Artículos 8º y 9º de la Ley 80 de 1993 (incluye modificaciones Art. 18 de la Ley 1150 de 2007 y Artículos 1, 2, 4 , 5, 27, Parágrafo 2 articulo 84 , artículo 90 de la ley 1474 del 2011 (revisión en el RUP). Incluye consulta en REDAM (Ley 2097 de 2021)
A58: 3.2 No estar incurso en conflicto de interés numeral 1.14 (Quienes hayan realizados los estudios y diseños de la obra cuyo proceso de selección se va a realizar).
A59: 3.2 D. No estar reportados en el último boletín de responsables fiscales vigentes publicado por la Contraloría General de la República. Esta disposición aplica para el Proponente e integrantes de un Proponente Plural con domicilio en Colombia. Tratándose de Proponentes Extranjeros sin domicilio o sin sucursal en Colombia, deben declarar que no son responsables fiscales por actividades ejercidas en Colombia en el pasado y que no tienen sanciones vigentes en Colombia que impliquen inhabilidad para contratar con el Estado.
A60: La Entidad ha consultado los antecedentes judiciales en línea en los registros de las bases de datos, al igual que los antecedentes fiscales acorde con el artículo 60 de la Ley 610 de 2000, los antecedentes disciplinarios conforme con el artículo 1 de la Ley 1238 de 2008, el Registro Nacional de Medidas Correctivas del Ministerio de Defensa Nacional – Policía Nacional, de acuerdo con lo dispuesto en el artículo 184 de la Ley 1801 de 2016 – Código Nacional de Seguridad y Convivencia Ciudadana y el integrante no registra antecedentes.
A61: OBSERVACIONES
C62: =IFERROR(IF(MATCH("NO CUMPLE",C57:C60,0)>0,"NO CUMPLE"),"CUMPLE") -> CUMPLE | D62: =IFERROR(IF(MATCH("NO CUMPLE",D57:D60,0)>0,"NO CUMPLE"),"CUMPLE") -> CUMPLE | E62: =IFERROR(IF(MATCH("NO CUMPLE",E57:E60,0)>0,"NO CUMPLE"),"CUMPLE") -> CUMPLE | F62: =IFERROR(IF(MATCH("NO CUMPLE",F57:F60,0)>0,"NO CUMPLE"),"CUMPLE") -> CUMPLE
E63: =IFERROR(IF(MATCH("NO CUMPLE",C62:F62,0)>0,"NO CUMPLE"),"CUMPLE") -> CUMPLE
A64: EXISTENCIA Y REPRESENTACION LEGAL
A65: Personas naturales
A66: REQUISITO | C66: INTEGRANTE 1 | D66: INTEGRANTE 2 | E66: INTEGRANTE 3 | F66: INTEGRANTE 4
A67: Persona natural de nacionalidad colombiana: cédula de ciudadanía.
A68: Persona natural extranjera con residencia en Colombia: cédula de extranjería vigente.
A69: Persona natural extranjera sin domicilio en Colombia: pasaporte.
A70: El integrante persona natural debe acreditar la afiliación a los sistemas de seguridad social en salud y pensiones, aportando los certificados de afiliación respectivos o con el certificado de pago de la correspondiente planilla, pero no será obligatoria la presentación de este último. Los certificados de afiliación deben presentarse con fecha de expedición no mayor a treinta (30) días calendario anteriores al cierre del Proceso de Contratación.
A71: OBSERVACIONES
C72: =IFERROR(IF(MATCH("NO CUMPLE",C67:C70,0)>0,"NO CUMPLE"),"CUMPLE") -> CUMPLE | D72: =IFERROR(IF(MATCH("NO CUMPLE",D67:D70,0)>0,"NO CUMPLE"),"CUMPLE") -> CUMPLE | E72: =IFERROR(IF(MATCH("NO CUMPLE",E67:E70,0)>0,"NO CUMPLE"),"CUMPLE") -> CUMPLE | F72: =IFERROR(IF(MATCH("NO CUMPLE",F67:F70,0)>0,"NO CUMPLE"),"CUMPLE") -> CUMPLE
E73: =IFERROR(IF(MATCH("NO CUMPLE",C72:F72,0)>0,"NO CUMPLE"),"CUMPLE") -> CUMPLE
A74: Personas jurídicas
A75: REQUISITO | C75: INTEGRANTE 1 | D75: INTEGRANTE 2 | E75: INTEGRANTE 3 | F75: INTEGRANTE 4
A76: A-El integrante nacional o con sucursal en Colombia allega : I-Certificado de existencia y representación legal expedido por la Cámara de Comercio o autoridad competente y la fecha de expedición del certificado no mayor a treinta (30) días calendario anteriores a la fecha de cierre del Proceso de Contratación. (En caso de modificarse la fecha de cierre del proceso, se tendrá como referencia para establecer el plazo de vigencia del certificado de existencia y representación legal la originalmente fijada en el Pliego de Condiciones.)
A77: El certificado de existencia acredita que el objeto de la sociedad permite ejecutar las actividades descritas en el objeto del Proceso de Contratación
A78: El certificado de existencia acredita que la duración no será inferior a la del plazo del contrato y un año más.
A79: Si el representante legal de la sociedad tiene restricciones para contraer obligaciones en nombre de la misma, acredita su capacidad a través de una autorización suficiente otorgada por el órgano social competente respectivo para cada caso.
A80: El certificado de existencia acredita el nombramiento del revisor fiscal en caso de que deba contar con uno. (Las sociedades comerciales que cumplan las siguientes condiciones:Poseer activos brutos al 31 de diciembre de 2023 iguales o superiores a 5.000 smmlv o 580.000 UVB ($5.800.000.000), Contar con ingresos brutos al 31 de diciembre de 2023, iguales o superiores a 3.000 smmlv o 348.000 UVB ($3.480.000.000); Sociedades por acciones, Sucursales de compañías extranjeras, Sociedades en las que la administración no corresponda a los socios, cuando así lo disponga al menos el 20 % del capital de la sociedad, excluida la administración.)
A81: El certificado de existencia acredita que las personas jurídicas extranjeras con actividades permanentes en Colombia (contratos de obra o servicios) deberán estar legalmente establecidas en el territorio nacional de acuerdo con los artículos 471 y 474 del Código de Comercio.
A82: III. Allega Certificación del revisor fiscal en caso de ser sociedad anónima colombiana, en la que conste si es abierta o cerrada.
A83: III. Fotocopia del documento de identificación del representante legal. (Y del suplente en caso que sea este quien firme la oferta)
A84: B. El proponentes Persona jurídica extranjera sin Sucursal o domicilio en Colombia: allega: Documentos que acredite la existencia y representación legal de la sociedad extranjera, presentados de conformidad con lo establecido en el Pliego de Condiciones, en el que debe constar, como mínimo, los aspectos del numeral 3.3.2.B del documento base. (Nombre o razón social completa Nombre del representante legal o de la persona facultada para comprometer a la persona jurídica; Que el objeto de la sociedad permita ejecutar las actividades descritas en el objeto del Proceso de Contratación; facultades del representante legal o de la persona designada para comprometer a la persona jurídica, en la que se señale expresamente que el representante no tiene limitaciones para contraer obligaciones en nombre de la misma o aportando la autorización o documento correspondiente del órgano social competente para cada caso; Tipo, número y fecha del documento de constitución o creación; Fecha y clase de documento por el cual se reconoce la personería jurídica; Acreditar que su duración no será inferior a la del plazo del contrato y un año más; Fotocopia del documento de identificación del representante legal.
A85: C. Entidades Estatales: Deben presentar los siguientes documentos para acreditar su existencia: Acto de creación de la Entidad Estatal. Este puede ser ley, decreto, ordenanza, acuerdo o certificado de existencia y representación legal (este último no mayor a treinta (30) días calendario anteriores a la fecha de cierre del proceso de selección) o documento equivalente que permita conocer la naturaleza jurídica, funciones, órganos de dirección o régimen jurídico de contratación de la Entidad Estatal y requisitos de este literal.
A86: El integrante persona jurídica debe presentar el Formato 6 – Pagos de seguridad social y aportes legales suscrito por el revisor fiscal, de acuerdo con los requerimientos de ley o por el representante legal, bajo la gravedad del juramento, cuando no se requiera revisor fiscal, en el que conste el pago de los aportes de sus empleados a los sistemas de salud, riesgos laborales, pensiones y aportes a las cajas de compensación familiar, al Instituto Colombiano de Bienestar Familiar, al Servicio Nacional de Aprendizaje y al Fondo Nacional de Formación Profesional para la Industria de Construcción, cuando a ello haya lugar.
A87: OBSERVACIONES
C88: =IFERROR(IF(MATCH("NO CUMPLE",C76:C86,0)>0,"NO CUMPLE"),"CUMPLE") -> CUMPLE | D88: =IFERROR(IF(MATCH("NO CUMPLE",D76:D86,0)>0,"NO CUMPLE"),"CUMPLE") -> CUMPLE | E88: =IFERROR(IF(MATCH("NO CUMPLE",E76:E86,0)>0,"NO CUMPLE"),"CUMPLE") -> CUMPLE | F88: =IFERROR(IF(MATCH("NO CUMPLE",F76:F86,0)>0,"NO CUMPLE"),"CUMPLE") -> CUMPLE
E89: =IFERROR(IF(MATCH("NO CUMPLE",C88:F88,0)>0,"NO CUMPLE"),"CUMPLE") -> CUMPLE
A90: VERIFICACIÓN REQUISITOS PÓLIZA DE SERIEDAD DE LA OFERTA
A91: CUANTIA REQUERIDA | C91: 10% PO | D91: =IF(C14="NO",F12*10%,F23*10%) -> 72476103 | E91: VIGENCIA MÍNIMA | F91: =EDATE(E7,3) -> 46223
A92: ASEGURADORA | C92: # POLIZA Y ANEXO O CERTIFICADO Y FECHA DE EXPEDICION | D92: CUANTIA ASEGURADA | E92: VIGENCIA DESDE | F92: VIGENCIA HASTA
D96: =SUM(D93:D95) -> 0
A97: REQUISITO- NUMERAL DOCUMENTO BASE | C97: CUMPLE/NO CUMPLE | D97: ARCHIVO/FOLIOS | E97: OBSERVACIÓN
A98: 7.1 Presenta póliza de seriedad de la oferta a nombre del proponente identificando cada uno de sus integrantes, asegura a la entidad estatal y esta cumple con la vigencia y cuantía mínima requeridas y contiene los amparos del decreto 1082 de 2015.
A99: Póliza validada en el siguiente enlace:
A100: VERIFICACION CAUSALES DE RECHAZO JURIDICAS | M100: =+C106 -> 0
A101: LA OFERTA NO ESTÁ INCURSA EN LAS CAUSALES DE RECHAZO (NUMERAL 1.15) | D101: CAUSAL DE RECHAZO
A106: RESULTADO DE LA EVALUACIÓN | F106: =IF(AND(OR(C101="NO CUMPLE",C98="NO CUMPLE", E89="NO CUMPLE",E73="NO CUMPLE",E63="NO CUMPLE", E54="NO CUMPLE",E49="NO CUMPLE",E39="NO CUMPLE",)),"NO HABILITADA","HABILITADA") -> HABILITADA
A107: Proyectó: | C107: Revisó: | E107: Aprobó:
A109: OTTO GABRIEL FORERO | C109: RICARDO MOLINA | E109: JENNY CAROLINA VELANDÍA MARTINEZ
A110: Abogado Grupo de Convenios y Contratos | C110: Abogado Grupo de Convenios y Contratos | E110: =VLOOKUP(E109,Hoja1!L1:M8,2,0) -> Coordinadora Grupo de Convenios y Contratos

Sheet P9
B1: ANÁLISIS DE REQUISITOS JURÍDICOS | E1: Código: F-GCC-030 Versión: 0 Fecha: 24/Oct/2014
B7: FECHA DE CIERRE | D7: ='Hoja de Registro'!C6 -> 46132
B8: FECHA DEL INFORME | D8: =TODAY() -> 46135
A9: NÚMERO DEL PROCESO DE SELECCIÓN (REFERENCIA SECOP) | D9: ='Hoja de Registro'!C3 -> MC-SA-MC-0001-2026
A10: INFORME DE VERIFICACIÓN DE REQUISITOS HABILITANTES JURÍDICOS | E10: PRELIMINAR
A11: OBJETO | B11: ='Hoja de Registro'!C4 -> Realizar las obras de reparaciones locativas del inmueble Casa Museo Guillermo León Valencia de Popayán - Cauca, ubicado en el centro histórico declarado bien de interés cultural del ámbito nacional
A12: MODALIDAD DE SELECCIÓN | B12: SELECCIÓN ABREVIADA DE MENOR CUANTÍA | D12: VALOR TOTAL PRESUPUESTO OFICIAL | E12: ='Hoja de Registro'!C5 -> 724761029
A13: DOCUMENTOS TIPO APLICABLES | B13: SI | C13: Documentos tipo de menor cuantía de obra pública de infraestructura social
A14: ADJUDICACIÓN POR LOTES | B14: NO | D14: LOTES A LOS QUE SE PRESENTA | E14: =VLOOKUP('P9'!C15,'Hoja de Registro'!A8:G86,7,0) -> 0
A15: NUMERO Y NOMBRE DEL PROPONENTE | B15: # | C15: 9 | D15: =VLOOKUP($C$15,'Hoja de Registro'!$A$8:$B$90,2) -> CONSTRUCCIONES E INVERSIONES ESTELAR SAS
A16: NATURALEZA JURÍDICA | B16: =VLOOKUP(C15,'Hoja de Registro'!$A$8:$C$90,3) -> JURIDICO | D16: ORIGEN | E16: NACIONAL
A17: IDENTIFICACIÓN | B17: Clase | D17: No. | E17: 901.352.057-8
A18: REPRESENTANTE LEGAL DEL PROPONENTE P JURÍDICA | B18: NORMA PATRICIA LUNA HERNANDEZ
A19: IDENTIFICACIÓN | B19: Clase | C19: C.C. | D19: No. | E19: 40441590
A20: EL PROPONENTE ACREDITA ALGUNA CONDICIÓN PARA CRITERIOS DIFERENCIALES | B20: MiPyme | C20: EMPRESAS Y EMPRENDIMIENTOS DE MUJERES | E20: EMPRENDIMIENTOS Y EMPRESAS DE PERSONAS CON DISCAPACIDAD
A22: USUARIO SECOP II | B22: CONSTRUCCIONES E INVERSIONES ESTELAR SAS | D22: FECHA Y HORA DE ENTREGA DE LA OFERTA | E22: 46132.035
A23: CANTIDAD DE LOTES A LOS QUE PRESENTA OFERTA | B23: NO APLICA | D23: VALOR DEL PTO DE LOS LOTES OFERTADOS PARA VERIFICACIÓN DE LA PÓLIZA DE SERIEDAD DE LA OFERTA | E23: NO APLICA
A24: VERIFICACIÓN CUMPLIMIENTO REQUISITOS JURÍDICOS - CONTENIDO SOBRE 1
A25: REQUISITO- NUMERAL DOCUMENTO BASE | B25: CUMPLE/NO CUMPLE | C25: ARCHIVO/FOLIOS | D25: OBSERVACIÓN
A26: CAPÍTULO II- ELABORACIÓN Y PRESENTACIÓN DE LA OFERTA
A27: 2.1 El Proponente presenta el Formato 1 – Carta de Presentación de la Oferta, firmado por la persona natural o por el representante legal del Proponente individual o Plural, o por el apoderado. | B27: CUMPLE | C27: CARTA DE PRESENTACION | D27: El proponente allega el Formato 1 – Carta de Presentación de la Oferta suscrita por el representante legal.
A28: 2.1 Quien suscribe la oferta y La persona natural (Proponente individual o integrante de un Proponente Plural) que pretenda participar en el presente proceso, debe acreditar que posee título como arquitecto o ingeniero en la respectiva rama de la ingeniería, para lo cual adjuntará copia de la tarjeta profesional y certificado de vigencia de la matrícula profesional expedida por la autoridad competente, vigente a la fecha de cierre de este procedimiento de selección. El requisito de la tarjeta profesional se puede suplir con el registro de que trata el artículo 18 del Decreto-Ley 2106 de 2019. | B28: CUMPLE | C28: CARTA DE PRESENTACION | D28: El proponente allega el Formato 1 – Carta de Presentación de la Oferta, se encuentra suscrito por ISMAEL ENRIQUE GUTIERREZ HERRERA, quien avala la oferta acreditando el título de ingeniero civil con matrícula profesional No. 25202-16623CND, aporta certificado del COPNIA vigente y T.P | K28: CONSULTA WEB
A29: 2.2 En caso de apoderado se anexa el poder otorgado en legal forma (artículo 5 del Decreto – Ley 019 de 2012), en el que se confiere al apoderado de manera clara y expresa facultades amplias y suficientes para actuar, obligar y responsabilizar a quien(es) representa en el trámite del proceso y en la suscripción del Contrato. | B29: NO APLICA | K29: PRESENTA
A30: 2.3 La oferta es presentada en el Secop II antes de la fecha y hora de cierre y allega el sobre. El proponente es plural lo hace como usuario plural en el Secop. | B30: CUMPLE | D30: Propuesta presentada el 20/04/2026 12:50:00 a. m.
A31: 1.9 Los documentos públicos otorgados en el exterior están apostillados o legalizados según corresponda | B31: NO APLICA
A32: CAPÍTULO III- REQUISITOS HABILITANTES Y VERIFICACIÓN
A33: 3.1 D. Los Proponentes obligados a estar inscritos en el Registro Único de Proponentes (RUP), deben aportar certificado con fecha de expedición no mayor a treinta (30) días calendario anteriores a la fecha de cierre del Proceso de Contratación. En caso de modificarse la fecha de cierre del Proceso, se tendrá como referencia para establecer el plazo de vigencia del certificado la fecha originalmente establecida en el Pliego de condiciones definitivo. | B33: CUMPLE | C33: RUP 17 ABRIL 2026 | D33: RUP Renovado, viegnte y en firme con fecha de expedición del 17 DE ABRIL DE 2026
A34: INHABILIDADES
A35: 3.2 C.- No estar incursos en ninguna de las circunstancias de inhabilidad, incompatibilidad, conflicto de interés o prohibición para contratar previstas en la Constitución y en la ley (Artículo 4 del Acto Legislativo 01 de 2009, que modificó el artículo 122 de la Constitución Política de Colombia: Condena patromonio del estado) Artículos 8º y 9º de la Ley 80 de 1993 (incluye modificaciones Art. 18 de la Ley 1150 de 2007 y Artículos 1, 2, 4 , 5, 27, Parágrafo 2 articulo 84 , artículo 90 de la ley 1474 del 2011 (revisión en el RUP). Incluye consulta en REDAM (Ley 2097 de 2021) | B35: CUMPLE | C35: CAPACIDAD JURIDICA | D35: Sin observaciones
A36: 3.2..- No estar incurso en conflicto de interés numeral 1.14 (Quienes hayan realizados los estudios y diseños de la obra cuyo proceso de selección se va a realizar). | B36: CUMPLE | C36: N/A | D36: Sin observaciones
A37: 3.2 D. No estar reportados en el último boletín de responsables fiscales vigentes publicado por la Contraloría General de la República. Esta disposición aplica para el Proponente e integrantes de un Proponente Plural con domicilio en Colombia. Tratándose de Proponentes Extranjeros sin domicilio o sin sucursal en Colombia, deben declarar que no son responsables fiscales por actividades ejercidas en Colombia en el pasado y que no tienen sanciones vigentes en Colombia que impliquen inhabilidad para contratar con el Estado. | B37: CUMPLE | C37: N/A | D37: Sin observaciones
A38: 3.2 F.La Entidad ha consultado los antecedentes judiciales en línea en los registros de las bases de datos, al igual que los antecedentes fiscales acorde con el artículo 60 de la Ley 610 de 2000, los antecedentes disciplinarios conforme con el artículo 1 de la Ley 1238 de 2008, el Registro Nacional de Medidas Correctivas del Ministerio de Defensa Nacional – Policía Nacional, de acuerdo con lo dispuesto en el artículo 184 de la Ley 1801 de 2016 – Código Nacional de Seguridad y Convivencia Ciudadana y el proponente no registra antecedentes. | B38: CUMPLE | C38: N/A | D38: Sin observaciones
A39: EXISTENCIA Y REPRESENTACION LEGAL
A40: Personas naturales
A41: 3.3.1.Persona natural de nacionalidad colombiana: cédula de ciudadanía.
A42: Persona natural extranjera con residencia en Colombia: cédula de extranjería vigente.
A43: Persona natural extranjera sin domicilio en Colombia: pasaporte.
A44: 3.4.El Proponente persona natural debe acreditar la afiliación a los sistemas de seguridad social en salud y pensiones, aportando los certificados de afiliación respectivos o con el certificado de pago de la correspondiente planilla, pero no será obligatoria la presentación de este último. Los certificados de afiliación deben presentarse con fecha de expedición no mayor a treinta (30) días calendario anteriores al cierre del Proceso de Contratación.
A45: Personas jurídicas
A46: A-El proponente nacional o con sucursal en Colombia allega : I-Certificado de existencia y representación legal expedido por la Cámara de Comercio o autoridad competente y la fecha de expedición del certificado no mayor a treinta (30) días calendario anteriores a la fecha de cierre del Proceso de Contratación. (En caso de modificarse la fecha de cierre del proceso, se tendrá como referencia para establecer el plazo de vigencia del certificado de existencia y representación legal la originalmente fijada en el Pliego de Condiciones.) | B46: CUMPLE | C46: EXISTENCIA Y REPRESENTACION LEGAL | D46: Sin observaciones
A47: El certificado de existencia acredita que el objeto de la sociedad permite ejecutar las actividades descritas en el objeto del Proceso de Contratación | B47: CUMPLE | C47: EXISTENCIA Y REPRESENTACION LEGAL | D47: Sin observaciones
A48: El certificado de existencia acredita que la duración no será inferior a la del plazo del contrato y un año más. | B48: CUMPLE | C48: EXISTENCIA Y REPRESENTACION LEGAL | D48: Sin observaciones
A49: Si el representante legal de la sociedad tiene restricciones para contraer obligaciones en nombre de la misma, acredita su capacidad a través de una autorización suficiente otorgada por el órgano social competente respectivo para cada caso. | B49: CUMPLE | C49: EXISTENCIA Y REPRESENTACION LEGAL | D49: Sin observaciones
A50: El certificado de existencia acredita el nombramiento del revisor fiscal en caso de que deba contar con uno.El certificado de existencia acredita el nombramiento del revisor fiscal en caso de que deba contar con uno. (Las sociedades comerciales que cumplan las siguientes condiciones:Poseer activos brutos al 31 de diciembre de 2026 iguales o superiores a 5.000 SMMLV (equivalentes aproximadamente a $7.117.500.000) o 580.000 UVB. Contar con ingresos brutos al 31 de diciembre de 2026 iguales o superiores a 3.000 SMMLV (equivalentes aproximadamente a $4.270.500.000) o 348.000 UVB | B50: CUMPLE | C50: EXISTENCIA Y REPRESENTACION LEGAL | D50: Sin observaciones
A51: El certificado de existencia acredita que las personas jurídicas extranjeras con actividades permanentes en Colombia (contratos de obra o servicios) deberán estar legalmente establecidas en el territorio nacional de acuerdo con los artículos 471 y 474 del Código de Comercio. | B51: NO APLICA
A52: III. Allega Certificación del revisor fiscal en caso de ser sociedad anónima colombiana, en la que conste si es abierta o cerrada. | B52: NO APLICA
A53: III. Fotocopia del documento de identificación del representante legal. (Y del suplente en caso que sea este quien firme la oferta) | B53: CUMPLE | C53: 2-CEDULA RPL ESTELAR | D53: Sin observaciones
A54: B. El proponentes Persona jurídica extranjera sin Sucursal o domicilio en Colombia: allega: Documentos que acredite la existencia y representación legal de la sociedad extranjera, presentados de conformidad con lo establecido en el Pliego de Condiciones, en el que debe constar, como mínimo, los aspectos del numeral 3.3.2.B del documento base. (Nombre o razón social completa Nombre del representante legal o de la persona facultada para comprometer a la persona jurídica; Que el objeto de la sociedad permita ejecutar las actividades descritas en el objeto del Proceso de Contratación; facultades del representante legal o de la persona designada para comprometer a la persona jurídica, en la que se señale expresamente que el representante no tiene limitaciones para contraer obligaciones en nombre de la misma o aportando la autorización o documento correspondiente del órgano social competente para cada caso; Tipo, número y fecha del documento de constitución o creación; Fecha y clase de documento por el cual se reconoce la personería jurídica; Acreditar que su duración no será inferior a la del plazo del contrato y un año más; Fotocopia del documento de identificación del representante legal. | B54: NO APLICA
A55: C. Entidades Estatales: Deben presentar los siguientes documentos para acreditar su existencia: Acto de creación de la Entidad Estatal. Este puede ser ley, decreto, ordenanza, acuerdo o certificado de existencia y representación legal (este último no mayor a treinta (30) días calendario anteriores a la fecha de cierre del proceso de selección) o documento equivalente que permita conocer la naturaleza jurídica, funciones, órganos de dirección o régimen jurídico de contratación de la Entidad Estatal y requisitos de este literal. | B55: NO APLICA
A56: 3.4.El Proponente persona jurídica debe presentar el Formato 6 – Pagos de seguridad social y aportes legales suscrito por el revisor fiscal, de acuerdo con los requerimientos de ley o por el representante legal, bajo la gravedad del juramento, cuando no se requiera revisor fiscal, en el que conste el pago de los aportes de sus empleados a los sistemas de salud, riesgos laborales, pensiones y aportes a las cajas de compensación familiar, al Instituto Colombiano de Bienestar Familiar, al Servicio Nacional de Aprendizaje y al Fondo Nacional de Formación Profesional para la Industria de Construcción, cuando a ello haya lugar. | B56: CUMPLE | C56: FORMATO 6 PAGOS DE SEGURIDAD SOCIAL Y APORTES PARAFISCALES | D56: Sin observaciones
A57: VERIFICACIÓN REQUISITOS PÓLIZA DE SERIEDAD DE LA OFERTA
A58: CUANTIA REQUERIDA | B58: 10% PO | C58: =IF(B14="NO",E12*10%,E23*10%) -> 72476103 | D58: VIGENCIA MÍNIMA | E58: =EDATE(D7,3) -> 46223
A59: ASEGURADORA | B59: # POLIZA Y ANEXO O CERTIFICADO Y FECHA DE EXPEDICION | C59: CUANTIA ASEGURADA | D59: VIGENCIA DESDE | E59: VIGENCIA HASTA
A60: SEGUROS DEL ESTADO S.A. | B60: 11-44-101281439 | C60: 72476103 | D60: 46132 | E60: 46234
C63: =SUM(C60:C62) -> 72476103
A64: REQUISITO- NUMERAL DOCUMENTO BASE | B64: CUMPLE/NO CUMPLE | C64: ARCHIVO/FOLIOS | D64: OBSERVACIÓN
A65: 7.1 Presenta póliza de seriedad de la oferta a nombre del proponente y de la entidad estatal y esta cumple con la vigencia y cuantía mínima requeridas. | B65: CUMPLE | C65: GARANTIA DE SERIEDAD DE LA OFERTA PROPONENTE ESTELAR_1 | D65: La garantía de seriedad de la oferta cumple con los requisitos exigidos
A66: Póliza validada en el siguiente enlace: | B66: https://consultapoliza.segurosdelestado.com/consultapoliza/Home/ConsultarPoliza
A67: VERIFICACION CAUSALES DE RECHAZO
A68: LA OFERTA NO ESTÁ INCURSA EN LAS CAUSALES DE RECHAZO (NUMERAL 1.15) | B68: CUMPLE | C68: CAUSAL DE RECHAZO
L71: =+B73 -> 0
A73: RESULTADO DE LA EVALUACIÓN | E73: =IFERROR(IF(MATCH("NO CUMPLE",B27:B72,0)>0,"NO HABILITADA"),"HABILITADA") -> HABILITADA
A74: Proyectó: | B74: Revisó: | D74: Aprobó:
A75: #VALUE! | B75: #VALUE! | D75: #VALUE!
A76: OTTO GABRIEL FORERO | B76: RICARDO MOLINA | D76: JENNY CAROLINA VELANDÍA MARTINEZ
A77: Abogado Grupo de Convenios y Contratos | B77: Abogado Grupo de Convenios y Contratos | D77: =VLOOKUP(D76,[1]Hoja1!L1:M8,2,0) -> Coordinadora Grupo de Convenios y Contratos

Sheet P10
C1: ANÁLISIS DE REQUISITOS JURÍDICOS | F1: Código: F-GCC-030 Versión: 0 Fecha: 24/Oct/2014
C7: FECHA DE CIERRE | E7: ='Hoja de Registro'!C6 -> 46132
C8: FECHA DEL INFORME | E8: =TODAY() -> 46135
A9: NÚMERO DEL PROCESO DE SELECCIÓN (REFERENCIA SECOP) | E9: ='Hoja de Registro'!C3 -> MC-SA-MC-0001-2026
A10: INFORME DE VERIFICACIÓN DE REQUISITOS HABILITANTES JURÍDICOS | F10: PRELIMINAR
A11: OBJETO | C11: ='Hoja de Registro'!C4 -> Realizar las obras de reparaciones locativas del inmueble Casa Museo Guillermo León Valencia de Popayán - Cauca, ubicado en el centro histórico declarado bien de interés cultural del ámbito nacional
A12: MODALIDAD DE SELECCIÓN | C12: SELECCIÓN ABREVIADA DE MENOR CUANTÍA | E12: VALOR TOTAL PRESUPUESTO OFICIAL | F12: ='Hoja de Registro'!C5 -> 724761029
A13: DOCUMENTOS TIPO APLICABLES | C13: SI | D13: =IF(C13="SI","Documentos tipo de licitación de obra pública para proyectos de infraestructura sociall","") -> Documentos tipo de licitación de obra pública para proyectos de infraestructura sociall
A14: ADJUDICACIÓN POR LOTES | C14: NO | E14: LOTES A LOS QUE PRESENTA OFERTA
A15: NUMERO Y NOMBRE DEL PROPONENTE | C15: # | D15: 10 | E15: =VLOOKUP(D15,'Hoja de Registro'!A8:B90,2) -> CONSORCIO OBRAS Y SOLUCIONES DM
A16: NATURALEZA JURÍDICA | C16: =VLOOKUP($D$15,'Hoja de Registro'!$A$8:$C$90,3) -> CONSORCIO | E16: ORIGEN | F16: NACIONAL
A17: IDENTIFICACIÓN | C17: Clase | E17: No.
A18: REPRESENTANTE LEGAL DEL PROPONENTE | C18: DIEGO REINEL FERNANDEZ ORDOÑEZ
A19: IDENTIFICACIÓN | C19: Clase | D19: C.C. | E19: No. | F19: 76308614
A20: EL PROPONENTE ACREDITA ALGUNA CONDICIÓN PARA CRITERIOS DIFERENCIALES | C20: MiPyme | D20: EMPRESAS Y EMPRENDIMIENTOS DE MUJERES | F20: EMPRENDIMIENTOS Y EMPRESAS DE PERSONAS CON DISCAPACIDAD
A22: USUARIO SECOP II | C22: CONSORCIO OBRAS Y SOLUCIONES DM | E22: FECHA Y HORA DE ENTREGA DE LA OFERTA | F22: 46132.301
A23: CANTIDAD DE LOTES A LOS QUE PRESENTA OFERTA | C23: NO APLICA | E23: VALOR DEL PTO DE LOS LOTES OFERTADOS PARA VERIFICACIÓN DE LA PÓLIZA DE SERIEDAD DE LA OFERTA | F23: NO APLICA
A24: IDENTIFICACION DE INTEGRANTES PARA PROPONENTES PLURALES
A25: # | B25: NOMBRE | C25: NATURALEZA JURIDICA | D25: I.D | E25: REPRESENTANTE LEGAL Y DNI | F25: %PARTICIPACION | G25: =IF(F30<>100%,"REVISE SUMATORIA",0) -> 0
A26: 1 | B26: DIEGO REINEL FERNANDEZ ORDOÑEZ | C26: PERSONA NATURAL | D26: 76308614 | E26: DIEGO REINEL FERNANDEZ ORDOÑEZ | F26: 0.9
A27: 2 | B27: MAYORCA CONSTRUCCIONES SAS | C27: PERSONA JURIDICA | D27: 901.725.241-9 | E27: WEIMAR MAYORCA TORRES | F27: 0.1
A28: 3
A29: 4
F30: =SUM(F26:F29) -> 1
A31: VERIFICACIÓN CUMPLIMIENTO REQUISITOS JURÍDICOS - CONTENIDO SOBRE 1
A32: CAPÍTULO II- ELABORACIÓN Y PRESENTACIÓN DE LA OFERTA
A33: REQUISITO- NUMERAL DOCUMENTO BASE | C33: CUMPLE/NO CUMPLE | D33: ARCHIVO/FOLIOS | E33: OBSERVACIÓN
A34: 2.1 El Proponente presenta el Formato 1 – Carta de Presentación de la Oferta, firmado por la persona natural o por el representante legal del Proponente individual o Plural, o por el apoderado. | C34: CUMPLE | D34: Formato 1_Carta de presentación de la oferta | E34: El Proponente presenta el Formato 1 – Carta de Presentación de la Oferta, debidamente firmado por el representante legal del Proponente Plural.
A35: 2.1 Quien suscribe la oferta y la persona natural proponente o integrante del proponente que posee título como arquitecto o ingeniero en la respectiva rama de la ingeniería, para lo cual adjunta copia de la tarjeta profesional y certificado de vigencia de la matrícula profesional expedida por la autoridad competente, vigente a la fecha de cierre de este procedimiento de selección y en caso de que quien suscribe no sea ingeniero presenta avalada la oferta por ingeniero civil y allega copia de la tarjeta profesional y certificado de vigencia de la matrícula profesional vigente a la fecha de cierre. | C35: CUMPLE | D35: Formato 1_Carta de presentación de la oferta | E35: El Proponente presenta el Formato 1 – Carta de Presentación de la Oferta, se encuentra suscrito por DIEGO REINEL FERNÁNDEZ ORDOÑEZ, Representante Legal, Ingeniero Civil con Matrícula Profesional No 19202-46295. Aporta certificado del COPNIA vigente y T.P.
A36: 2.2 En caso de apoderado se anexa el poder otorgado en legal forma (artículo 5 del Decreto – Ley 019 de 2012), en el que se confiere al apoderado de manera clara y expresa facultades amplias y suficientes para actuar, obligar y responsabilizar a quien(es) representa en el trámite del proceso y en la suscripción del Contrato. | C36: NO APLICA
A37: 2.3 La oferta es presentada en el Secop II antes de la fecha y hora de cierre y allega el sobre 1 y el sobre 2 de manera separada. La información de la oferta ecónómica no se incluye en el sobre 1 y si el proponente es plural lo hace como usuario plural en el Secop. | C37: CUMPLE | E37: Propuesta presentada el 20/04/2026 7:14:00 a. m.
A38: 1.9 Los documentos públicos otorgados en el exterior están apostillados o legalizados según corresponda | C38: NO APLICA
E39: =IFERROR(IF(MATCH("NO CUMPLE",C34:C38,0)>0,"NO CUMPLE"),"CUMPLE") -> CUMPLE
A40: CAPÍTULO III- REQUISITOS HABILITANTES Y VERIFICACIÓN
A41: DOCUMENTO DE CONSTITUCION
A42: REQUISITO- NUMERAL DOCUMENTO BASE | C42: CUMPLE/NO CUMPLE | D42: ARCHIVO/FOLIOS | E42: OBSERVACIÓN
A43: 3.3.3 A Presenta Fomato 2 o documento de conformación especificando si es Unión Temporal o en Consorcio. En este documento los integrantes deben expresar su intención de conformar el Proponente Plural. En caso de que no exista precisión sobre el tipo de asociación se solicitará aclaración. Los Proponentes deben incluir como mínimo la información requerida en el Formato 2 – Conformación de Proponente Plural (Formato 2A – Consorcios) (Formato 2B – Uniones Temporales). | C43: NO CUMPLE | E43: El Proponente no aporta el Formato 2
A44: B.Acredita el nombramiento de un representante y un suplente, este último en caso de considerarlo conveniente, cuya designación deberá quedar definida en el Formato 2 – Conformación de Proponente Plural (Formato 2A – Consorcios) (Formato 2B – Uniones Temporales), de las personas naturales y/o jurídicas asociadas | C44: NO CUMPLE | E44: El Proponente no aporta el Formato 2
A45: C.Aporta copia del documento de identificación del representante principal y suplente del Proponente Plural, en caso de que se haya nombrado este último. | C45: NO CUMPLE | E45: El Proponente no aporta el Formato 2, por lo cual no se puede identificar quienes son los integrantes del consorcio y su representante legal suplente
A46: D. Acredita que la vigencia del Proponente Plural no sea inferior a la del plazo del Contrato y un año adicional. Para efectos de la evaluación, este plazo será contado a partir de la fecha del cierre del Proceso de Contratación. | C46: NO CUMPLE | E46: El Proponente no aporta el Formato 2
A47: E.El Proponente Plural debe señalar expresamente cuál es el porcentaje de participación de cada uno de sus integrantes. La sumatoria de este porcentaje no podrá ser diferente al 100 %. | C47: NO CUMPLE | E47: El Proponente no aporta el Formato 2
A48: Documento está firmado por todos los integrantes del Proponente Plural y en el caso del integrante persona jurídica, por el representante legal de dicha persona, o por el apoderado de cualquiera de los anteriores. | C48: NO CUMPLE | E48: El Proponente no aporta el Formato 2
E49: =IFERROR(IF(MATCH("NO CUMPLE",C43:C48,0)>0,"NO CUMPLE"),"CUMPLE") -> NO CUMPLE
A50: VERIFICACIÓN DE REQUISITOS HABILITANTES DE CADA INTEGRANTE
A51: REQUISITO | C51: INTEGRANTE 1 | D51: INTEGRANTE 2 | E51: INTEGRANTE 3 | F51: INTEGRANTE 4
A52: 3.1 D. El integrante está obligado a estar inscrito en el Registro Único de Proponentes (RUP), y aportar el certificado con fecha de expedición no mayor a treinta (30) días calendario anteriores a la fecha de cierre del Proceso de Contratación. Vigente y en firme (En caso de modificarse la fecha de cierre del proceso, se tendrá como referencia para establecer el plazo de vigencia del certificado la originalmente indicada en el Pliego de Condiciones).El RUP debe haberse renovado en el plazo legal. | C52: CUMPLE | D52: CUMPLE
A53: OBSERVACIONES | C53: Aporta certificado trámite de renovación del RUP del 8 de abril de 2026. Aporta RUP con fecha de expedición del 04-04-2026 en firme, año 2025 | D53: Aporta certificado trámite de renovación del RUP del 8 de abril de 2026. Aporta RUP con fecha de expedición del 04-04-2026 en firme, año 2025
E54: =IFERROR(IF(MATCH("NO CUMPLE",C52:F52,0)>0,"NO CUMPLE"),"CUMPLE") -> CUMPLE
A55: INHABILIDADES
A56: REQUISITO | C56: INTEGRANTE 1 | D56: INTEGRANTE 2 | E56: INTEGRANTE 3 | F56: INTEGRANTE 4
A57: 3.2 No estar incursos en ninguna de las circunstancias de inhabilidad, incompatibilidad, conflicto de interés o prohibición para contratar previstas en la Constitución y en la ley (Artículo 4 del Acto Legislativo 01 de 2009, que modificó el artículo 122 de la Constitución Política de Colombia: Condena patromonio del estado) Artículos 8º y 9º de la Ley 80 de 1993 (incluye modificaciones Art. 18 de la Ley 1150 de 2007 y Artículos 1, 2, 4 , 5, 27, Parágrafo 2 articulo 84 , artículo 90 de la ley 1474 del 2011 (revisión en el RUP). Incluye consulta en REDAM (Ley 2097 de 2021) | C57: CUMPLE | D57: CUMPLE
A58: 3.2 No estar incurso en conflicto de interés numeral 1.14 (Quienes hayan realizados los estudios y diseños de la obra cuyo proceso de selección se va a realizar). | C58: CUMPLE | D58: CUMPLE
A59: 3.2 D. No estar reportados en el último boletín de responsables fiscales vigentes publicado por la Contraloría General de la República. Esta disposición aplica para el Proponente e integrantes de un Proponente Plural con domicilio en Colombia. Tratándose de Proponentes Extranjeros sin domicilio o sin sucursal en Colombia, deben declarar que no son responsables fiscales por actividades ejercidas en Colombia en el pasado y que no tienen sanciones vigentes en Colombia que impliquen inhabilidad para contratar con el Estado. | C59: CUMPLE | D59: CUMPLE
A60: La Entidad ha consultado los antecedentes judiciales en línea en los registros de las bases de datos, al igual que los antecedentes fiscales acorde con el artículo 60 de la Ley 610 de 2000, los antecedentes disciplinarios conforme con el artículo 1 de la Ley 1238 de 2008, el Registro Nacional de Medidas Correctivas del Ministerio de Defensa Nacional – Policía Nacional, de acuerdo con lo dispuesto en el artículo 184 de la Ley 1801 de 2016 – Código Nacional de Seguridad y Convivencia Ciudadana y el integrante no registra antecedentes. | C60: CUMPLE | D60: CUMPLE
A61: OBSERVACIONES | C61: El Proponente Plural APORTA el REDAM vigente del integrante del consorcio | D61: El Proponente Plural APORTA el REDAM vigente del integrante del consorcio
C62: =IFERROR(IF(MATCH("NO CUMPLE",C57:C60,0)>0,"NO CUMPLE"),"CUMPLE") -> CUMPLE | D62: =IFERROR(IF(MATCH("NO CUMPLE",D57:D60,0)>0,"NO CUMPLE"),"CUMPLE") -> CUMPLE | E62: =IFERROR(IF(MATCH("NO CUMPLE",E57:E60,0)>0,"NO CUMPLE"),"CUMPLE") -> CUMPLE | F62: =IFERROR(IF(MATCH("NO CUMPLE",F57:F60,0)>0,"NO CUMPLE"),"CUMPLE") -> CUMPLE
E63: =IFERROR(IF(MATCH("NO CUMPLE",C62:F62,0)>0,"NO CUMPLE"),"CUMPLE") -> CUMPLE
A64: EXISTENCIA Y REPRESENTACION LEGAL
A65: Personas naturales
A66: REQUISITO | C66: INTEGRANTE 1 | D66: INTEGRANTE 2 | E66: INTEGRANTE 3 | F66: INTEGRANTE 4
A67: Persona natural de nacionalidad colombiana: cédula de ciudadanía. | C67: CUMPLE
A68: Persona natural extranjera con residencia en Colombia: cédula de extranjería vigente. | C68: NO APLICA
A69: Persona natural extranjera sin domicilio en Colombia: pasaporte. | C69: NO APLICA
A70: El integrante persona natural debe acreditar la afiliación a los sistemas de seguridad social en salud y pensiones, aportando los certificados de afiliación respectivos o con el certificado de pago de la correspondiente planilla, pero no será obligatoria la presentación de este último. Los certificados de afiliación deben presentarse con fecha de expedición no mayor a treinta (30) días calendario anteriores al cierre del Proceso de Contratación. | C70: CUMPLE
A71: OBSERVACIONES | C71: Sin observaciones
C72: =IFERROR(IF(MATCH("NO CUMPLE",C67:C70,0)>0,"NO CUMPLE"),"CUMPLE") -> CUMPLE | D72: =IFERROR(IF(MATCH("NO CUMPLE",D67:D70,0)>0,"NO CUMPLE"),"CUMPLE") -> CUMPLE | E72: =IFERROR(IF(MATCH("NO CUMPLE",E67:E70,0)>0,"NO CUMPLE"),"CUMPLE") -> CUMPLE | F72: =IFERROR(IF(MATCH("NO CUMPLE",F67:F70,0)>0,"NO CUMPLE"),"CUMPLE") -> CUMPLE
E73: =IFERROR(IF(MATCH("NO CUMPLE",C72:F72,0)>0,"NO CUMPLE"),"CUMPLE") -> CUMPLE
A74: Personas jurídicas
A75: REQUISITO | C75: INTEGRANTE 1 | D75: INTEGRANTE 2 | E75: INTEGRANTE 3 | F75: INTEGRANTE 4
A76: A-El integrante nacional o con sucursal en Colombia allega : I-Certificado de existencia y representación legal expedido por la Cámara de Comercio o autoridad competente y la fecha de expedición del certificado no mayor a treinta (30) días calendario anteriores a la fecha de cierre del Proceso de Contratación. (En caso de modificarse la fecha de cierre del proceso, se tendrá como referencia para establecer el plazo de vigencia del certificado de existencia y representación legal la originalmente fijada en el Pliego de Condiciones.) | D76: CUMPLE
A77: El certificado de existencia acredita que el objeto de la sociedad permite ejecutar las actividades descritas en el objeto del Proceso de Contratación | D77: CUMPLE
A78: El certificado de existencia acredita que la duración no será inferior a la del plazo del contrato y un año más. | D78: CUMPLE
A79: Si el representante legal de la sociedad tiene restricciones para contraer obligaciones en nombre de la misma, acredita su capacidad a través de una autorización suficiente otorgada por el órgano social competente respectivo para cada caso. | D79: CUMPLE
A80: El certificado de existencia acredita el nombramiento del revisor fiscal en caso de que deba contar con uno. (Las sociedades comerciales que cumplan las siguientes condiciones:Poseer activos brutos al 31 de diciembre de 2023 iguales o superiores a 5.000 smmlv o 580.000 UVB ($5.800.000.000), Contar con ingresos brutos al 31 de diciembre de 2023, iguales o superiores a 3.000 smmlv o 348.000 UVB ($3.480.000.000); Sociedades por acciones, Sucursales de compañías extranjeras, Sociedades en las que la administración no corresponda a los socios, cuando así lo disponga al menos el 20 % del capital de la sociedad, excluida la administración.) | D80: NO APLICA
A81: El certificado de existencia acredita que las personas jurídicas extranjeras con actividades permanentes en Colombia (contratos de obra o servicios) deberán estar legalmente establecidas en el territorio nacional de acuerdo con los artículos 471 y 474 del Código de Comercio. | D81: NO APLICA
A82: III. Allega Certificación del revisor fiscal en caso de ser sociedad anónima colombiana, en la que conste si es abierta o cerrada. | D82: NO APLICA
A83: III. Fotocopia del documento de identificación del representante legal. (Y del suplente en caso que sea este quien firme la oferta) | D83: CUMPLE
A84: B. El proponentes Persona jurídica extranjera sin Sucursal o domicilio en Colombia: allega: Documentos que acredite la existencia y representación legal de la sociedad extranjera, presentados de conformidad con lo establecido en el Pliego de Condiciones, en el que debe constar, como mínimo, los aspectos del numeral 3.3.2.B del documento base. (Nombre o razón social completa Nombre del representante legal o de la persona facultada para comprometer a la persona jurídica; Que el objeto de la sociedad permita ejecutar las actividades descritas en el objeto del Proceso de Contratación; facultades del representante legal o de la persona designada para comprometer a la persona jurídica, en la que se señale expresamente que el representante no tiene limitaciones para contraer obligaciones en nombre de la misma o aportando la autorización o documento correspondiente del órgano social competente para cada caso; Tipo, número y fecha del documento de constitución o creación; Fecha y clase de documento por el cual se reconoce la personería jurídica; Acreditar que su duración no será inferior a la del plazo del contrato y un año más; Fotocopia del documento de identificación del representante legal. | D84: NO APLICA
A85: C. Entidades Estatales: Deben presentar los siguientes documentos para acreditar su existencia: Acto de creación de la Entidad Estatal. Este puede ser ley, decreto, ordenanza, acuerdo o certificado de existencia y representación legal (este último no mayor a treinta (30) días calendario anteriores a la fecha de cierre del proceso de selección) o documento equivalente que permita conocer la naturaleza jurídica, funciones, órganos de dirección o régimen jurídico de contratación de la Entidad Estatal y requisitos de este literal. | D85: NO APLICA
A86: El integrante persona jurídica debe presentar el Formato 6 – Pagos de seguridad social y aportes legales suscrito por el revisor fiscal, de acuerdo con los requerimientos de ley o por el representante legal, bajo la gravedad del juramento, cuando no se requiera revisor fiscal, en el que conste el pago de los aportes de sus empleados a los sistemas de salud, riesgos laborales, pensiones y aportes a las cajas de compensación familiar, al Instituto Colombiano de Bienestar Familiar, al Servicio Nacional de Aprendizaje y al Fondo Nacional de Formación Profesional para la Industria de Construcción, cuando a ello haya lugar. | D86: CUMPLE
A87: OBSERVACIONES | D87: Sin observaciones
C88: =IFERROR(IF(MATCH("NO CUMPLE",C76:C86,0)>0,"NO CUMPLE"),"CUMPLE") -> CUMPLE | D88: =IFERROR(IF(MATCH("NO CUMPLE",D76:D86,0)>0,"NO CUMPLE"),"CUMPLE") -> CUMPLE | E88: =IFERROR(IF(MATCH("NO CUMPLE",E76:E86,0)>0,"NO CUMPLE"),"CUMPLE") -> CUMPLE | F88: =IFERROR(IF(MATCH("NO CUMPLE",F76:F86,0)>0,"NO CUMPLE"),"CUMPLE") -> CUMPLE
E89: =IFERROR(IF(MATCH("NO CUMPLE",C88:F88,0)>0,"NO CUMPLE"),"CUMPLE") -> CUMPLE
A90: VERIFICACIÓN REQUISITOS PÓLIZA DE SERIEDAD DE LA OFERTA
A91: CUANTIA REQUERIDA | C91: 10% PO | D91: =IF(C14="NO",F12*10%,F23*10%) -> 72476103 | E91: VIGENCIA MÍNIMA | F91: =EDATE(E7,3) -> 46223
A92: ASEGURADORA | C92: # POLIZA Y ANEXO O CERTIFICADO Y FECHA DE EXPEDICION | D92: CUANTIA ASEGURADA | E92: VIGENCIA DESDE | F92: VIGENCIA HASTA
A93: COMPAÑÍA MUNDIAL DE SEGUROS S.A. | C93: C-100114954 | D93: 72476103 | E93: 46132 | F93: 46233
D96: =SUM(D93:D95) -> 72476103
A97: REQUISITO- NUMERAL DOCUMENTO BASE | C97: CUMPLE/NO CUMPLE | D97: ARCHIVO/FOLIOS | E97: OBSERVACIÓN
A98: 7.1 Presenta póliza de seriedad de la oferta a nombre del proponente identificando cada uno de sus integrantes, asegura a la entidad estatal y esta cumple con la vigencia y cuantía mínima requeridas y contiene los amparos del decreto 1082 de 2015. | C98: CUMPLE | D98: POLIZA FIRMADA | E98: La garantía de seriedad de la oferta cumple con los requisitos exigidos
A99: Póliza validada en el siguiente enlace: | C99: https://productos.mundialseguros.com.co/
A100: VERIFICACION CAUSALES DE RECHAZO JURIDICAS | M100: =+C106 -> 0
A101: LA OFERTA NO ESTÁ INCURSA EN LAS CAUSALES DE RECHAZO (NUMERAL 1.15) | C101: CUMPLE | D101: CAUSAL DE RECHAZO
A106: RESULTADO DE LA EVALUACIÓN | F106: =IF(AND(OR(C101="NO CUMPLE",C98="NO CUMPLE", E89="NO CUMPLE",E73="NO CUMPLE",E63="NO CUMPLE", E54="NO CUMPLE",E49="NO CUMPLE",E39="NO CUMPLE",)),"NO HABILITADA","HABILITADA") -> NO HABILITADA
A107: Proyectó: | C107: Revisó: | E107: Aprobó:
A108: #VALUE!
A109: OTTO GABRIEL FORERO | C109: RICARDO MOLINA | E109: JENNY CAROLINA VELANDÍA MARTINEZ
A110: Abogado Grupo de Convenios y Contratos | C110: Abogado Grupo de Convenios y Contratos | E110: =VLOOKUP(E109,Hoja1!L1:M8,2,0) -> Coordinadora Grupo de Convenios y Contratos

Sheet P11
C1: ANÁLISIS DE REQUISITOS JURÍDICOS | F1: Código: F-GCC-030 Versión: 0 Fecha: 24/Oct/2014
C7: FECHA DE CIERRE | E7: ='Hoja de Registro'!C6 -> 46132
C8: FECHA DEL INFORME | E8: =TODAY() -> 46135
A9: NÚMERO DEL PROCESO DE SELECCIÓN (REFERENCIA SECOP) | E9: ='Hoja de Registro'!C3 -> MC-SA-MC-0001-2026
A10: INFORME DE VERIFICACIÓN DE REQUISITOS HABILITANTES JURÍDICOS | F10: PRELIMINAR
A11: OBJETO | C11: ='Hoja de Registro'!C4 -> Realizar las obras de reparaciones locativas del inmueble Casa Museo Guillermo León Valencia de Popayán - Cauca, ubicado en el centro histórico declarado bien de interés cultural del ámbito nacional
A12: MODALIDAD DE SELECCIÓN | C12: SELECCIÓN ABREVIADA DE MENOR CUANTÍA | E12: VALOR TOTAL PRESUPUESTO OFICIAL | F12: ='Hoja de Registro'!C5 -> 724761029
A13: DOCUMENTOS TIPO APLICABLES | C13: SI | D13: =IF(C13="SI","Documentos tipo de licitación de obra pública para proyectos de infraestructura sociall","") -> Documentos tipo de licitación de obra pública para proyectos de infraestructura sociall
A14: ADJUDICACIÓN POR LOTES | C14: NO | E14: LOTES A LOS QUE PRESENTA OFERTA
A15: NUMERO Y NOMBRE DEL PROPONENTE | C15: # | D15: 11 | E15: =VLOOKUP(D15,'Hoja de Registro'!A8:B90,2) -> CONSORCIO C&C
A16: NATURALEZA JURÍDICA | C16: =VLOOKUP($D$15,'Hoja de Registro'!$A$8:$C$90,3) -> CONSORCIO | E16: ORIGEN | F16: NACIONAL
A17: IDENTIFICACIÓN | C17: Clase | E17: No.
A18: REPRESENTANTE LEGAL DEL PROPONENTE | C18: CAMILO ERNESTO ROJAS TOVAR
A19: IDENTIFICACIÓN | C19: Clase | D19: C.C. | E19: No. | F19: 79912409
A20: EL PROPONENTE ACREDITA ALGUNA CONDICIÓN PARA CRITERIOS DIFERENCIALES | C20: MiPyme | D20: EMPRESAS Y EMPRENDIMIENTOS DE MUJERES | F20: EMPRENDIMIENTOS Y EMPRESAS DE PERSONAS CON DISCAPACIDAD
A22: USUARIO SECOP II | C22: CONSORCIO C&C | E22: FECHA Y HORA DE ENTREGA DE LA OFERTA | F22: 46132.303
A23: CANTIDAD DE LOTES A LOS QUE PRESENTA OFERTA | C23: NO APLICA | E23: VALOR DEL PTO DE LOS LOTES OFERTADOS PARA VERIFICACIÓN DE LA PÓLIZA DE SERIEDAD DE LA OFERTA | F23: NO APLICA
A24: IDENTIFICACION DE INTEGRANTES PARA PROPONENTES PLURALES
A25: # | B25: NOMBRE | C25: NATURALEZA JURIDICA | D25: I.D | E25: REPRESENTANTE LEGAL Y DNI | F25: %PARTICIPACION | G25: =IF(F30<>100%,"REVISE SUMATORIA",0) -> 0
A26: 1 | B26: CAMILO ERNESTO ROJAS TOVAR | C26: PERSONA NATURAL | D26: 79912409 | E26: CAMILO ERNESTO ROJAS TOVAR | F26: 0.9
A27: 2 | B27: C&C INGENIERIA E INVERSIONES SAS | C27: PERSONA JURIDICA | D27: 900.030.839-5 | E27: MARIA CAMILA RAMOS LOZANO | F27: 0.1
A28: 3
A29: 4
F30: =SUM(F26:F29) -> 1
A31: VERIFICACIÓN CUMPLIMIENTO REQUISITOS JURÍDICOS - CONTENIDO SOBRE 1
A32: CAPÍTULO II- ELABORACIÓN Y PRESENTACIÓN DE LA OFERTA
A33: REQUISITO- NUMERAL DOCUMENTO BASE | C33: CUMPLE/NO CUMPLE | D33: ARCHIVO/FOLIOS | E33: OBSERVACIÓN
A34: 2.1 El Proponente presenta el Formato 1 – Carta de Presentación de la Oferta, firmado por la persona natural o por el representante legal del Proponente individual o Plural, o por el apoderado. | C34: CUMPLE | D34: 1. CARTA DE PRESENTACION | E34: El Proponente presenta el Formato 1 – Carta de Presentación de la Oferta, debidamente firmado por el representante legal del Proponente Plural.
A35: 2.1 Quien suscribe la oferta y la persona natural proponente o integrante del proponente que posee título como arquitecto o ingeniero en la respectiva rama de la ingeniería, para lo cual adjunta copia de la tarjeta profesional y certificado de vigencia de la matrícula profesional expedida por la autoridad competente, vigente a la fecha de cierre de este procedimiento de selección y en caso de que quien suscribe no sea ingeniero presenta avalada la oferta por ingeniero civil y allega copia de la tarjeta profesional y certificado de vigencia de la matrícula profesional vigente a la fecha de cierre. | C35: CUMPLE | D35: 1. CARTA DE PRESENTACION | E35: El Proponente presenta el Formato 1 – Carta de Presentación de la Oferta, se encuentra suscrito por CAMILO ERNESTO ROJAS TOVAR, Representante Legal, Ingeniero Civil con Matrícula Profesional No 25202086047CND. Aporta certificado del COPNIA vigente y T.P.
A36: 2.2 En caso de apoderado se anexa el poder otorgado en legal forma (artículo 5 del Decreto – Ley 019 de 2012), en el que se confiere al apoderado de manera clara y expresa facultades amplias y suficientes para actuar, obligar y responsabilizar a quien(es) representa en el trámite del proceso y en la suscripción del Contrato. | C36: NO APLICA
A37: 2.3 La oferta es presentada en el Secop II antes de la fecha y hora de cierre y allega el sobre 1 y el sobre 2 de manera separada. La información de la oferta ecónómica no se incluye en el sobre 1 y si el proponente es plural lo hace como usuario plural en el Secop. | C37: CUMPLE | E37: Propuesta presentada el 20/04/2026 20/04/2026 7:16 AM
A38: 1.9 Los documentos públicos otorgados en el exterior están apostillados o legalizados según corresponda | C38: NO APLICA
E39: =IFERROR(IF(MATCH("NO CUMPLE",C34:C38,0)>0,"NO CUMPLE"),"CUMPLE") -> CUMPLE
A40: CAPÍTULO III- REQUISITOS HABILITANTES Y VERIFICACIÓN
A41: DOCUMENTO DE CONSTITUCION
A42: REQUISITO- NUMERAL DOCUMENTO BASE | C42: CUMPLE/NO CUMPLE | D42: ARCHIVO/FOLIOS | E42: OBSERVACIÓN
A43: 3.3.3 A Presenta Fomato 2 o documento de conformación especificando si es Unión Temporal o en Consorcio. En este documento los integrantes deben expresar su intención de conformar el Proponente Plural. En caso de que no exista precisión sobre el tipo de asociación se solicitará aclaración. Los Proponentes deben incluir como mínimo la información requerida en el Formato 2 – Conformación de Proponente Plural (Formato 2A – Consorcios) (Formato 2B – Uniones Temporales). | C43: CUMPLE | D43: 3. CARTA CONSORCIAL | E43: Sin observaciones
A44: B.Acredita el nombramiento de un representante y un suplente, este último en caso de considerarlo conveniente, cuya designación deberá quedar definida en el Formato 2 – Conformación de Proponente Plural (Formato 2A – Consorcios) (Formato 2B – Uniones Temporales), de las personas naturales y/o jurídicas asociadas | C44: CUMPLE | D44: 3. CARTA CONSORCIAL | E44: Sin observaciones
A45: C.Aporta copia del documento de identificación del representante principal y suplente del Proponente Plural, en caso de que se haya nombrado este último. | C45: CUMPLE | D45: 2. DOCUMENTOS | E45: Sin observaciones
A46: D. Acredita que la vigencia del Proponente Plural no sea inferior a la del plazo del Contrato y un año adicional. Para efectos de la evaluación, este plazo será contado a partir de la fecha del cierre del Proceso de Contratación. | C46: CUMPLE | D46: 3. CARTA CONSORCIAL | E46: Sin observaciones
A47: E.El Proponente Plural debe señalar expresamente cuál es el porcentaje de participación de cada uno de sus integrantes. La sumatoria de este porcentaje no podrá ser diferente al 100 %. | C47: CUMPLE | D47: 3. CARTA CONSORCIAL | E47: Sin observaciones
A48: Documento está firmado por todos los integrantes del Proponente Plural y en el caso del integrante persona jurídica, por el representante legal de dicha persona, o por el apoderado de cualquiera de los anteriores. | C48: CUMPLE | D48: 3. CARTA CONSORCIAL | E48: Sin observaciones
E49: =IFERROR(IF(MATCH("NO CUMPLE",C43:C48,0)>0,"NO CUMPLE"),"CUMPLE") -> CUMPLE
A50: VERIFICACIÓN DE REQUISITOS HABILITANTES DE CADA INTEGRANTE
A51: REQUISITO | C51: INTEGRANTE 1 | D51: INTEGRANTE 2 | E51: INTEGRANTE 3 | F51: INTEGRANTE 4
A52: 3.1 D. El integrante está obligado a estar inscrito en el Registro Único de Proponentes (RUP), y aportar el certificado con fecha de expedición no mayor a treinta (30) días calendario anteriores a la fecha de cierre del Proceso de Contratación. Vigente y en firme (En caso de modificarse la fecha de cierre del proceso, se tendrá como referencia para establecer el plazo de vigencia del certificado la originalmente indicada en el Pliego de Condiciones).El RUP debe haberse renovado en el plazo legal. | C52: NO CUMPLE | D52: NO CUMPLE
A53: OBSERVACIONES | C53: El Proponente aporta RUP con fecha de expedición del 30 de marzo de 2026, con renovación año 2025. Sin embargo no acredita la renovación del año 2026, como lo señala el articulo 2.2.1.1.1.5.1 del Decreto 1082 de 2015. nforme a lo anterior se requiere al oferente para que allegue el Certificado de Registro Unico de Proponenes en las condiciones establecidas en el Pliego de Condiciones. Se señala que de haberse realizado el tramíte de renovacion para la presente vigencia y con el fin de advertir que los efectos del RUP no han cesado, el oferente debera allegar soporte de radicacion ante la cámara de comercio de los documentos para su renovación que evidencien que el tramíte se hizo dentro de lostiempos dispuestos en la norma | D53: El Proponente aporta RUP con fecha de expedición del 7 de abril de 2026, con renovación año 2025. Sin embargo no acredita la renovación del año 2026, como lo señala el articulo 2.2.1.1.1.5.1 del Decreto 1082 de 2015. nforme a lo anterior se requiere al oferente para que allegue el Certificado de Registro Unico de Proponenes en las condiciones establecidas en el Pliego de Condiciones. Se señala que de haberse realizado el tramíte de renovacion para la presente vigencia y con el fin de advertir que los efectos del RUP no han cesado, el oferente debera allegar soporte de radicacion ante la cámara de comercio de los documentos para su renovación que evidencien que el tramíte se hizo dentro de lostiempos dispuestos en la norma
E54: =IFERROR(IF(MATCH("NO CUMPLE",C52:F52,0)>0,"NO CUMPLE"),"CUMPLE") -> NO CUMPLE
A55: INHABILIDADES
A56: REQUISITO | C56: INTEGRANTE 1 | D56: INTEGRANTE 2 | E56: INTEGRANTE 3 | F56: INTEGRANTE 4
A57: 3.2 No estar incursos en ninguna de las circunstancias de inhabilidad, incompatibilidad, conflicto de interés o prohibición para contratar previstas en la Constitución y en la ley (Artículo 4 del Acto Legislativo 01 de 2009, que modificó el artículo 122 de la Constitución Política de Colombia: Condena patromonio del estado) Artículos 8º y 9º de la Ley 80 de 1993 (incluye modificaciones Art. 18 de la Ley 1150 de 2007 y Artículos 1, 2, 4 , 5, 27, Parágrafo 2 articulo 84 , artículo 90 de la ley 1474 del 2011 (revisión en el RUP). Incluye consulta en REDAM (Ley 2097 de 2021) | C57: CUMPLE | D57: CUMPLE
A58: 3.2 No estar incurso en conflicto de interés numeral 1.14 (Quienes hayan realizados los estudios y diseños de la obra cuyo proceso de selección se va a realizar). | C58: CUMPLE | D58: CUMPLE
A59: 3.2 D. No estar reportados en el último boletín de responsables fiscales vigentes publicado por la Contraloría General de la República. Esta disposición aplica para el Proponente e integrantes de un Proponente Plural con domicilio en Colombia. Tratándose de Proponentes Extranjeros sin domicilio o sin sucursal en Colombia, deben declarar que no son responsables fiscales por actividades ejercidas en Colombia en el pasado y que no tienen sanciones vigentes en Colombia que impliquen inhabilidad para contratar con el Estado. | C59: CUMPLE | D59: CUMPLE
A60: La Entidad ha consultado los antecedentes judiciales en línea en los registros de las bases de datos, al igual que los antecedentes fiscales acorde con el artículo 60 de la Ley 610 de 2000, los antecedentes disciplinarios conforme con el artículo 1 de la Ley 1238 de 2008, el Registro Nacional de Medidas Correctivas del Ministerio de Defensa Nacional – Policía Nacional, de acuerdo con lo dispuesto en el artículo 184 de la Ley 1801 de 2016 – Código Nacional de Seguridad y Convivencia Ciudadana y el integrante no registra antecedentes. | C60: CUMPLE | D60: CUMPLE
A61: OBSERVACIONES | C61: El Proponente Plural APORTA el REDAM vigente del integrante del consorcio | D61: El Proponente Plural APORTA el REDAM vigente del integrante del consorcio
C62: =IFERROR(IF(MATCH("NO CUMPLE",C57:C60,0)>0,"NO CUMPLE"),"CUMPLE") -> CUMPLE | D62: =IFERROR(IF(MATCH("NO CUMPLE",D57:D60,0)>0,"NO CUMPLE"),"CUMPLE") -> CUMPLE | E62: =IFERROR(IF(MATCH("NO CUMPLE",E57:E60,0)>0,"NO CUMPLE"),"CUMPLE") -> CUMPLE | F62: =IFERROR(IF(MATCH("NO CUMPLE",F57:F60,0)>0,"NO CUMPLE"),"CUMPLE") -> CUMPLE
E63: =IFERROR(IF(MATCH("NO CUMPLE",C62:F62,0)>0,"NO CUMPLE"),"CUMPLE") -> CUMPLE
A64: EXISTENCIA Y REPRESENTACION LEGAL
A65: Personas naturales
A66: REQUISITO | C66: INTEGRANTE 1 | D66: INTEGRANTE 2 | E66: INTEGRANTE 3 | F66: INTEGRANTE 4
A67: Persona natural de nacionalidad colombiana: cédula de ciudadanía. | C67: CUMPLE
A68: Persona natural extranjera con residencia en Colombia: cédula de extranjería vigente. | C68: NO APLICA
A69: Persona natural extranjera sin domicilio en Colombia: pasaporte. | C69: NO APLICA
A70: El integrante persona natural debe acreditar la afiliación a los sistemas de seguridad social en salud y pensiones, aportando los certificados de afiliación respectivos o con el certificado de pago de la correspondiente planilla, pero no será obligatoria la presentación de este último. Los certificados de afiliación deben presentarse con fecha de expedición no mayor a treinta (30) días calendario anteriores al cierre del Proceso de Contratación. | C70: CUMPLE
A71: OBSERVACIONES | C71: Sin observaciones
C72: =IFERROR(IF(MATCH("NO CUMPLE",C67:C70,0)>0,"NO CUMPLE"),"CUMPLE") -> CUMPLE | D72: =IFERROR(IF(MATCH("NO CUMPLE",D67:D70,0)>0,"NO CUMPLE"),"CUMPLE") -> CUMPLE | E72: =IFERROR(IF(MATCH("NO CUMPLE",E67:E70,0)>0,"NO CUMPLE"),"CUMPLE") -> CUMPLE | F72: =IFERROR(IF(MATCH("NO CUMPLE",F67:F70,0)>0,"NO CUMPLE"),"CUMPLE") -> CUMPLE
E73: =IFERROR(IF(MATCH("NO CUMPLE",C72:F72,0)>0,"NO CUMPLE"),"CUMPLE") -> CUMPLE
A74: Personas jurídicas
A75: REQUISITO | C75: INTEGRANTE 1 | D75: INTEGRANTE 2 | E75: INTEGRANTE 3 | F75: INTEGRANTE 4
A76: A-El integrante nacional o con sucursal en Colombia allega : I-Certificado de existencia y representación legal expedido por la Cámara de Comercio o autoridad competente y la fecha de expedición del certificado no mayor a treinta (30) días calendario anteriores a la fecha de cierre del Proceso de Contratación. (En caso de modificarse la fecha de cierre del proceso, se tendrá como referencia para establecer el plazo de vigencia del certificado de existencia y representación legal la originalmente fijada en el Pliego de Condiciones.) | D76: CUMPLE
A77: El certificado de existencia acredita que el objeto de la sociedad permite ejecutar las actividades descritas en el objeto del Proceso de Contratación | D77: CUMPLE
A78: El certificado de existencia acredita que la duración no será inferior a la del plazo del contrato y un año más. | D78: CUMPLE
A79: Si el representante legal de la sociedad tiene restricciones para contraer obligaciones en nombre de la misma, acredita su capacidad a través de una autorización suficiente otorgada por el órgano social competente respectivo para cada caso. | D79: CUMPLE
A80: El certificado de existencia acredita el nombramiento del revisor fiscal en caso de que deba contar con uno. (Las sociedades comerciales que cumplan las siguientes condiciones:Poseer activos brutos al 31 de diciembre de 2023 iguales o superiores a 5.000 smmlv o 580.000 UVB ($5.800.000.000), Contar con ingresos brutos al 31 de diciembre de 2023, iguales o superiores a 3.000 smmlv o 348.000 UVB ($3.480.000.000); Sociedades por acciones, Sucursales de compañías extranjeras, Sociedades en las que la administración no corresponda a los socios, cuando así lo disponga al menos el 20 % del capital de la sociedad, excluida la administración.) | D80: NO APLICA
A81: El certificado de existencia acredita que las personas jurídicas extranjeras con actividades permanentes en Colombia (contratos de obra o servicios) deberán estar legalmente establecidas en el territorio nacional de acuerdo con los artículos 471 y 474 del Código de Comercio. | D81: NO APLICA
A82: III. Allega Certificación del revisor fiscal en caso de ser sociedad anónima colombiana, en la que conste si es abierta o cerrada. | D82: NO APLICA
A83: III. Fotocopia del documento de identificación del representante legal. (Y del suplente en caso que sea este quien firme la oferta) | D83: CUMPLE
A84: B. El proponentes Persona jurídica extranjera sin Sucursal o domicilio en Colombia: allega: Documentos que acredite la existencia y representación legal de la sociedad extranjera, presentados de conformidad con lo establecido en el Pliego de Condiciones, en el que debe constar, como mínimo, los aspectos del numeral 3.3.2.B del documento base. (Nombre o razón social completa Nombre del representante legal o de la persona facultada para comprometer a la persona jurídica; Que el objeto de la sociedad permita ejecutar las actividades descritas en el objeto del Proceso de Contratación; facultades del representante legal o de la persona designada para comprometer a la persona jurídica, en la que se señale expresamente que el representante no tiene limitaciones para contraer obligaciones en nombre de la misma o aportando la autorización o documento correspondiente del órgano social competente para cada caso; Tipo, número y fecha del documento de constitución o creación; Fecha y clase de documento por el cual se reconoce la personería jurídica; Acreditar que su duración no será inferior a la del plazo del contrato y un año más; Fotocopia del documento de identificación del representante legal. | D84: NO APLICA
A85: C. Entidades Estatales: Deben presentar los siguientes documentos para acreditar su existencia: Acto de creación de la Entidad Estatal. Este puede ser ley, decreto, ordenanza, acuerdo o certificado de existencia y representación legal (este último no mayor a treinta (30) días calendario anteriores a la fecha de cierre del proceso de selección) o documento equivalente que permita conocer la naturaleza jurídica, funciones, órganos de dirección o régimen jurídico de contratación de la Entidad Estatal y requisitos de este literal. | D85: NO APLICA
A86: El integrante persona jurídica debe presentar el Formato 6 – Pagos de seguridad social y aportes legales suscrito por el revisor fiscal, de acuerdo con los requerimientos de ley o por el representante legal, bajo la gravedad del juramento, cuando no se requiera revisor fiscal, en el que conste el pago de los aportes de sus empleados a los sistemas de salud, riesgos laborales, pensiones y aportes a las cajas de compensación familiar, al Instituto Colombiano de Bienestar Familiar, al Servicio Nacional de Aprendizaje y al Fondo Nacional de Formación Profesional para la Industria de Construcción, cuando a ello haya lugar. | D86: CUMPLE
A87: OBSERVACIONES | D87: Aporta acta de junta de socios en la cual le otorgan facultades el representante legal para presentar oferta y contratar.
C88: =IFERROR(IF(MATCH("NO CUMPLE",C76:C86,0)>0,"NO CUMPLE"),"CUMPLE") -> CUMPLE | D88: =IFERROR(IF(MATCH("NO CUMPLE",D76:D86,0)>0,"NO CUMPLE"),"CUMPLE") -> CUMPLE | E88: =IFERROR(IF(MATCH("NO CUMPLE",E76:E86,0)>0,"NO CUMPLE"),"CUMPLE") -> CUMPLE | F88: =IFERROR(IF(MATCH("NO CUMPLE",F76:F86,0)>0,"NO CUMPLE"),"CUMPLE") -> CUMPLE
E89: =IFERROR(IF(MATCH("NO CUMPLE",C88:F88,0)>0,"NO CUMPLE"),"CUMPLE") -> CUMPLE
A90: VERIFICACIÓN REQUISITOS PÓLIZA DE SERIEDAD DE LA OFERTA
A91: CUANTIA REQUERIDA | C91: 10% PO | D91: =IF(C14="NO",F12*10%,F23*10%) -> 72476103 | E91: VIGENCIA MÍNIMA | F91: =EDATE(E7,3) -> 46223
A92: ASEGURADORA | C92: # POLIZA Y ANEXO O CERTIFICADO Y FECHA DE EXPEDICION | D92: CUANTIA ASEGURADA | E92: VIGENCIA DESDE | F92: VIGENCIA HASTA
A93: SEGUROS DEL ESTADO S.A. | C93: 61-44-101064573 | D93: 72476103 | E93: 46132 | F93: 46285
D96: =SUM(D93:D95) -> 72476103
A97: REQUISITO- NUMERAL DOCUMENTO BASE | C97: CUMPLE/NO CUMPLE | D97: ARCHIVO/FOLIOS | E97: OBSERVACIÓN
A98: 7.1 Presenta póliza de seriedad de la oferta a nombre del proponente identificando cada uno de sus integrantes, asegura a la entidad estatal y esta cumple con la vigencia y cuantía mínima requeridas y contiene los amparos del decreto 1082 de 2015. | C98: CUMPLE | D98: 9. GARANTIA DE SERIEDAD | E98: La garantía de seriedad de la oferta cumple con los requisitos exigidos
A99: Póliza validada en el siguiente enlace: | C99: https://consultapoliza.segurosdelestado.com/consultapoliza/Home/ConsultarPoliza
A100: VERIFICACION CAUSALES DE RECHAZO JURIDICAS | M100: =+C106 -> 0
A101: LA OFERTA NO ESTÁ INCURSA EN LAS CAUSALES DE RECHAZO (NUMERAL 1.15) | C101: CUMPLE | D101: CAUSAL DE RECHAZO
A106: RESULTADO DE LA EVALUACIÓN | F106: =IF(AND(OR(C101="NO CUMPLE",C98="NO CUMPLE", E89="NO CUMPLE",E73="NO CUMPLE",E63="NO CUMPLE", E54="NO CUMPLE",E49="NO CUMPLE",E39="NO CUMPLE",)),"NO HABILITADA","HABILITADA") -> NO HABILITADA
A107: Proyectó: | C107: Revisó: | E107: Aprobó:
A108: #VALUE! | C108: #VALUE! | E108: #VALUE!
A109: OTTO GABRIEL FORERO | C109: RICARDO MOLINA | E109: JENNY CAROLINA VELANDÍA MARTINEZ
A110: Abogado Grupo de Convenios y Contratos | C110: Abogado Grupo de Convenios y Contratos | E110: =VLOOKUP(E109,Hoja1!L1:M8,2,0) -> Coordinadora Grupo de Convenios y Contratos

Sheet P12
B1: ANÁLISIS DE REQUISITOS JURÍDICOS | E1: Código: F-GCC-030 Versión: 0 Fecha: 24/Oct/2014
B7: FECHA DE CIERRE | D7: ='Hoja de Registro'!C6 -> 46132
B8: FECHA DEL INFORME | D8: =TODAY() -> 46135
A9: NÚMERO DEL PROCESO DE SELECCIÓN (REFERENCIA SECOP) | D9: ='Hoja de Registro'!C3 -> MC-SA-MC-0001-2026
A10: INFORME DE VERIFICACIÓN DE REQUISITOS HABILITANTES JURÍDICOS | E10: PRELIMINAR
A11: OBJETO | B11: ='Hoja de Registro'!C4 -> Realizar las obras de reparaciones locativas del inmueble Casa Museo Guillermo León Valencia de Popayán - Cauca, ubicado en el centro histórico declarado bien de interés cultural del ámbito nacional
A12: MODALIDAD DE SELECCIÓN | B12: SELECCIÓN ABREVIADA DE MENOR CUANTÍA | D12: VALOR TOTAL PRESUPUESTO OFICIAL | E12: ='Hoja de Registro'!C5 -> 724761029
A13: DOCUMENTOS TIPO APLICABLES | B13: SI | C13: Documentos tipo de menor cuantía de obra pública de infraestructura social
A14: ADJUDICACIÓN POR LOTES | B14: NO | D14: LOTES A LOS QUE SE PRESENTA | E14: =VLOOKUP('P12'!C15,'Hoja de Registro'!A8:G86,7,0) -> 0
A15: NUMERO Y NOMBRE DEL PROPONENTE | B15: # | C15: 12 | D15: =VLOOKUP($C$15,'Hoja de Registro'!$A$8:$B$90,2) -> ERJ INGENIERIA E INVERSIONES SAS
A16: NATURALEZA JURÍDICA | B16: =VLOOKUP(C15,'Hoja de Registro'!$A$8:$C$90,3) -> JURIDICO | D16: ORIGEN | E16: NACIONAL
A17: IDENTIFICACIÓN | B17: Clase | C17: NIT. | D17: No. | E17: 901.583.183-9
A18: REPRESENTANTE LEGAL DEL PROPONENTE P JURÍDICA | B18: ANA MARIA CARRILLO ALARCON
A19: IDENTIFICACIÓN | B19: Clase | C19: C.C. | D19: No. | E19: 1082214354
A20: EL PROPONENTE ACREDITA ALGUNA CONDICIÓN PARA CRITERIOS DIFERENCIALES | B20: MiPyme | C20: EMPRESAS Y EMPRENDIMIENTOS DE MUJERES | E20: EMPRENDIMIENTOS Y EMPRESAS DE PERSONAS CON DISCAPACIDAD
A22: USUARIO SECOP II | B22: ERJ INGENIERIA E INVERSIONES SAS | D22: FECHA Y HORA DE ENTREGA DE LA OFERTA | E22: 46132.316
A23: CANTIDAD DE LOTES A LOS QUE PRESENTA OFERTA | B23: NO APLICA | D23: VALOR DEL PTO DE LOS LOTES OFERTADOS PARA VERIFICACIÓN DE LA PÓLIZA DE SERIEDAD DE LA OFERTA | E23: NO APLICA
A24: VERIFICACIÓN CUMPLIMIENTO REQUISITOS JURÍDICOS - CONTENIDO SOBRE 1
A25: REQUISITO- NUMERAL DOCUMENTO BASE | B25: CUMPLE/NO CUMPLE | C25: ARCHIVO/FOLIOS | D25: OBSERVACIÓN
A26: CAPÍTULO II- ELABORACIÓN Y PRESENTACIÓN DE LA OFERTA
A27: 2.1 El Proponente presenta el Formato 1 – Carta de Presentación de la Oferta, firmado por la persona natural o por el representante legal del Proponente individual o Plural, o por el apoderado. | B27: CUMPLE | C27: Formato 1_Carta de presentación de la oferta | D27: El proponente allega el Formato 1 – Carta de Presentación de la Oferta suscrita por el representante legal.
A28: 2.1 Quien suscribe la oferta y La persona natural (Proponente individual o integrante de un Proponente Plural) que pretenda participar en el presente proceso, debe acreditar que posee título como arquitecto o ingeniero en la respectiva rama de la ingeniería, para lo cual adjuntará copia de la tarjeta profesional y certificado de vigencia de la matrícula profesional expedida por la autoridad competente, vigente a la fecha de cierre de este procedimiento de selección. El requisito de la tarjeta profesional se puede suplir con el registro de que trata el artículo 18 del Decreto-Ley 2106 de 2019. | B28: CUMPLE | C28: Formato 1_Carta de presentación de la oferta | D28: El proponente allega el Formato 1 – Carta de Presentación de la Oferta, se encuentra suscrito por DIEGO ERNESTO DUEÑAS PUENTES, quien avala la oferta acreditando el título de ingeniero civil con matrícula profesional No. 25202-53876 CND, aporta certificado del COPNIA vigente y T.P | K28: CONSULTA WEB
A29: 2.2 En caso de apoderado se anexa el poder otorgado en legal forma (artículo 5 del Decreto – Ley 019 de 2012), en el que se confiere al apoderado de manera clara y expresa facultades amplias y suficientes para actuar, obligar y responsabilizar a quien(es) representa en el trámite del proceso y en la suscripción del Contrato. | B29: NO APLICA | K29: PRESENTA
A30: 2.3 La oferta es presentada en el Secop II antes de la fecha y hora de cierre y allega el sobre. El proponente es plural lo hace como usuario plural en el Secop. | B30: CUMPLE | D30: Propuesta presentada el 20/04/2026 7:35 AM
A31: 1.9 Los documentos públicos otorgados en el exterior están apostillados o legalizados según corresponda | B31: NO APLICA
A32: CAPÍTULO III- REQUISITOS HABILITANTES Y VERIFICACIÓN
A33: 3.1 D. Los Proponentes obligados a estar inscritos en el Registro Único de Proponentes (RUP), deben aportar certificado con fecha de expedición no mayor a treinta (30) días calendario anteriores a la fecha de cierre del Proceso de Contratación. En caso de modificarse la fecha de cierre del Proceso, se tendrá como referencia para establecer el plazo de vigencia del certificado la fecha originalmente establecida en el Pliego de condiciones definitivo. | B33: NO CUMPLE | C33: RUP ERJ (26-03-2026) | D33: El Proponente aporta RUP con fecha de expedición del 26 de marzo de 2026, con renovación año 2025. Sin embargo no acredita la renovación del año 2026, como lo señala el articulo 2.2.1.1.1.5.1 del Decreto 1082 de 2015. nforme a lo anterior se requiere al oferente para que allegue el Certificado de Registro Unico de Proponenes en las condiciones establecidas en el Pliego de Condiciones. Se señala que de haberse realizado el tramíte de renovacion para la presente vigencia y con el fin de advertir que los efectos del RUP no han cesado, el oferente debera allegar soporte de radicacion ante la cámara de comercio de los documentos para su renovación que evidencien que el tramíte se hizo dentro de lostiempos dispuestos en la norma
A34: INHABILIDADES
A35: 3.2 C.- No estar incursos en ninguna de las circunstancias de inhabilidad, incompatibilidad, conflicto de interés o prohibición para contratar previstas en la Constitución y en la ley (Artículo 4 del Acto Legislativo 01 de 2009, que modificó el artículo 122 de la Constitución Política de Colombia: Condena patromonio del estado) Artículos 8º y 9º de la Ley 80 de 1993 (incluye modificaciones Art. 18 de la Ley 1150 de 2007 y Artículos 1, 2, 4 , 5, 27, Parágrafo 2 articulo 84 , artículo 90 de la ley 1474 del 2011 (revisión en el RUP). Incluye consulta en REDAM (Ley 2097 de 2021) | B35: CUMPLE | C35: REDAM ANA MARIA CARRILLO ALARCON_1 | D35: Sin observaciones
A36: 3.2..- No estar incurso en conflicto de interés numeral 1.14 (Quienes hayan realizados los estudios y diseños de la obra cuyo proceso de selección se va a realizar). | B36: CUMPLE | C36: N/A | D36: Sin observaciones
A37: 3.2 D. No estar reportados en el último boletín de responsables fiscales vigentes publicado por la Contraloría General de la República. Esta disposición aplica para el Proponente e integrantes de un Proponente Plural con domicilio en Colombia. Tratándose de Proponentes Extranjeros sin domicilio o sin sucursal en Colombia, deben declarar que no son responsables fiscales por actividades ejercidas en Colombia en el pasado y que no tienen sanciones vigentes en Colombia que impliquen inhabilidad para contratar con el Estado. | B37: CUMPLE | C37: N/A | D37: Sin observaciones
A38: 3.2 F.La Entidad ha consultado los antecedentes judiciales en línea en los registros de las bases de datos, al igual que los antecedentes fiscales acorde con el artículo 60 de la Ley 610 de 2000, los antecedentes disciplinarios conforme con el artículo 1 de la Ley 1238 de 2008, el Registro Nacional de Medidas Correctivas del Ministerio de Defensa Nacional – Policía Nacional, de acuerdo con lo dispuesto en el artículo 184 de la Ley 1801 de 2016 – Código Nacional de Seguridad y Convivencia Ciudadana y el proponente no registra antecedentes. | B38: CUMPLE | C38: N/A | D38: Sin observaciones
A39: EXISTENCIA Y REPRESENTACION LEGAL
A40: Personas naturales
A41: 3.3.1.Persona natural de nacionalidad colombiana: cédula de ciudadanía.
A42: Persona natural extranjera con residencia en Colombia: cédula de extranjería vigente.
A43: Persona natural extranjera sin domicilio en Colombia: pasaporte.
A44: 3.4.El Proponente persona natural debe acreditar la afiliación a los sistemas de seguridad social en salud y pensiones, aportando los certificados de afiliación respectivos o con el certificado de pago de la correspondiente planilla, pero no será obligatoria la presentación de este último. Los certificados de afiliación deben presentarse con fecha de expedición no mayor a treinta (30) días calendario anteriores al cierre del Proceso de Contratación.
A45: Personas jurídicas
A46: A-El proponente nacional o con sucursal en Colombia allega : I-Certificado de existencia y representación legal expedido por la Cámara de Comercio o autoridad competente y la fecha de expedición del certificado no mayor a treinta (30) días calendario anteriores a la fecha de cierre del Proceso de Contratación. (En caso de modificarse la fecha de cierre del proceso, se tendrá como referencia para establecer el plazo de vigencia del certificado de existencia y representación legal la originalmente fijada en el Pliego de Condiciones.) | B46: CUMPLE | C46: Documentos ERJ | D46: Sin observaciones
A47: El certificado de existencia acredita que el objeto de la sociedad permite ejecutar las actividades descritas en el objeto del Proceso de Contratación | B47: CUMPLE | C47: Documentos ERJ | D47: Sin observaciones
A48: El certificado de existencia acredita que la duración no será inferior a la del plazo del contrato y un año más. | B48: CUMPLE | C48: Documentos ERJ | D48: Sin observaciones
A49: Si el representante legal de la sociedad tiene restricciones para contraer obligaciones en nombre de la misma, acredita su capacidad a través de una autorización suficiente otorgada por el órgano social competente respectivo para cada caso. | B49: CUMPLE | C49: Documentos ERJ | D49: Sin observaciones
A50: El certificado de existencia acredita el nombramiento del revisor fiscal en caso de que deba contar con uno.El certificado de existencia acredita el nombramiento del revisor fiscal en caso de que deba contar con uno. (Las sociedades comerciales que cumplan las siguientes condiciones:Poseer activos brutos al 31 de diciembre de 2026 iguales o superiores a 5.000 SMMLV (equivalentes aproximadamente a $7.117.500.000) o 580.000 UVB. Contar con ingresos brutos al 31 de diciembre de 2026 iguales o superiores a 3.000 SMMLV (equivalentes aproximadamente a $4.270.500.000) o 348.000 UVB | B50: CUMPLE | C50: Documentos ERJ | D50: Sin observaciones
A51: El certificado de existencia acredita que las personas jurídicas extranjeras con actividades permanentes en Colombia (contratos de obra o servicios) deberán estar legalmente establecidas en el territorio nacional de acuerdo con los artículos 471 y 474 del Código de Comercio. | B51: NO APLICA
A52: III. Allega Certificación del revisor fiscal en caso de ser sociedad anónima colombiana, en la que conste si es abierta o cerrada. | B52: NO APLICA
A53: III. Fotocopia del documento de identificación del representante legal. (Y del suplente en caso que sea este quien firme la oferta) | B53: CUMPLE | C53: Documentos ERJ | D53: Sin observaciones
A54: B. El proponentes Persona jurídica extranjera sin Sucursal o domicilio en Colombia: allega: Documentos que acredite la existencia y representación legal de la sociedad extranjera, presentados de conformidad con lo establecido en el Pliego de Condiciones, en el que debe constar, como mínimo, los aspectos del numeral 3.3.2.B del documento base. (Nombre o razón social completa Nombre del representante legal o de la persona facultada para comprometer a la persona jurídica; Que el objeto de la sociedad permita ejecutar las actividades descritas en el objeto del Proceso de Contratación; facultades del representante legal o de la persona designada para comprometer a la persona jurídica, en la que se señale expresamente que el representante no tiene limitaciones para contraer obligaciones en nombre de la misma o aportando la autorización o documento correspondiente del órgano social competente para cada caso; Tipo, número y fecha del documento de constitución o creación; Fecha y clase de documento por el cual se reconoce la personería jurídica; Acreditar que su duración no será inferior a la del plazo del contrato y un año más; Fotocopia del documento de identificación del representante legal. | B54: NO APLICA
A55: C. Entidades Estatales: Deben presentar los siguientes documentos para acreditar su existencia: Acto de creación de la Entidad Estatal. Este puede ser ley, decreto, ordenanza, acuerdo o certificado de existencia y representación legal (este último no mayor a treinta (30) días calendario anteriores a la fecha de cierre del proceso de selección) o documento equivalente que permita conocer la naturaleza jurídica, funciones, órganos de dirección o régimen jurídico de contratación de la Entidad Estatal y requisitos de este literal. | B55: NO APLICA
A56: 3.4.El Proponente persona jurídica debe presentar el Formato 6 – Pagos de seguridad social y aportes legales suscrito por el revisor fiscal, de acuerdo con los requerimientos de ley o por el representante legal, bajo la gravedad del juramento, cuando no se requiera revisor fiscal, en el que conste el pago de los aportes de sus empleados a los sistemas de salud, riesgos laborales, pensiones y aportes a las cajas de compensación familiar, al Instituto Colombiano de Bienestar Familiar, al Servicio Nacional de Aprendizaje y al Fondo Nacional de Formación Profesional para la Industria de Construcción, cuando a ello haya lugar. | B56: CUMPLE | C56: Formato 6_Pagos de seguridad social y aportes legales | D56: Sin observaciones
A57: VERIFICACIÓN REQUISITOS PÓLIZA DE SERIEDAD DE LA OFERTA
A58: CUANTIA REQUERIDA | B58: 10% PO | C58: =IF(B14="NO",E12*10%,E23*10%) -> 72476103 | D58: VIGENCIA MÍNIMA | E58: =EDATE(D7,3) -> 46223
A59: ASEGURADORA | B59: # POLIZA Y ANEXO O CERTIFICADO Y FECHA DE EXPEDICION | C59: CUANTIA ASEGURADA | D59: VIGENCIA DESDE | E59: VIGENCIA HASTA
A60: SEGUROS DEL ESTADO S.A. | B60: 61-44-101064554 | C60: 72476103 | D60: 46132 | E60: 46285
C63: =SUM(C60:C62) -> 72476103
A64: REQUISITO- NUMERAL DOCUMENTO BASE | B64: CUMPLE/NO CUMPLE | C64: ARCHIVO/FOLIOS | D64: OBSERVACIÓN
A65: 7.1 Presenta póliza de seriedad de la oferta a nombre del proponente y de la entidad estatal y esta cumple con la vigencia y cuantía mínima requeridas. | B65: CUMPLE | C65: Poliza | D65: La garantía de seriedad de la oferta cumple con los requisitos exigidos
A66: Póliza validada en el siguiente enlace: | B66: https://consultapoliza.segurosdelestado.com/consultapoliza/Home/ConsultarPoliza
A67: VERIFICACION CAUSALES DE RECHAZO
A68: LA OFERTA NO ESTÁ INCURSA EN LAS CAUSALES DE RECHAZO (NUMERAL 1.15) | B68: CUMPLE | C68: CAUSAL DE RECHAZO
L71: =+B73 -> 0
A73: RESULTADO DE LA EVALUACIÓN | E73: =IFERROR(IF(MATCH("NO CUMPLE",B27:B72,0)>0,"NO HABILITADA"),"HABILITADA") -> NO HABILITADA
A74: Proyectó: | B74: Revisó: | D74: Aprobó:
A75: #VALUE! | B75: #VALUE! | D75: #VALUE!
A76: OTTO GABRIEL FORERO | B76: RICARDO MOLINA | D76: JENNY CAROLINA VELANDÍA MARTINEZ
A77: Abogado Grupo de Convenios y Contratos | B77: Abogado Grupo de Convenios y Contratos | D77: =VLOOKUP(D76,[1]Hoja1!L1:M8,2,0) -> Coordinadora Grupo de Convenios y Contratos

Sheet P13
B1: ANÁLISIS DE REQUISITOS JURÍDICOS | E1: Código: F-GCC-030 Versión: 0 Fecha: 24/Oct/2014
B7: FECHA DE CIERRE | D7: ='Hoja de Registro'!C6 -> 46132
B8: FECHA DEL INFORME | D8: =TODAY() -> 46135
A9: NÚMERO DEL PROCESO DE SELECCIÓN (REFERENCIA SECOP) | D9: ='Hoja de Registro'!C3 -> MC-SA-MC-0001-2026
A10: INFORME DE VERIFICACIÓN DE REQUISITOS HABILITANTES JURÍDICOS | E10: PRELIMINAR
A11: OBJETO | B11: ='Hoja de Registro'!C4 -> Realizar las obras de reparaciones locativas del inmueble Casa Museo Guillermo León Valencia de Popayán - Cauca, ubicado en el centro histórico declarado bien de interés cultural del ámbito nacional
A12: MODALIDAD DE SELECCIÓN | B12: SELECCIÓN ABREVIADA DE MENOR CUANTÍA | D12: VALOR TOTAL PRESUPUESTO OFICIAL | E12: ='Hoja de Registro'!C5 -> 724761029
A13: DOCUMENTOS TIPO APLICABLES | B13: SI | C13: Documentos tipo de menor cuantía de obra pública de infraestructura social
A14: ADJUDICACIÓN POR LOTES | B14: NO | D14: LOTES A LOS QUE SE PRESENTA | E14: =VLOOKUP('P13'!C15,'Hoja de Registro'!A8:G86,7,0) -> 0
A15: NUMERO Y NOMBRE DEL PROPONENTE | B15: # | C15: 13 | D15: =VLOOKUP($C$15,'Hoja de Registro'!$A$8:$B$90,2) -> Fundacion Espeletia
A16: NATURALEZA JURÍDICA | B16: =VLOOKUP(C15,'Hoja de Registro'!$A$8:$C$90,3) -> JURIDICO | D16: ORIGEN | E16: NACIONAL
A17: IDENTIFICACIÓN | B17: Clase | C17: NIT. | D17: No. | E17: 832.007.417-8
A18: REPRESENTANTE LEGAL DEL PROPONENTE P JURÍDICA | B18: JOSE AGUSTIN CORTES HERRERA
A19: IDENTIFICACIÓN | B19: Clase | C19: C.C. | D19: No. | E19: 79095123
A20: EL PROPONENTE ACREDITA ALGUNA CONDICIÓN PARA CRITERIOS DIFERENCIALES | B20: MiPyme | C20: EMPRESAS Y EMPRENDIMIENTOS DE MUJERES | E20: EMPRENDIMIENTOS Y EMPRESAS DE PERSONAS CON DISCAPACIDAD
A22: USUARIO SECOP II | B22: ERJ INGENIERIA E INVERSIONES SAS | D22: FECHA Y HORA DE ENTREGA DE LA OFERTA | E22: 46132.347
A23: CANTIDAD DE LOTES A LOS QUE PRESENTA OFERTA | B23: NO APLICA | D23: VALOR DEL PTO DE LOS LOTES OFERTADOS PARA VERIFICACIÓN DE LA PÓLIZA DE SERIEDAD DE LA OFERTA | E23: NO APLICA
A24: VERIFICACIÓN CUMPLIMIENTO REQUISITOS JURÍDICOS - CONTENIDO SOBRE 1
A25: REQUISITO- NUMERAL DOCUMENTO BASE | B25: CUMPLE/NO CUMPLE | C25: ARCHIVO/FOLIOS | D25: OBSERVACIÓN
A26: CAPÍTULO II- ELABORACIÓN Y PRESENTACIÓN DE LA OFERTA
A27: 2.1 El Proponente presenta el Formato 1 – Carta de Presentación de la Oferta, firmado por la persona natural o por el representante legal del Proponente individual o Plural, o por el apoderado. | B27: CUMPLE | C27: 01 FORMATO 1_ CARTA DE PRESENTACION DE OFERTA | D27: El proponente allega el Formato 1 – Carta de Presentación de la Oferta suscrita por el representante legal.
A28: 2.1 Quien suscribe la oferta y La persona natural (Proponente individual o integrante de un Proponente Plural) que pretenda participar en el presente proceso, debe acreditar que posee título como arquitecto o ingeniero en la respectiva rama de la ingeniería, para lo cual adjuntará copia de la tarjeta profesional y certificado de vigencia de la matrícula profesional expedida por la autoridad competente, vigente a la fecha de cierre de este procedimiento de selección. El requisito de la tarjeta profesional se puede suplir con el registro de que trata el artículo 18 del Decreto-Ley 2106 de 2019. | B28: CUMPLE | C28: 01 FORMATO 1_ CARTA DE PRESENTACION DE OFERTA | D28: El proponente allega el Formato 1 – Carta de Presentación de la Oferta, se encuentra suscrito por JOSE AGUSTIN CORTES HERRERA,Rpresentante Legal, acreditando el título de ingeniero civil con matrícula profesional No. 25202-123959 CND, aporta certificado del COPNIA vigente y T.P | K28: CONSULTA WEB
A29: 2.2 En caso de apoderado se anexa el poder otorgado en legal forma (artículo 5 del Decreto – Ley 019 de 2012), en el que se confiere al apoderado de manera clara y expresa facultades amplias y suficientes para actuar, obligar y responsabilizar a quien(es) representa en el trámite del proceso y en la suscripción del Contrato. | B29: NO APLICA | K29: PRESENTA
A30: 2.3 La oferta es presentada en el Secop II antes de la fecha y hora de cierre y allega el sobre. El proponente es plural lo hace como usuario plural en el Secop. | B30: CUMPLE | D30: Propuesta presentada el 20/04/2026 8:19 AM
A31: 1.9 Los documentos públicos otorgados en el exterior están apostillados o legalizados según corresponda | B31: NO APLICA
A32: CAPÍTULO III- REQUISITOS HABILITANTES Y VERIFICACIÓN
A33: 3.1 D. Los Proponentes obligados a estar inscritos en el Registro Único de Proponentes (RUP), deben aportar certificado con fecha de expedición no mayor a treinta (30) días calendario anteriores a la fecha de cierre del Proceso de Contratación. En caso de modificarse la fecha de cierre del Proceso, se tendrá como referencia para establecer el plazo de vigencia del certificado la fecha originalmente establecida en el Pliego de condiciones definitivo. | B33: CUMPLE | C33: 09 FUNDACION ESPELETIA - RUP 200426 | D33: RUP Renovado, viegnte y en firme con fecha de expedición del 20 DE ABRIL DE 2026
A34: INHABILIDADES
A35: 3.2 C.- No estar incursos en ninguna de las circunstancias de inhabilidad, incompatibilidad, conflicto de interés o prohibición para contratar previstas en la Constitución y en la ley (Artículo 4 del Acto Legislativo 01 de 2009, que modificó el artículo 122 de la Constitución Política de Colombia: Condena patromonio del estado) Artículos 8º y 9º de la Ley 80 de 1993 (incluye modificaciones Art. 18 de la Ley 1150 de 2007 y Artículos 1, 2, 4 , 5, 27, Parágrafo 2 articulo 84 , artículo 90 de la ley 1474 del 2011 (revisión en el RUP). Incluye consulta en REDAM (Ley 2097 de 2021) | B35: CUMPLE | C35: 03 CAPACIDAD JURIDICA | D35: Sin observaciones
A36: 3.2..- No estar incurso en conflicto de interés numeral 1.14 (Quienes hayan realizados los estudios y diseños de la obra cuyo proceso de selección se va a realizar). | B36: CUMPLE | C36: N/A | D36: Sin observaciones
A37: 3.2 D. No estar reportados en el último boletín de responsables fiscales vigentes publicado por la Contraloría General de la República. Esta disposición aplica para el Proponente e integrantes de un Proponente Plural con domicilio en Colombia. Tratándose de Proponentes Extranjeros sin domicilio o sin sucursal en Colombia, deben declarar que no son responsables fiscales por actividades ejercidas en Colombia en el pasado y que no tienen sanciones vigentes en Colombia que impliquen inhabilidad para contratar con el Estado. | B37: CUMPLE | C37: N/A | D37: Sin observaciones
A38: 3.2 F.La Entidad ha consultado los antecedentes judiciales en línea en los registros de las bases de datos, al igual que los antecedentes fiscales acorde con el artículo 60 de la Ley 610 de 2000, los antecedentes disciplinarios conforme con el artículo 1 de la Ley 1238 de 2008, el Registro Nacional de Medidas Correctivas del Ministerio de Defensa Nacional – Policía Nacional, de acuerdo con lo dispuesto en el artículo 184 de la Ley 1801 de 2016 – Código Nacional de Seguridad y Convivencia Ciudadana y el proponente no registra antecedentes. | B38: CUMPLE | C38: N/A | D38: Sin observaciones
A39: EXISTENCIA Y REPRESENTACION LEGAL
A40: Personas naturales
A41: 3.3.1.Persona natural de nacionalidad colombiana: cédula de ciudadanía.
A42: Persona natural extranjera con residencia en Colombia: cédula de extranjería vigente.
A43: Persona natural extranjera sin domicilio en Colombia: pasaporte.
A44: 3.4.El Proponente persona natural debe acreditar la afiliación a los sistemas de seguridad social en salud y pensiones, aportando los certificados de afiliación respectivos o con el certificado de pago de la correspondiente planilla, pero no será obligatoria la presentación de este último. Los certificados de afiliación deben presentarse con fecha de expedición no mayor a treinta (30) días calendario anteriores al cierre del Proceso de Contratación.
A45: Personas jurídicas
A46: A-El proponente nacional o con sucursal en Colombia allega : I-Certificado de existencia y representación legal expedido por la Cámara de Comercio o autoridad competente y la fecha de expedición del certificado no mayor a treinta (30) días calendario anteriores a la fecha de cierre del Proceso de Contratación. (En caso de modificarse la fecha de cierre del proceso, se tendrá como referencia para establecer el plazo de vigencia del certificado de existencia y representación legal la originalmente fijada en el Pliego de Condiciones.) | B46: CUMPLE | C46: 03 CAPACIDAD JURIDICA | D46: Sin observaciones
A47: El certificado de existencia acredita que el objeto de la sociedad permite ejecutar las actividades descritas en el objeto del Proceso de Contratación | B47: CUMPLE | C47: 03 CAPACIDAD JURIDICA | D47: APORTA CERTIFICADO DE INSPECCIÓN, VIGILANCIA Y CONTROL EXPEDIDO EL 24 DE FEBRERO DE 2026 POR EL DIRECTOR LEGAL AMBIENTAL DE LA SECRETARÍA DISTRITAL DE AMBIENTE
A48: El certificado de existencia acredita que la duración no será inferior a la del plazo del contrato y un año más. | B48: CUMPLE | C48: 03 CAPACIDAD JURIDICA | D48: Sin observaciones
A49: Si el representante legal de la sociedad tiene restricciones para contraer obligaciones en nombre de la misma, acredita su capacidad a través de una autorización suficiente otorgada por el órgano social competente respectivo para cada caso. | B49: CUMPLE | C49: 03 CAPACIDAD JURIDICA | D49: Sin observaciones
A50: El certificado de existencia acredita el nombramiento del revisor fiscal en caso de que deba contar con uno.El certificado de existencia acredita el nombramiento del revisor fiscal en caso de que deba contar con uno. (Las sociedades comerciales que cumplan las siguientes condiciones:Poseer activos brutos al 31 de diciembre de 2026 iguales o superiores a 5.000 SMMLV (equivalentes aproximadamente a $7.117.500.000) o 580.000 UVB. Contar con ingresos brutos al 31 de diciembre de 2026 iguales o superiores a 3.000 SMMLV (equivalentes aproximadamente a $4.270.500.000) o 348.000 UVB | B50: CUMPLE | C50: 03 CAPACIDAD JURIDICA | D50: Sin observaciones
A51: El certificado de existencia acredita que las personas jurídicas extranjeras con actividades permanentes en Colombia (contratos de obra o servicios) deberán estar legalmente establecidas en el territorio nacional de acuerdo con los artículos 471 y 474 del Código de Comercio. | B51: NO APLICA
A52: III. Allega Certificación del revisor fiscal en caso de ser sociedad anónima colombiana, en la que conste si es abierta o cerrada. | B52: NO APLICA
A53: III. Fotocopia del documento de identificación del representante legal. (Y del suplente en caso que sea este quien firme la oferta) | B53: CUMPLE | C53: 03 CAPACIDAD JURIDICA | D53: Sin observaciones
A54: B. El proponentes Persona jurídica extranjera sin Sucursal o domicilio en Colombia: allega: Documentos que acredite la existencia y representación legal de la sociedad extranjera, presentados de conformidad con lo establecido en el Pliego de Condiciones, en el que debe constar, como mínimo, los aspectos del numeral 3.3.2.B del documento base. (Nombre o razón social completa Nombre del representante legal o de la persona facultada para comprometer a la persona jurídica; Que el objeto de la sociedad permita ejecutar las actividades descritas en el objeto del Proceso de Contratación; facultades del representante legal o de la persona designada para comprometer a la persona jurídica, en la que se señale expresamente que el representante no tiene limitaciones para contraer obligaciones en nombre de la misma o aportando la autorización o documento correspondiente del órgano social competente para cada caso; Tipo, número y fecha del documento de constitución o creación; Fecha y clase de documento por el cual se reconoce la personería jurídica; Acreditar que su duración no será inferior a la del plazo del contrato y un año más; Fotocopia del documento de identificación del representante legal. | B54: NO APLICA
A55: C. Entidades Estatales: Deben presentar los siguientes documentos para acreditar su existencia: Acto de creación de la Entidad Estatal. Este puede ser ley, decreto, ordenanza, acuerdo o certificado de existencia y representación legal (este último no mayor a treinta (30) días calendario anteriores a la fecha de cierre del proceso de selección) o documento equivalente que permita conocer la naturaleza jurídica, funciones, órganos de dirección o régimen jurídico de contratación de la Entidad Estatal y requisitos de este literal. | B55: NO APLICA
A56: 3.4.El Proponente persona jurídica debe presentar el Formato 6 – Pagos de seguridad social y aportes legales suscrito por el revisor fiscal, de acuerdo con los requerimientos de ley o por el representante legal, bajo la gravedad del juramento, cuando no se requiera revisor fiscal, en el que conste el pago de los aportes de sus empleados a los sistemas de salud, riesgos laborales, pensiones y aportes a las cajas de compensación familiar, al Instituto Colombiano de Bienestar Familiar, al Servicio Nacional de Aprendizaje y al Fondo Nacional de Formación Profesional para la Industria de Construcción, cuando a ello haya lugar. | B56: CUMPLE | C56: 04 FORMATO 6_ PAGO SEGURIDAD SOCIAL Y APORTES | D56: Sin observaciones
A57: VERIFICACIÓN REQUISITOS PÓLIZA DE SERIEDAD DE LA OFERTA
A58: CUANTIA REQUERIDA | B58: 10% PO | C58: =IF(B14="NO",E12*10%,E23*10%) -> 72476103 | D58: VIGENCIA MÍNIMA | E58: =EDATE(D7,3) -> 46223
A59: ASEGURADORA | B59: # POLIZA Y ANEXO O CERTIFICADO Y FECHA DE EXPEDICION | C59: CUANTIA ASEGURADA | D59: VIGENCIA DESDE | E59: VIGENCIA HASTA
A60: COMPAÑÍA MUNDIAL DE SEGUROS S.A. | B60: C 100114955 | C60: 72476103 | D60: 46132 | E60: 46233
C63: =SUM(C60:C62) -> 72476103
A64: REQUISITO- NUMERAL DOCUMENTO BASE | B64: CUMPLE/NO CUMPLE | C64: ARCHIVO/FOLIOS | D64: OBSERVACIÓN
A65: 7.1 Presenta póliza de seriedad de la oferta a nombre del proponente y de la entidad estatal y esta cumple con la vigencia y cuantía mínima requeridas. | B65: CUMPLE | C65: 08 GARANTIA DE SERIEDAD | D65: La garantía de seriedad de la oferta cumple con los requisitos exigidos
A66: Póliza validada en el siguiente enlace: | B66: https://productos.mundialseguros.com.co/
A67: VERIFICACION CAUSALES DE RECHAZO
A68: LA OFERTA NO ESTÁ INCURSA EN LAS CAUSALES DE RECHAZO (NUMERAL 1.15) | B68: CUMPLE | C68: CAUSAL DE RECHAZO
L71: =+B73 -> 0
A73: RESULTADO DE LA EVALUACIÓN | E73: =IFERROR(IF(MATCH("NO CUMPLE",B27:B72,0)>0,"NO HABILITADA"),"HABILITADA") -> HABILITADA
A74: Proyectó: | B74: Revisó: | D74: Aprobó:
A75: #VALUE! | B75: #VALUE! | D75: #VALUE!
A76: OTTO GABRIEL FORERO | B76: RICARDO MOLINA | D76: JENNY CAROLINA VELANDÍA MARTINEZ
A77: Abogado Grupo de Convenios y Contratos | B77: Abogado Grupo de Convenios y Contratos | D77: =VLOOKUP(D76,[1]Hoja1!L1:M8,2,0) -> Coordinadora Grupo de Convenios y Contratos

Sheet P14
B1: ANÁLISIS DE REQUISITOS JURÍDICOS | E1: Código: F-GCC-030 Versión: 0 Fecha: 24/Oct/2014
B7: FECHA DE CIERRE | D7: ='Hoja de Registro'!C6 -> 46132
B8: FECHA DEL INFORME | D8: =TODAY() -> 46135
A9: NÚMERO DEL PROCESO DE SELECCIÓN (REFERENCIA SECOP) | D9: ='Hoja de Registro'!C3 -> MC-SA-MC-0001-2026
A10: INFORME DE VERIFICACIÓN DE REQUISITOS HABILITANTES JURÍDICOS | E10: PRELIMINAR
A11: OBJETO | B11: ='Hoja de Registro'!C4 -> Realizar las obras de reparaciones locativas del inmueble Casa Museo Guillermo León Valencia de Popayán - Cauca, ubicado en el centro histórico declarado bien de interés cultural del ámbito nacional
A12: MODALIDAD DE SELECCIÓN | B12: SELECCIÓN ABREVIADA DE MENOR CUANTÍA | D12: VALOR TOTAL PRESUPUESTO OFICIAL | E12: ='Hoja de Registro'!C5 -> 724761029
A13: DOCUMENTOS TIPO APLICABLES | B13: SI | C13: Documentos tipo de menor cuantía de obra pública de infraestructura social
A14: ADJUDICACIÓN POR LOTES | B14: NO | D14: LOTES A LOS QUE SE PRESENTA | E14: =VLOOKUP('P14'!C15,'Hoja de Registro'!A8:G86,7,0) -> 0
A15: NUMERO Y NOMBRE DEL PROPONENTE | B15: # | C15: 14 | D15: =VLOOKUP($C$15,'Hoja de Registro'!$A$8:$B$90,2) -> JOSE RAUL GONZALEZ RIVERA
A16: NATURALEZA JURÍDICA | B16: =VLOOKUP(C15,'Hoja de Registro'!$A$8:$C$90,3) -> PERSONA NATURAL | D16: ORIGEN | E16: NACIONAL
A17: IDENTIFICACIÓN | B17: Clase | C17: C.C. | D17: No. | E17: 92558977
A18: REPRESENTANTE LEGAL DEL PROPONENTE P JURÍDICA | B18: JOSE RAUL GONZALEZ RIVERA
A19: IDENTIFICACIÓN | B19: Clase | C19: C.C. | D19: No. | E19: 92558977
A20: EL PROPONENTE ACREDITA ALGUNA CONDICIÓN PARA CRITERIOS DIFERENCIALES | B20: MiPyme | C20: EMPRESAS Y EMPRENDIMIENTOS DE MUJERES | E20: EMPRENDIMIENTOS Y EMPRESAS DE PERSONAS CON DISCAPACIDAD
A22: USUARIO SECOP II | B22: JOSE RAUL GONZALEZ RIVERA | D22: FECHA Y HORA DE ENTREGA DE LA OFERTA | E22: 46132.351
A23: CANTIDAD DE LOTES A LOS QUE PRESENTA OFERTA | B23: NO APLICA | D23: VALOR DEL PTO DE LOS LOTES OFERTADOS PARA VERIFICACIÓN DE LA PÓLIZA DE SERIEDAD DE LA OFERTA | E23: NO APLICA
A24: VERIFICACIÓN CUMPLIMIENTO REQUISITOS JURÍDICOS - CONTENIDO SOBRE 1
A25: REQUISITO- NUMERAL DOCUMENTO BASE | B25: CUMPLE/NO CUMPLE | C25: ARCHIVO/FOLIOS | D25: OBSERVACIÓN
A26: CAPÍTULO II- ELABORACIÓN Y PRESENTACIÓN DE LA OFERTA
A27: 2.1 El Proponente presenta el Formato 1 – Carta de Presentación de la Oferta, firmado por la persona natural o por el representante legal del Proponente individual o Plural, o por el apoderado. | B27: CUMPLE | C27: Formato 1_Carta de presentación de la oferta | D27: El proponente allega el Formato 1 – Carta de Presentación de la Oferta suscrita por JOSE RAUL GONZALEZ RIVER, quien participa como profesional en el ejercicio de una profesión liberal.
A28: 2.1 Quien suscribe la oferta y La persona natural (Proponente individual o integrante de un Proponente Plural) que pretenda participar en el presente proceso, debe acreditar que posee título como arquitecto o ingeniero en la respectiva rama de la ingeniería, para lo cual adjuntará copia de la tarjeta profesional y certificado de vigencia de la matrícula profesional expedida por la autoridad competente, vigente a la fecha de cierre de este procedimiento de selección. El requisito de la tarjeta profesional se puede suplir con el registro de que trata el artículo 18 del Decreto-Ley 2106 de 2019. | B28: CUMPLE | C28: Formato 1_Carta de presentación de la oferta | D28: El proponente allega el Formato 1 – Carta de Presentación de la Oferta, se encuentra suscrito por JOSE RAUL GONZALEZ RIVERA, quien avala la oferta acreditando el título de ingeniero civil con matrícula profesional No. 08202094453ATLD, aporta T.P. Se relaiza la consulta del Certificado de vigencia y antecedentes disciplinarios, el cual no tiene anotaciones. | K28: CONSULTA WEB
A29: 2.2 En caso de apoderado se anexa el poder otorgado en legal forma (artículo 5 del Decreto – Ley 019 de 2012), en el que se confiere al apoderado de manera clara y expresa facultades amplias y suficientes para actuar, obligar y responsabilizar a quien(es) representa en el trámite del proceso y en la suscripción del Contrato. | B29: NO APLICA | K29: PRESENTA
A30: 2.3 La oferta es presentada en el Secop II antes de la fecha y hora de cierre y allega el sobre. El proponente es plural lo hace como usuario plural en el Secop. | B30: CUMPLE | D30: Propuesta presentada el 20/04/2026 7:35 AM
A31: 1.9 Los documentos públicos otorgados en el exterior están apostillados o legalizados según corresponda | B31: NO APLICA
A32: CAPÍTULO III- REQUISITOS HABILITANTES Y VERIFICACIÓN
A33: 3.1 D. Los Proponentes obligados a estar inscritos en el Registro Único de Proponentes (RUP), deben aportar certificado con fecha de expedición no mayor a treinta (30) días calendario anteriores a la fecha de cierre del Proceso de Contratación. En caso de modificarse la fecha de cierre del Proceso, se tendrá como referencia para establecer el plazo de vigencia del certificado la fecha originalmente establecida en el Pliego de condiciones definitivo. | B33: NO CUMPLE | C33: RUP JOSE GONZALEZ 31 DE MARZO2026 (1)_1 | D33: El Proponente aporta RUP con fecha de expedición del 31 de marzo de 2026, con renovación año 2025. Sin embargo no acredita la renovación del año 2026, como lo señala el articulo 2.2.1.1.1.5.1 del Decreto 1082 de 2015 nforme a lo anterior se requiere al oferente para que allegue el Certificado de Registro Unico de Proponenes en las condiciones establecidas en el Pliego de Condiciones. Se señala que de haberse realizado el tramíte de renovacion para la presente vigencia y con el fin de advertir que los efectos del RUP no han cesado, el oferente debera allegar soporte de radicacion ante la cámara de comercio de los documentos para su renovación que evidencien que el tramíte se hizo dentro de lostiempos dispuestos en la norma
A34: INHABILIDADES
A35: 3.2 C.- No estar incursos en ninguna de las circunstancias de inhabilidad, incompatibilidad, conflicto de interés o prohibición para contratar previstas en la Constitución y en la ley (Artículo 4 del Acto Legislativo 01 de 2009, que modificó el artículo 122 de la Constitución Política de Colombia: Condena patromonio del estado) Artículos 8º y 9º de la Ley 80 de 1993 (incluye modificaciones Art. 18 de la Ley 1150 de 2007 y Artículos 1, 2, 4 , 5, 27, Parágrafo 2 articulo 84 , artículo 90 de la ley 1474 del 2011 (revisión en el RUP). Incluye consulta en REDAM (Ley 2097 de 2021) | B35: CUMPLE | C35: 3.2. CAPACIDAD JURIDICA | D35: Sin observaciones
A36: 3.2..- No estar incurso en conflicto de interés numeral 1.14 (Quienes hayan realizados los estudios y diseños de la obra cuyo proceso de selección se va a realizar). | B36: CUMPLE | C36: N/A | D36: Sin observaciones
A37: 3.2 D. No estar reportados en el último boletín de responsables fiscales vigentes publicado por la Contraloría General de la República. Esta disposición aplica para el Proponente e integrantes de un Proponente Plural con domicilio en Colombia. Tratándose de Proponentes Extranjeros sin domicilio o sin sucursal en Colombia, deben declarar que no son responsables fiscales por actividades ejercidas en Colombia en el pasado y que no tienen sanciones vigentes en Colombia que impliquen inhabilidad para contratar con el Estado. | B37: CUMPLE | C37: N/A | D37: Sin observaciones
A38: 3.2 F.La Entidad ha consultado los antecedentes judiciales en línea en los registros de las bases de datos, al igual que los antecedentes fiscales acorde con el artículo 60 de la Ley 610 de 2000, los antecedentes disciplinarios conforme con el artículo 1 de la Ley 1238 de 2008, el Registro Nacional de Medidas Correctivas del Ministerio de Defensa Nacional – Policía Nacional, de acuerdo con lo dispuesto en el artículo 184 de la Ley 1801 de 2016 – Código Nacional de Seguridad y Convivencia Ciudadana y el proponente no registra antecedentes. | B38: CUMPLE | C38: N/A | D38: Sin observaciones
A39: EXISTENCIA Y REPRESENTACION LEGAL
A40: Personas naturales
A41: 3.3.1.Persona natural de nacionalidad colombiana: cédula de ciudadanía. | B41: CUMPLE | C41: N/A
A42: Persona natural extranjera con residencia en Colombia: cédula de extranjería vigente. | B42: NO APLICA
A43: Persona natural extranjera sin domicilio en Colombia: pasaporte. | B43: NO APLICA
A44: 3.4.El Proponente persona natural debe acreditar la afiliación a los sistemas de seguridad social en salud y pensiones, aportando los certificados de afiliación respectivos o con el certificado de pago de la correspondiente planilla, pero no será obligatoria la presentación de este último. Los certificados de afiliación deben presentarse con fecha de expedición no mayor a treinta (30) días calendario anteriores al cierre del Proceso de Contratación. | B44: CUMPLE | C44: CERTIFICADOS DE AFILIACION EPS Y PENSION | D44: Sin observaciones
A45: Personas jurídicas
A46: A-El proponente nacional o con sucursal en Colombia allega : I-Certificado de existencia y representación legal expedido por la Cámara de Comercio o autoridad competente y la fecha de expedición del certificado no mayor a treinta (30) días calendario anteriores a la fecha de cierre del Proceso de Contratación. (En caso de modificarse la fecha de cierre del proceso, se tendrá como referencia para establecer el plazo de vigencia del certificado de existencia y representación legal la originalmente fijada en el Pliego de Condiciones.)
A47: El certificado de existencia acredita que el objeto de la sociedad permite ejecutar las actividades descritas en el objeto del Proceso de Contratación
A48: El certificado de existencia acredita que la duración no será inferior a la del plazo del contrato y un año más.
A49: Si el representante legal de la sociedad tiene restricciones para contraer obligaciones en nombre de la misma, acredita su capacidad a través de una autorización suficiente otorgada por el órgano social competente respectivo para cada caso.
A50: El certificado de existencia acredita el nombramiento del revisor fiscal en caso de que deba contar con uno.El certificado de existencia acredita el nombramiento del revisor fiscal en caso de que deba contar con uno. (Las sociedades comerciales que cumplan las siguientes condiciones:Poseer activos brutos al 31 de diciembre de 2026 iguales o superiores a 5.000 SMMLV (equivalentes aproximadamente a $7.117.500.000) o 580.000 UVB. Contar con ingresos brutos al 31 de diciembre de 2026 iguales o superiores a 3.000 SMMLV (equivalentes aproximadamente a $4.270.500.000) o 348.000 UVB
A51: El certificado de existencia acredita que las personas jurídicas extranjeras con actividades permanentes en Colombia (contratos de obra o servicios) deberán estar legalmente establecidas en el territorio nacional de acuerdo con los artículos 471 y 474 del Código de Comercio.
A52: III. Allega Certificación del revisor fiscal en caso de ser sociedad anónima colombiana, en la que conste si es abierta o cerrada.
A53: III. Fotocopia del documento de identificación del representante legal. (Y del suplente en caso que sea este quien firme la oferta)
A54: B. El proponentes Persona jurídica extranjera sin Sucursal o domicilio en Colombia: allega: Documentos que acredite la existencia y representación legal de la sociedad extranjera, presentados de conformidad con lo establecido en el Pliego de Condiciones, en el que debe constar, como mínimo, los aspectos del numeral 3.3.2.B del documento base. (Nombre o razón social completa Nombre del representante legal o de la persona facultada para comprometer a la persona jurídica; Que el objeto de la sociedad permita ejecutar las actividades descritas en el objeto del Proceso de Contratación; facultades del representante legal o de la persona designada para comprometer a la persona jurídica, en la que se señale expresamente que el representante no tiene limitaciones para contraer obligaciones en nombre de la misma o aportando la autorización o documento correspondiente del órgano social competente para cada caso; Tipo, número y fecha del documento de constitución o creación; Fecha y clase de documento por el cual se reconoce la personería jurídica; Acreditar que su duración no será inferior a la del plazo del contrato y un año más; Fotocopia del documento de identificación del representante legal.
A55: C. Entidades Estatales: Deben presentar los siguientes documentos para acreditar su existencia: Acto de creación de la Entidad Estatal. Este puede ser ley, decreto, ordenanza, acuerdo o certificado de existencia y representación legal (este último no mayor a treinta (30) días calendario anteriores a la fecha de cierre del proceso de selección) o documento equivalente que permita conocer la naturaleza jurídica, funciones, órganos de dirección o régimen jurídico de contratación de la Entidad Estatal y requisitos de este literal.
A56: 3.4.El Proponente persona jurídica debe presentar el Formato 6 – Pagos de seguridad social y aportes legales suscrito por el revisor fiscal, de acuerdo con los requerimientos de ley o por el representante legal, bajo la gravedad del juramento, cuando no se requiera revisor fiscal, en el que conste el pago de los aportes de sus empleados a los sistemas de salud, riesgos laborales, pensiones y aportes a las cajas de compensación familiar, al Instituto Colombiano de Bienestar Familiar, al Servicio Nacional de Aprendizaje y al Fondo Nacional de Formación Profesional para la Industria de Construcción, cuando a ello haya lugar.
A57: VERIFICACIÓN REQUISITOS PÓLIZA DE SERIEDAD DE LA OFERTA
A58: CUANTIA REQUERIDA | B58: 10% PO | C58: =IF(B14="NO",E12*10%,E23*10%) -> 72476103 | D58: VIGENCIA MÍNIMA | E58: =EDATE(D7,3) -> 46223
A59: ASEGURADORA | B59: # POLIZA Y ANEXO O CERTIFICADO Y FECHA DE EXPEDICION | C59: CUANTIA ASEGURADA | D59: VIGENCIA DESDE | E59: VIGENCIA HASTA
A60: COMPAÑÍA MUNDIAL DE SEGUROS S.A. | B60: CNS-100000929 | C60: 72476103 | D60: 46132 | E60: 46223
C63: =SUM(C60:C62) -> 72476103
A64: REQUISITO- NUMERAL DOCUMENTO BASE | B64: CUMPLE/NO CUMPLE | C64: ARCHIVO/FOLIOS | D64: OBSERVACIÓN
A65: 7.1 Presenta póliza de seriedad de la oferta a nombre del proponente y de la entidad estatal y esta cumple con la vigencia y cuantía mínima requeridas. | B65: CUMPLE | C65: POL_217_10_100000929_0 | D65: La garantía de seriedad de la oferta cumple con los requisitos exigidos
A66: Póliza validada en el siguiente enlace: | B66: https://productos.mundialseguros.com.co/
A67: VERIFICACION CAUSALES DE RECHAZO
A68: LA OFERTA NO ESTÁ INCURSA EN LAS CAUSALES DE RECHAZO (NUMERAL 1.15) | B68: CUMPLE | C68: CAUSAL DE RECHAZO
L71: =+B73 -> 0
A73: RESULTADO DE LA EVALUACIÓN | E73: =IFERROR(IF(MATCH("NO CUMPLE",B27:B72,0)>0,"NO HABILITADA"),"HABILITADA") -> NO HABILITADA
A74: Proyectó: | B74: Revisó: | D74: Aprobó:
A75: #VALUE! | B75: #VALUE! | D75: #VALUE!
A76: OTTO GABRIEL FORERO | B76: RICARDO MOLINA | D76: JENNY CAROLINA VELANDÍA MARTINEZ
A77: Abogado Grupo de Convenios y Contratos | B77: Abogado Grupo de Convenios y Contratos | D77: =VLOOKUP(D76,[1]Hoja1!L1:M8,2,0) -> Coordinadora Grupo de Convenios y Contratos

Sheet P15
C1: ANÁLISIS DE REQUISITOS JURÍDICOS | F1: Código: F-GCC-030 Versión: 0 Fecha: 24/Oct/2014
C7: FECHA DE CIERRE | E7: ='Hoja de Registro'!C6 -> 46132
C8: FECHA DEL INFORME | E8: =TODAY() -> 46135
A9: NÚMERO DEL PROCESO DE SELECCIÓN (REFERENCIA SECOP) | E9: ='Hoja de Registro'!C3 -> MC-SA-MC-0001-2026
A10: INFORME DE VERIFICACIÓN DE REQUISITOS HABILITANTES JURÍDICOS | F10: PRELIMINAR
A11: OBJETO | C11: ='Hoja de Registro'!C4 -> Realizar las obras de reparaciones locativas del inmueble Casa Museo Guillermo León Valencia de Popayán - Cauca, ubicado en el centro histórico declarado bien de interés cultural del ámbito nacional
A12: MODALIDAD DE SELECCIÓN | C12: SELECCIÓN ABREVIADA DE MENOR CUANTÍA | E12: VALOR TOTAL PRESUPUESTO OFICIAL | F12: ='Hoja de Registro'!C5 -> 724761029
A13: DOCUMENTOS TIPO APLICABLES | C13: SI | D13: =IF(C13="SI","Documentos tipo de licitación de obra pública para proyectos de infraestructura sociall","") -> Documentos tipo de licitación de obra pública para proyectos de infraestructura sociall
A14: ADJUDICACIÓN POR LOTES | C14: NO | E14: LOTES A LOS QUE PRESENTA OFERTA
A15: NUMERO Y NOMBRE DEL PROPONENTE | C15: # | D15: 15 | E15: =VLOOKUP(D15,'Hoja de Registro'!A8:B90,2) -> UT CAMPEN MINCULTURA 2026
A16: NATURALEZA JURÍDICA | C16: =VLOOKUP($D$15,'Hoja de Registro'!$A$8:$C$90,3) -> UNION TEMPORAL | E16: ORIGEN | F16: NACIONAL
A17: IDENTIFICACIÓN | C17: Clase | E17: No.
A18: REPRESENTANTE LEGAL DEL PROPONENTE | C18: BLANCA JANNETH CAMACHO AMAYA
A19: IDENTIFICACIÓN | C19: Clase | D19: C.C. | E19: No. | F19: 28411482
A20: EL PROPONENTE ACREDITA ALGUNA CONDICIÓN PARA CRITERIOS DIFERENCIALES | C20: MiPyme | D20: EMPRESAS Y EMPRENDIMIENTOS DE MUJERES | F20: EMPRENDIMIENTOS Y EMPRESAS DE PERSONAS CON DISCAPACIDAD
A22: USUARIO SECOP II | C22: UT CAMPEN MINCULTURA 2026 | E22: FECHA Y HORA DE ENTREGA DE LA OFERTA | F22: 46132.363
A23: CANTIDAD DE LOTES A LOS QUE PRESENTA OFERTA | C23: NO APLICA | E23: VALOR DEL PTO DE LOS LOTES OFERTADOS PARA VERIFICACIÓN DE LA PÓLIZA DE SERIEDAD DE LA OFERTA | F23: NO APLICA
A24: IDENTIFICACION DE INTEGRANTES PARA PROPONENTES PLURALES
A25: # | B25: NOMBRE | C25: NATURALEZA JURIDICA | D25: I.D | E25: REPRESENTANTE LEGAL Y DNI | F25: %PARTICIPACION | G25: =IF(F30<>100%,"REVISE SUMATORIA",0) -> 0
A26: 1 | B26: ENERGY CG COLOMBIA SAS | C26: PERSONA JURIDICA | D26: 900.805.621-4 | E26: ALEXANDER ORTEGON NARANJO | F26: 0.495
A27: 2 | B27: PROYECTOS CIVILES, AMBIENTALES Y DE PETROLEOS SAS – CAMPING INGENIERIA SAS | C27: PERSONA JURIDICA | D27: 900.090.385-1 | E27: BLANCA JANNETH CAMACHO AMAYA | F27: 0.495
A28: 3 | B28: JAVIER JOSE PEREIRA AREIZA | C28: PERSONA NATURAL | D28: 13.826.536-9 | E28: JAVIER JOSE PEREIRA AREIZA | F28: 0.01
A29: 4
F30: =SUM(F26:F29) -> 1
A31: VERIFICACIÓN CUMPLIMIENTO REQUISITOS JURÍDICOS - CONTENIDO SOBRE 1
A32: CAPÍTULO II- ELABORACIÓN Y PRESENTACIÓN DE LA OFERTA
A33: REQUISITO- NUMERAL DOCUMENTO BASE | C33: CUMPLE/NO CUMPLE | D33: ARCHIVO/FOLIOS | E33: OBSERVACIÓN
A34: 2.1 El Proponente presenta el Formato 1 – Carta de Presentación de la Oferta, firmado por la persona natural o por el representante legal del Proponente individual o Plural, o por el apoderado. | C34: CUMPLE | D34: CARTA PRESENTACION UT CAMPEN MINCULTURA 2026 | E34: El Proponente presenta el Formato 1 – Carta de Presentación de la Oferta, debidamente firmado por el representante legal del Proponente Plural.
A35: 2.1 Quien suscribe la oferta y la persona natural proponente o integrante del proponente que posee título como arquitecto o ingeniero en la respectiva rama de la ingeniería, para lo cual adjunta copia de la tarjeta profesional y certificado de vigencia de la matrícula profesional expedida por la autoridad competente, vigente a la fecha de cierre de este procedimiento de selección y en caso de que quien suscribe no sea ingeniero presenta avalada la oferta por ingeniero civil y allega copia de la tarjeta profesional y certificado de vigencia de la matrícula profesional vigente a la fecha de cierre. | C35: CUMPLE | D35: CARTA PRESENTACION UT CAMPEN MINCULTURA 2026 | E35: El Proponente presenta el Formato 1 – Carta de Presentación de la Oferta, se encuentra suscrito por JAVIER JOSE PEREIRA AREIZA, quien avala la propuesta, acreditando la profesión de Ingeniero Civil con Matrícula Profesional No 68202-06902 STD. Aporta certificado del COPNIA vigente y T.P.
A36: 2.2 En caso de apoderado se anexa el poder otorgado en legal forma (artículo 5 del Decreto – Ley 019 de 2012), en el que se confiere al apoderado de manera clara y expresa facultades amplias y suficientes para actuar, obligar y responsabilizar a quien(es) representa en el trámite del proceso y en la suscripción del Contrato. | C36: NO APLICA
A37: 2.3 La oferta es presentada en el Secop II antes de la fecha y hora de cierre y allega el sobre 1 y el sobre 2 de manera separada. La información de la oferta ecónómica no se incluye en el sobre 1 y si el proponente es plural lo hace como usuario plural en el Secop. | C37: CUMPLE | E37: Propuesta presentada el 20/04/2026 8:42 AM
A38: 1.9 Los documentos públicos otorgados en el exterior están apostillados o legalizados según corresponda | C38: NO APLICA
E39: =IFERROR(IF(MATCH("NO CUMPLE",C34:C38,0)>0,"NO CUMPLE"),"CUMPLE") -> CUMPLE
A40: CAPÍTULO III- REQUISITOS HABILITANTES Y VERIFICACIÓN
A41: DOCUMENTO DE CONSTITUCION
A42: REQUISITO- NUMERAL DOCUMENTO BASE | C42: CUMPLE/NO CUMPLE | D42: ARCHIVO/FOLIOS | E42: OBSERVACIÓN
A43: 3.3.3 A Presenta Fomato 2 o documento de conformación especificando si es Unión Temporal o en Consorcio. En este documento los integrantes deben expresar su intención de conformar el Proponente Plural. En caso de que no exista precisión sobre el tipo de asociación se solicitará aclaración. Los Proponentes deben incluir como mínimo la información requerida en el Formato 2 – Conformación de Proponente Plural (Formato 2A – Consorcios) (Formato 2B – Uniones Temporales). | C43: CUMPLE | D43: DOCUMENTO CONSTITUCION UT CAMPEN MINCULTURA 2026 | E43: Sin observaciones
A44: B.Acredita el nombramiento de un representante y un suplente, este último en caso de considerarlo conveniente, cuya designación deberá quedar definida en el Formato 2 – Conformación de Proponente Plural (Formato 2A – Consorcios) (Formato 2B – Uniones Temporales), de las personas naturales y/o jurídicas asociadas | C44: CUMPLE | D44: DOCUMENTO CONSTITUCION UT CAMPEN MINCULTURA 2026 | E44: Sin observaciones
A45: C.Aporta copia del documento de identificación del representante principal y suplente del Proponente Plural, en caso de que se haya nombrado este último. | C45: CUMPLE | D45: DOCUMENTOS LEGALES INTEGRANTES DE LA UT CAMPEN MINCULTURA 2026 | E45: Sin observaciones
A46: D. Acredita que la vigencia del Proponente Plural no sea inferior a la del plazo del Contrato y un año adicional. Para efectos de la evaluación, este plazo será contado a partir de la fecha del cierre del Proceso de Contratación. | C46: CUMPLE | D46: DOCUMENTO CONSTITUCION UT CAMPEN MINCULTURA 2026 | E46: Sin observaciones
A47: E.El Proponente Plural debe señalar expresamente cuál es el porcentaje de participación de cada uno de sus integrantes. La sumatoria de este porcentaje no podrá ser diferente al 100 %. | C47: CUMPLE | D47: DOCUMENTO CONSTITUCION UT CAMPEN MINCULTURA 2026 | E47: Sin observaciones
A48: Documento está firmado por todos los integrantes del Proponente Plural y en el caso del integrante persona jurídica, por el representante legal de dicha persona, o por el apoderado de cualquiera de los anteriores. | C48: CUMPLE | D48: DOCUMENTO CONSTITUCION UT CAMPEN MINCULTURA 2026 | E48: Sin observaciones
E49: =IFERROR(IF(MATCH("NO CUMPLE",C43:C48,0)>0,"NO CUMPLE"),"CUMPLE") -> CUMPLE
A50: VERIFICACIÓN DE REQUISITOS HABILITANTES DE CADA INTEGRANTE
A51: REQUISITO | C51: INTEGRANTE 1 | D51: INTEGRANTE 2 | E51: INTEGRANTE 3 | F51: INTEGRANTE 4
A52: 3.1 D. El integrante está obligado a estar inscrito en el Registro Único de Proponentes (RUP), y aportar el certificado con fecha de expedición no mayor a treinta (30) días calendario anteriores a la fecha de cierre del Proceso de Contratación. Vigente y en firme (En caso de modificarse la fecha de cierre del proceso, se tendrá como referencia para establecer el plazo de vigencia del certificado la originalmente indicada en el Pliego de Condiciones).El RUP debe haberse renovado en el plazo legal. | C52: NO CUMPLE | D52: NO CUMPLE | E52: NO CUMPLE
A53: OBSERVACIONES | C53: El Proponente aporta RUP con fecha de expedición del 9 de abril de 2026, con renovación año 2025. Sin embargo no acredita la renovación del año 2026, como lo señala el articulo 2.2.1.1.1.5.1 del Decreto 1082 de 2015. Conforme a lo anterior se requiere al oferente para que allegue el Certificado de Registro Unico de Proponenes en las condiciones establecidas en el Pliego de Condiciones. Se señala que de haberse realizado el tramíte de renovacion para la presente vigencia y con el fin de advertir que los efectos del RUP no han cesado, el oferente debera allegar soporte de radicacion ante la cámara de comercio de los documentos para su renovación que evidencien que el tramíte se hizo dentro de lostiempos dispuestos en la norma | D53: El Proponente aporta RUP con fecha de expedición del 9 de abril de 2026, con renovación año 2025. Sin embargo no acredita la renovación del año 2026, como lo señala el articulo 2.2.1.1.1.5.1 del Decreto 1082 de 2015. Conforme a lo anterior se requiere al oferente para que allegue el Certificado de Registro Unico de Proponenes en las condiciones establecidas en el Pliego de Condiciones. Se señala que de haberse realizado el tramíte de renovacion para la presente vigencia y con el fin de advertir que los efectos del RUP no han cesado, el oferente debera allegar soporte de radicacion ante la cámara de comercio de los documentos para su renovación que evidencien que el tramíte se hizo dentro de lostiempos dispuestos en la norma | E53: El Proponente aporta RUP con fecha de expedición del 9 de abril de 2026, con renovación año 2025. Sin embargo no acredita la renovación del año 2026, como lo señala el articulo 2.2.1.1.1.5.1 del Decreto 1082 de 2015. Conforme a lo anterior se requiere al oferente para que allegue el Certificado de Registro Unico de Proponenes en las condiciones establecidas en el Pliego de Condiciones. Se señala que de haberse realizado el tramíte de renovacion para la presente vigencia y con el fin de advertir que los efectos del RUP no han cesado, el oferente debera allegar soporte de radicacion ante la cámara de comercio de los documentos para su renovación que evidencien que el tramíte se hizo dentro de lostiempos dispuestos en la norma
E54: =IFERROR(IF(MATCH("NO CUMPLE",C52:F52,0)>0,"NO CUMPLE"),"CUMPLE") -> NO CUMPLE
A55: INHABILIDADES
A56: REQUISITO | C56: INTEGRANTE 1 | D56: INTEGRANTE 2 | E56: INTEGRANTE 3 | F56: INTEGRANTE 4
A57: 3.2 No estar incursos en ninguna de las circunstancias de inhabilidad, incompatibilidad, conflicto de interés o prohibición para contratar previstas en la Constitución y en la ley (Artículo 4 del Acto Legislativo 01 de 2009, que modificó el artículo 122 de la Constitución Política de Colombia: Condena patromonio del estado) Artículos 8º y 9º de la Ley 80 de 1993 (incluye modificaciones Art. 18 de la Ley 1150 de 2007 y Artículos 1, 2, 4 , 5, 27, Parágrafo 2 articulo 84 , artículo 90 de la ley 1474 del 2011 (revisión en el RUP). Incluye consulta en REDAM (Ley 2097 de 2021) | C57: CUMPLE | D57: CUMPLE | E57: CUMPLE
A58: 3.2 No estar incurso en conflicto de interés numeral 1.14 (Quienes hayan realizados los estudios y diseños de la obra cuyo proceso de selección se va a realizar). | C58: CUMPLE | D58: CUMPLE | E58: CUMPLE
A59: 3.2 D. No estar reportados en el último boletín de responsables fiscales vigentes publicado por la Contraloría General de la República. Esta disposición aplica para el Proponente e integrantes de un Proponente Plural con domicilio en Colombia. Tratándose de Proponentes Extranjeros sin domicilio o sin sucursal en Colombia, deben declarar que no son responsables fiscales por actividades ejercidas en Colombia en el pasado y que no tienen sanciones vigentes en Colombia que impliquen inhabilidad para contratar con el Estado. | C59: CUMPLE | D59: CUMPLE | E59: CUMPLE
A60: La Entidad ha consultado los antecedentes judiciales en línea en los registros de las bases de datos, al igual que los antecedentes fiscales acorde con el artículo 60 de la Ley 610 de 2000, los antecedentes disciplinarios conforme con el artículo 1 de la Ley 1238 de 2008, el Registro Nacional de Medidas Correctivas del Ministerio de Defensa Nacional – Policía Nacional, de acuerdo con lo dispuesto en el artículo 184 de la Ley 1801 de 2016 – Código Nacional de Seguridad y Convivencia Ciudadana y el integrante no registra antecedentes. | C60: CUMPLE | D60: CUMPLE | E60: CUMPLE
A61: OBSERVACIONES | C61: El Proponente Plural APORTA el REDAM vigente del integrante del consorcio | D61: El Proponente Plural APORTA el REDAM vigente del integrante del consorcio | E61: El Proponente Plural APORTA el REDAM vigente del integrante del consorcio
C62: =IFERROR(IF(MATCH("NO CUMPLE",C57:C60,0)>0,"NO CUMPLE"),"CUMPLE") -> CUMPLE | D62: =IFERROR(IF(MATCH("NO CUMPLE",D57:D60,0)>0,"NO CUMPLE"),"CUMPLE") -> CUMPLE | E62: =IFERROR(IF(MATCH("NO CUMPLE",E57:E60,0)>0,"NO CUMPLE"),"CUMPLE") -> CUMPLE | F62: =IFERROR(IF(MATCH("NO CUMPLE",F57:F60,0)>0,"NO CUMPLE"),"CUMPLE") -> CUMPLE
E63: =IFERROR(IF(MATCH("NO CUMPLE",C62:F62,0)>0,"NO CUMPLE"),"CUMPLE") -> CUMPLE
A64: EXISTENCIA Y REPRESENTACION LEGAL
A65: Personas naturales
A66: REQUISITO | C66: INTEGRANTE 1 | D66: INTEGRANTE 2 | E66: INTEGRANTE 3 | F66: INTEGRANTE 4
A67: Persona natural de nacionalidad colombiana: cédula de ciudadanía. | E67: CUMPLE
A68: Persona natural extranjera con residencia en Colombia: cédula de extranjería vigente. | E68: NO APLICA
A69: Persona natural extranjera sin domicilio en Colombia: pasaporte. | E69: NO APLICA
A70: El integrante persona natural debe acreditar la afiliación a los sistemas de seguridad social en salud y pensiones, aportando los certificados de afiliación respectivos o con el certificado de pago de la correspondiente planilla, pero no será obligatoria la presentación de este último. Los certificados de afiliación deben presentarse con fecha de expedición no mayor a treinta (30) días calendario anteriores al cierre del Proceso de Contratación. | E70: CUMPLE
A71: OBSERVACIONES | E71: Sin observaciones
C72: =IFERROR(IF(MATCH("NO CUMPLE",C67:C70,0)>0,"NO CUMPLE"),"CUMPLE") -> CUMPLE | D72: =IFERROR(IF(MATCH("NO CUMPLE",D67:D70,0)>0,"NO CUMPLE"),"CUMPLE") -> CUMPLE | E72: =IFERROR(IF(MATCH("NO CUMPLE",E67:E70,0)>0,"NO CUMPLE"),"CUMPLE") -> CUMPLE | F72: =IFERROR(IF(MATCH("NO CUMPLE",F67:F70,0)>0,"NO CUMPLE"),"CUMPLE") -> CUMPLE
E73: =IFERROR(IF(MATCH("NO CUMPLE",C72:F72,0)>0,"NO CUMPLE"),"CUMPLE") -> CUMPLE
A74: Personas jurídicas
A75: REQUISITO | C75: INTEGRANTE 1 | D75: INTEGRANTE 2 | E75: INTEGRANTE 3 | F75: INTEGRANTE 4
A76: A-El integrante nacional o con sucursal en Colombia allega : I-Certificado de existencia y representación legal expedido por la Cámara de Comercio o autoridad competente y la fecha de expedición del certificado no mayor a treinta (30) días calendario anteriores a la fecha de cierre del Proceso de Contratación. (En caso de modificarse la fecha de cierre del proceso, se tendrá como referencia para establecer el plazo de vigencia del certificado de existencia y representación legal la originalmente fijada en el Pliego de Condiciones.) | C76: CUMPLE | D76: CUMPLE
A77: El certificado de existencia acredita que el objeto de la sociedad permite ejecutar las actividades descritas en el objeto del Proceso de Contratación | C77: CUMPLE | D77: CUMPLE
A78: El certificado de existencia acredita que la duración no será inferior a la del plazo del contrato y un año más. | C78: CUMPLE | D78: CUMPLE
A79: Si el representante legal de la sociedad tiene restricciones para contraer obligaciones en nombre de la misma, acredita su capacidad a través de una autorización suficiente otorgada por el órgano social competente respectivo para cada caso. | C79: CUMPLE | D79: CUMPLE
A80: El certificado de existencia acredita el nombramiento del revisor fiscal en caso de que deba contar con uno. (Las sociedades comerciales que cumplan las siguientes condiciones:Poseer activos brutos al 31 de diciembre de 2023 iguales o superiores a 5.000 smmlv o 580.000 UVB ($5.800.000.000), Contar con ingresos brutos al 31 de diciembre de 2023, iguales o superiores a 3.000 smmlv o 348.000 UVB ($3.480.000.000); Sociedades por acciones, Sucursales de compañías extranjeras, Sociedades en las que la administración no corresponda a los socios, cuando así lo disponga al menos el 20 % del capital de la sociedad, excluida la administración.) | C80: CUMPLE | D80: NO APLICA
A81: El certificado de existencia acredita que las personas jurídicas extranjeras con actividades permanentes en Colombia (contratos de obra o servicios) deberán estar legalmente establecidas en el territorio nacional de acuerdo con los artículos 471 y 474 del Código de Comercio. | C81: NO APLICA | D81: NO APLICA
A82: III. Allega Certificación del revisor fiscal en caso de ser sociedad anónima colombiana, en la que conste si es abierta o cerrada. | C82: NO APLICA | D82: NO APLICA
A83: III. Fotocopia del documento de identificación del representante legal. (Y del suplente en caso que sea este quien firme la oferta) | C83: CUMPLE | D83: CUMPLE
A84: B. El proponentes Persona jurídica extranjera sin Sucursal o domicilio en Colombia: allega: Documentos que acredite la existencia y representación legal de la sociedad extranjera, presentados de conformidad con lo establecido en el Pliego de Condiciones, en el que debe constar, como mínimo, los aspectos del numeral 3.3.2.B del documento base. (Nombre o razón social completa Nombre del representante legal o de la persona facultada para comprometer a la persona jurídica; Que el objeto de la sociedad permita ejecutar las actividades descritas en el objeto del Proceso de Contratación; facultades del representante legal o de la persona designada para comprometer a la persona jurídica, en la que se señale expresamente que el representante no tiene limitaciones para contraer obligaciones en nombre de la misma o aportando la autorización o documento correspondiente del órgano social competente para cada caso; Tipo, número y fecha del documento de constitución o creación; Fecha y clase de documento por el cual se reconoce la personería jurídica; Acreditar que su duración no será inferior a la del plazo del contrato y un año más; Fotocopia del documento de identificación del representante legal. | C84: NO APLICA | D84: NO APLICA
A85: C. Entidades Estatales: Deben presentar los siguientes documentos para acreditar su existencia: Acto de creación de la Entidad Estatal. Este puede ser ley, decreto, ordenanza, acuerdo o certificado de existencia y representación legal (este último no mayor a treinta (30) días calendario anteriores a la fecha de cierre del proceso de selección) o documento equivalente que permita conocer la naturaleza jurídica, funciones, órganos de dirección o régimen jurídico de contratación de la Entidad Estatal y requisitos de este literal. | C85: NO APLICA | D85: NO APLICA
A86: El integrante persona jurídica debe presentar el Formato 6 – Pagos de seguridad social y aportes legales suscrito por el revisor fiscal, de acuerdo con los requerimientos de ley o por el representante legal, bajo la gravedad del juramento, cuando no se requiera revisor fiscal, en el que conste el pago de los aportes de sus empleados a los sistemas de salud, riesgos laborales, pensiones y aportes a las cajas de compensación familiar, al Instituto Colombiano de Bienestar Familiar, al Servicio Nacional de Aprendizaje y al Fondo Nacional de Formación Profesional para la Industria de Construcción, cuando a ello haya lugar. | C86: NO CUMPLE | D86: CUMPLE
A87: OBSERVACIONES | C87: El proponente no aporta la tarjeta profesional ni el certificado de vigencia y antecedentes de la junta central de contadores del revisor fiscal que suscribe el Formato 6 | D87: Sin observaciones
C88: =IFERROR(IF(MATCH("NO CUMPLE",C76:C86,0)>0,"NO CUMPLE"),"CUMPLE") -> NO CUMPLE | D88: =IFERROR(IF(MATCH("NO CUMPLE",D76:D86,0)>0,"NO CUMPLE"),"CUMPLE") -> CUMPLE | E88: =IFERROR(IF(MATCH("NO CUMPLE",E76:E86,0)>0,"NO CUMPLE"),"CUMPLE") -> CUMPLE | F88: =IFERROR(IF(MATCH("NO CUMPLE",F76:F86,0)>0,"NO CUMPLE"),"CUMPLE") -> CUMPLE
E89: =IFERROR(IF(MATCH("NO CUMPLE",C88:F88,0)>0,"NO CUMPLE"),"CUMPLE") -> NO CUMPLE
A90: VERIFICACIÓN REQUISITOS PÓLIZA DE SERIEDAD DE LA OFERTA
A91: CUANTIA REQUERIDA | C91: 10% PO | D91: =IF(C14="NO",F12*10%,F23*10%) -> 72476103 | E91: VIGENCIA MÍNIMA | F91: =EDATE(E7,3) -> 46223
A92: ASEGURADORA | C92: # POLIZA Y ANEXO O CERTIFICADO Y FECHA DE EXPEDICION | D92: CUANTIA ASEGURADA | E92: VIGENCIA DESDE | F92: VIGENCIA HASTA
A93: COMPAÑÍA MUNDIAL DE SEGUROS S.A. | C93: BY-100065303 | D93: 72476103 | E93: 46132 | F93: 46264
D96: =SUM(D93:D95) -> 72476103
A97: REQUISITO- NUMERAL DOCUMENTO BASE | C97: CUMPLE/NO CUMPLE | D97: ARCHIVO/FOLIOS | E97: OBSERVACIÓN
A98: 7.1 Presenta póliza de seriedad de la oferta a nombre del proponente identificando cada uno de sus integrantes, asegura a la entidad estatal y esta cumple con la vigencia y cuantía mínima requeridas y contiene los amparos del decreto 1082 de 2015. | C98: CUMPLE | D98: POLIZA UT CAMPEN MINCULTURA 2026 FIRMADA | E98: La garantía de seriedad de la oferta cumple con los requisitos exigidos
A99: Póliza validada en el siguiente enlace: | C99: https://productos.mundialseguros.com.co/
A100: VERIFICACION CAUSALES DE RECHAZO JURIDICAS | M100: =+C106 -> 0
A101: LA OFERTA NO ESTÁ INCURSA EN LAS CAUSALES DE RECHAZO (NUMERAL 1.15) | C101: CUMPLE | D101: CAUSAL DE RECHAZO
A106: RESULTADO DE LA EVALUACIÓN | F106: =IF(AND(OR(C101="NO CUMPLE",C98="NO CUMPLE", E89="NO CUMPLE",E73="NO CUMPLE",E63="NO CUMPLE", E54="NO CUMPLE",E49="NO CUMPLE",E39="NO CUMPLE",)),"NO HABILITADA","HABILITADA") -> NO HABILITADA
A107: Proyectó: | C107: Revisó: | E107: Aprobó:
A108: #VALUE! | C108: #VALUE! | E108: #VALUE!
A109: OTTO GABRIEL FORERO | C109: RICARDO MOLINA | E109: JENNY CAROLINA VELANDÍA MARTINEZ
A110: Abogado Grupo de Convenios y Contratos | C110: Abogado Grupo de Convenios y Contratos | E110: =VLOOKUP(E109,Hoja1!L1:M8,2,0) -> Coordinadora Grupo de Convenios y Contratos

Sheet P16
B1: ANÁLISIS DE REQUISITOS JURÍDICOS | E1: Código: F-GCC-030 Versión: 0 Fecha: 24/Oct/2014
B7: FECHA DE CIERRE | D7: ='Hoja de Registro'!C6 -> 46132
B8: FECHA DEL INFORME | D8: =TODAY() -> 46135
A9: NÚMERO DEL PROCESO DE SELECCIÓN (REFERENCIA SECOP) | D9: ='Hoja de Registro'!C3 -> MC-SA-MC-0001-2026
A10: INFORME DE VERIFICACIÓN DE REQUISITOS HABILITANTES JURÍDICOS | E10: PRELIMINAR
A11: OBJETO | B11: ='Hoja de Registro'!C4 -> Realizar las obras de reparaciones locativas del inmueble Casa Museo Guillermo León Valencia de Popayán - Cauca, ubicado en el centro histórico declarado bien de interés cultural del ámbito nacional
A12: MODALIDAD DE SELECCIÓN | B12: SELECCIÓN ABREVIADA DE MENOR CUANTÍA | D12: VALOR TOTAL PRESUPUESTO OFICIAL | E12: ='Hoja de Registro'!C5 -> 724761029
A13: DOCUMENTOS TIPO APLICABLES | B13: SI | C13: Documentos tipo de menor cuantía de obra pública de infraestructura social
A14: ADJUDICACIÓN POR LOTES | B14: NO | D14: LOTES A LOS QUE SE PRESENTA | E14: =VLOOKUP('P16'!C15,'Hoja de Registro'!A8:G86,7,0) -> 0
A15: NUMERO Y NOMBRE DEL PROPONENTE | B15: # | C15: 16 | D15: =VLOOKUP($C$15,'Hoja de Registro'!$A$8:$B$90,2) -> ZILL
A16: NATURALEZA JURÍDICA | B16: =VLOOKUP(C15,'Hoja de Registro'!$A$8:$C$90,3) -> JURIDICO | D16: ORIGEN | E16: NACIONAL
A17: IDENTIFICACIÓN | B17: Clase | C17: NIT. | D17: No. | E17: 900.405.611-4
A18: REPRESENTANTE LEGAL DEL PROPONENTE P JURÍDICA | B18: DANIEL ANDRES TORO GONZALEZ
A19: IDENTIFICACIÓN | B19: Clase | C19: C.C. | D19: No. | E19: 80736280
A20: EL PROPONENTE ACREDITA ALGUNA CONDICIÓN PARA CRITERIOS DIFERENCIALES | B20: MiPyme | C20: EMPRESAS Y EMPRENDIMIENTOS DE MUJERES | E20: EMPRENDIMIENTOS Y EMPRESAS DE PERSONAS CON DISCAPACIDAD
A22: USUARIO SECOP II | B22: ZILL | D22: FECHA Y HORA DE ENTREGA DE LA OFERTA | E22: 46132.363
A23: CANTIDAD DE LOTES A LOS QUE PRESENTA OFERTA | B23: NO APLICA | D23: VALOR DEL PTO DE LOS LOTES OFERTADOS PARA VERIFICACIÓN DE LA PÓLIZA DE SERIEDAD DE LA OFERTA | E23: NO APLICA
A24: VERIFICACIÓN CUMPLIMIENTO REQUISITOS JURÍDICOS - CONTENIDO SOBRE 1
A25: REQUISITO- NUMERAL DOCUMENTO BASE | B25: CUMPLE/NO CUMPLE | C25: ARCHIVO/FOLIOS | D25: OBSERVACIÓN
A26: CAPÍTULO II- ELABORACIÓN Y PRESENTACIÓN DE LA OFERTA
A27: 2.1 El Proponente presenta el Formato 1 – Carta de Presentación de la Oferta, firmado por la persona natural o por el representante legal del Proponente individual o Plural, o por el apoderado. | B27: NO CUMPLE | C27: Formato 1_Carta de presentación de la oferta | D27: El proponente allega el Formato 1 – Carta de Presentación de la Oferta suscrita por el representante legal. Sin embargo NO CUMPLE, no incluye la composición accionaria de la persona jurídica como lo señala el pliego.
A28: 2.1 Quien suscribe la oferta y La persona natural (Proponente individual o integrante de un Proponente Plural) que pretenda participar en el presente proceso, debe acreditar que posee título como arquitecto o ingeniero en la respectiva rama de la ingeniería, para lo cual adjuntará copia de la tarjeta profesional y certificado de vigencia de la matrícula profesional expedida por la autoridad competente, vigente a la fecha de cierre de este procedimiento de selección. El requisito de la tarjeta profesional se puede suplir con el registro de que trata el artículo 18 del Decreto-Ley 2106 de 2019. | B28: CUMPLE | C28: Formato 1_Carta de presentación de la oferta | D28: El proponente allega el Formato 1 – Carta de Presentación de la Oferta, se encuentra suscrito por DANIEL ANDRES TORO GONZALEZ, Representante Legal acreditando el título de ingeniero civil con matrícula profesional No. 25202171061CND, aporta certificado del COPNIA vigente y T.P | K28: CONSULTA WEB
A29: 2.2 En caso de apoderado se anexa el poder otorgado en legal forma (artículo 5 del Decreto – Ley 019 de 2012), en el que se confiere al apoderado de manera clara y expresa facultades amplias y suficientes para actuar, obligar y responsabilizar a quien(es) representa en el trámite del proceso y en la suscripción del Contrato. | B29: NO APLICA | K29: PRESENTA
A30: 2.3 La oferta es presentada en el Secop II antes de la fecha y hora de cierre y allega el sobre. El proponente es plural lo hace como usuario plural en el Secop. | B30: CUMPLE | D30: Propuesta presentada el 20/04/2026 8:42 AM
A31: 1.9 Los documentos públicos otorgados en el exterior están apostillados o legalizados según corresponda | B31: NO APLICA
A32: CAPÍTULO III- REQUISITOS HABILITANTES Y VERIFICACIÓN
A33: 3.1 D. Los Proponentes obligados a estar inscritos en el Registro Único de Proponentes (RUP), deben aportar certificado con fecha de expedición no mayor a treinta (30) días calendario anteriores a la fecha de cierre del Proceso de Contratación. En caso de modificarse la fecha de cierre del Proceso, se tendrá como referencia para establecer el plazo de vigencia del certificado la fecha originalmente establecida en el Pliego de condiciones definitivo. | B33: NO CUMPLE | C33: Paquete_Formato4_EEFF_RUP | D33: El Proponente aporta RUP con fecha de expedición del 14 de agosto de 2024, con renovación año 2024. No acredita la renovación del año 2026, como lo señala el articulo 2.2.1.1.1.5.1 del Decreto 1082 de 2015
A34: INHABILIDADES
A35: 3.2 C.- No estar incursos en ninguna de las circunstancias de inhabilidad, incompatibilidad, conflicto de interés o prohibición para contratar previstas en la Constitución y en la ley (Artículo 4 del Acto Legislativo 01 de 2009, que modificó el artículo 122 de la Constitución Política de Colombia: Condena patromonio del estado) Artículos 8º y 9º de la Ley 80 de 1993 (incluye modificaciones Art. 18 de la Ley 1150 de 2007 y Artículos 1, 2, 4 , 5, 27, Parágrafo 2 articulo 84 , artículo 90 de la ley 1474 del 2011 (revisión en el RUP). Incluye consulta en REDAM (Ley 2097 de 2021) | B35: NO CUMPLE | C35: UNICO_PDF_ANTECEDENTES_v2 | D35: El Proponente no aporta el documento de identidad del representante legal de la persona juridica. En consecuencia no es posible realizar la consulta de los antecedentes.
A36: 3.2..- No estar incurso en conflicto de interés numeral 1.14 (Quienes hayan realizados los estudios y diseños de la obra cuyo proceso de selección se va a realizar). | B36: CUMPLE | C36: N/A | D36: Sin observaciones
A37: 3.2 D. No estar reportados en el último boletín de responsables fiscales vigentes publicado por la Contraloría General de la República. Esta disposición aplica para el Proponente e integrantes de un Proponente Plural con domicilio en Colombia. Tratándose de Proponentes Extranjeros sin domicilio o sin sucursal en Colombia, deben declarar que no son responsables fiscales por actividades ejercidas en Colombia en el pasado y que no tienen sanciones vigentes en Colombia que impliquen inhabilidad para contratar con el Estado. | B37: NO CUMPLE | C37: N/A | D37: El Proponente no aporta el documento de identidad del representante legal de la persona juridica. En consecuencia no es posible realizar la consulta de los antecedentes.
A38: 3.2 F.La Entidad ha consultado los antecedentes judiciales en línea en los registros de las bases de datos, al igual que los antecedentes fiscales acorde con el artículo 60 de la Ley 610 de 2000, los antecedentes disciplinarios conforme con el artículo 1 de la Ley 1238 de 2008, el Registro Nacional de Medidas Correctivas del Ministerio de Defensa Nacional – Policía Nacional, de acuerdo con lo dispuesto en el artículo 184 de la Ley 1801 de 2016 – Código Nacional de Seguridad y Convivencia Ciudadana y el proponente no registra antecedentes. | B38: NO CUMPLE | C38: N/A | D38: El Proponente no aporta el documento de identidad del representante legal de la persona juridica. En consecuencia no es posible realizar la consulta de los antecedentes.
A39: EXISTENCIA Y REPRESENTACION LEGAL
A40: Personas naturales
A41: 3.3.1.Persona natural de nacionalidad colombiana: cédula de ciudadanía.
A42: Persona natural extranjera con residencia en Colombia: cédula de extranjería vigente.
A43: Persona natural extranjera sin domicilio en Colombia: pasaporte.
A44: 3.4.El Proponente persona natural debe acreditar la afiliación a los sistemas de seguridad social en salud y pensiones, aportando los certificados de afiliación respectivos o con el certificado de pago de la correspondiente planilla, pero no será obligatoria la presentación de este último. Los certificados de afiliación deben presentarse con fecha de expedición no mayor a treinta (30) días calendario anteriores al cierre del Proceso de Contratación.
A45: Personas jurídicas
A46: A-El proponente nacional o con sucursal en Colombia allega : I-Certificado de existencia y representación legal expedido por la Cámara de Comercio o autoridad competente y la fecha de expedición del certificado no mayor a treinta (30) días calendario anteriores a la fecha de cierre del Proceso de Contratación. (En caso de modificarse la fecha de cierre del proceso, se tendrá como referencia para establecer el plazo de vigencia del certificado de existencia y representación legal la originalmente fijada en el Pliego de Condiciones.) | B46: NO CUMPLE | D46: El Proponente no aporta el certificado de existencia y representación legal
A47: El certificado de existencia acredita que el objeto de la sociedad permite ejecutar las actividades descritas en el objeto del Proceso de Contratación | B47: NO CUMPLE | D47: El Proponente no aporta el certificado de existencia y representación legal
A48: El certificado de existencia acredita que la duración no será inferior a la del plazo del contrato y un año más. | B48: NO CUMPLE | D48: El Proponente no aporta el certificado de existencia y representación legal
A49: Si el representante legal de la sociedad tiene restricciones para contraer obligaciones en nombre de la misma, acredita su capacidad a través de una autorización suficiente otorgada por el órgano social competente respectivo para cada caso. | B49: NO CUMPLE | D49: El Proponente no aporta el certificado de existencia y representación legal
A50: El certificado de existencia acredita el nombramiento del revisor fiscal en caso de que deba contar con uno.El certificado de existencia acredita el nombramiento del revisor fiscal en caso de que deba contar con uno. (Las sociedades comerciales que cumplan las siguientes condiciones:Poseer activos brutos al 31 de diciembre de 2026 iguales o superiores a 5.000 SMMLV (equivalentes aproximadamente a $7.117.500.000) o 580.000 UVB. Contar con ingresos brutos al 31 de diciembre de 2026 iguales o superiores a 3.000 SMMLV (equivalentes aproximadamente a $4.270.500.000) o 348.000 UVB | B50: NO CUMPLE | D50: El Proponente no aporta el certificado de existencia y representación legal
A51: El certificado de existencia acredita que las personas jurídicas extranjeras con actividades permanentes en Colombia (contratos de obra o servicios) deberán estar legalmente establecidas en el territorio nacional de acuerdo con los artículos 471 y 474 del Código de Comercio. | B51: NO APLICA
A52: III. Allega Certificación del revisor fiscal en caso de ser sociedad anónima colombiana, en la que conste si es abierta o cerrada. | B52: NO APLICA
A53: III. Fotocopia del documento de identificación del representante legal. (Y del suplente en caso que sea este quien firme la oferta) | B53: NO CUMPLE | C53: N/A | D53: El Proponente no aporta el documento de identidad del representante legal de la persona juridica.
A54: B. El proponentes Persona jurídica extranjera sin Sucursal o domicilio en Colombia: allega: Documentos que acredite la existencia y representación legal de la sociedad extranjera, presentados de conformidad con lo establecido en el Pliego de Condiciones, en el que debe constar, como mínimo, los aspectos del numeral 3.3.2.B del documento base. (Nombre o razón social completa Nombre del representante legal o de la persona facultada para comprometer a la persona jurídica; Que el objeto de la sociedad permita ejecutar las actividades descritas en el objeto del Proceso de Contratación; facultades del representante legal o de la persona designada para comprometer a la persona jurídica, en la que se señale expresamente que el representante no tiene limitaciones para contraer obligaciones en nombre de la misma o aportando la autorización o documento correspondiente del órgano social competente para cada caso; Tipo, número y fecha del documento de constitución o creación; Fecha y clase de documento por el cual se reconoce la personería jurídica; Acreditar que su duración no será inferior a la del plazo del contrato y un año más; Fotocopia del documento de identificación del representante legal. | B54: NO APLICA
A55: C. Entidades Estatales: Deben presentar los siguientes documentos para acreditar su existencia: Acto de creación de la Entidad Estatal. Este puede ser ley, decreto, ordenanza, acuerdo o certificado de existencia y representación legal (este último no mayor a treinta (30) días calendario anteriores a la fecha de cierre del proceso de selección) o documento equivalente que permita conocer la naturaleza jurídica, funciones, órganos de dirección o régimen jurídico de contratación de la Entidad Estatal y requisitos de este literal. | B55: NO APLICA
A56: 3.4.El Proponente persona jurídica debe presentar el Formato 6 – Pagos de seguridad social y aportes legales suscrito por el revisor fiscal, de acuerdo con los requerimientos de ley o por el representante legal, bajo la gravedad del juramento, cuando no se requiera revisor fiscal, en el que conste el pago de los aportes de sus empleados a los sistemas de salud, riesgos laborales, pensiones y aportes a las cajas de compensación familiar, al Instituto Colombiano de Bienestar Familiar, al Servicio Nacional de Aprendizaje y al Fondo Nacional de Formación Profesional para la Industria de Construcción, cuando a ello haya lugar. | B56: CUMPLE | C56: Formato 6_Pagos de seguridad social y aportes legales_2 | D56: Sin observaciones
A57: VERIFICACIÓN REQUISITOS PÓLIZA DE SERIEDAD DE LA OFERTA
A58: CUANTIA REQUERIDA | B58: 10% PO | C58: =IF(B14="NO",E12*10%,E23*10%) -> 72476103 | D58: VIGENCIA MÍNIMA | E58: =EDATE(D7,3) -> 46223
A59: ASEGURADORA | B59: # POLIZA Y ANEXO O CERTIFICADO Y FECHA DE EXPEDICION | C59: CUANTIA ASEGURADA | D59: VIGENCIA DESDE | E59: VIGENCIA HASTA
A60: ASEGURADORA SOLIDARIA DE COLOMBIA LTDA. | B60: 430 47 994000075799 | C60: 72476103 | D60: 46132 | E60: 46233
C63: =SUM(C60:C62) -> 72476103
A64: REQUISITO- NUMERAL DOCUMENTO BASE | B64: CUMPLE/NO CUMPLE | C64: ARCHIVO/FOLIOS | D64: OBSERVACIÓN
A65: 7.1 Presenta póliza de seriedad de la oferta a nombre del proponente y de la entidad estatal y esta cumple con la vigencia y cuantía mínima requeridas. | B65: CUMPLE | C65: 430-47-994000075799-0.PDF_1 | D65: La garantía de seriedad de la oferta cumple con los requisitos exigidos
A66: Póliza validada en el siguiente enlace: | B66: https://consultapoliza.segurosdelestado.com/consultapoliza/Home/ConsultarPoliza
A67: VERIFICACION CAUSALES DE RECHAZO
A68: LA OFERTA NO ESTÁ INCURSA EN LAS CAUSALES DE RECHAZO (NUMERAL 1.15) | B68: CUMPLE | C68: CAUSAL DE RECHAZO
L71: =+B73 -> 0
A73: RESULTADO DE LA EVALUACIÓN | E73: =IFERROR(IF(MATCH("NO CUMPLE",B27:B72,0)>0,"NO HABILITADA"),"HABILITADA") -> NO HABILITADA
A74: Proyectó: | B74: Revisó: | D74: Aprobó:
A75: #VALUE! | D75: #VALUE!
A76: OTTO GABRIEL FORERO | B76: RICARDO MOLINA | D76: JENNY CAROLINA VELANDÍA MARTINEZ
A77: Abogado Grupo de Convenios y Contratos | B77: Abogado Grupo de Convenios y Contratos | D77: =VLOOKUP(D76,[1]Hoja1!L1:M8,2,0) -> Coordinadora Grupo de Convenios y Contratos

Sheet 4
B1: ANÁLISIS JURÍDICO | E1: Código: F-GCC-030 Versión: 0 Fecha: 24/Oct/2014
